Workbook

Sheet Contents
A1: Supplementary Data (12 tables in total)
A3: 1 Results
A4: 1.1 Harmonized corporate carbon footprints
A5: 2 Calculations
A6: 2.1 Activity exclusion
A7: 2.2 Boundary incompleteness
A8: 2.3 Reporting inconsistency
A9: 2.4 Carbon intensities
A10: 3 Input data
A11: 3.1 Emissions data
A12: 3.2 Emissions predictors
A13: 3.3 Minimum boundaries (scope 3 categories)
... A18: 4.3 CDP data_scope 3_2019

Sheet Remarks
A1: General Remarks
A3: Abbreviations
A4: CR | B4: Corporate report
A5: CDP | B5: Carbon Disclosure Project
A6: ITSS | B6: IT Software & Services
A7: THE | B7: Technology Hardware & Technology
A8: MWh | B8: Megawatt hour
A9: USD | B9: US dollars
A10: g CO2e | B10: gram CO2 equivalent
A11: t CO2e | B11: tons CO2 equivalent
A12: Mt CO2e | B12: megatons CO2 equivalent
A15: Definitions
A16: Scope 1 emissions | B16: Direct emissions from a company’s own activities
A17: Scope 2 emissions | B17: Emissions from the production of purchased energy
A18: Scope 3 emissions | B18: Emissions from up- and downstream activities along the value chain
A19: Reporting inconsistency | B19: Lower level of emission reported in CR than in the CDP response
A20: Boundary incompleteness | B20: Minimum boundaries set by the GHG Protocol are not met
A21: Activity exclusion | B21: Relevant scope 3 categories are entirely excluded
A24: General color code
B25: authors' calculation
B26: raw data
B27: values that appear in the main text
A28: light grey text | B28: only relevant to build diagrams and graphs

Sheet 1.1 Harmomized CCF
C3: Harmonized corporate carbon footprints | H3: GRI | I3: =IF('4.1 Corporate reports '!C69="In Accordance - Comprehensive",3,IF('4.1 Corporate reports '!C69="In Accordance - Core",2,IF('4.1 Corporate reports '!C69="Referenced",1,0))) -> 0 | J3: =IF('4.1 Corporate reports '!D69="In Accordance - Comprehensive",3,IF('4.1 Corporate reports '!D69="In Accordance - Core",2,IF('4.1 Corporate reports '!D69="Referenced",1,0))) -> 0 | K3: =IF('4.1 Corporate reports '!E69="In Accordance - Comprehensive",3,IF('4.1 Corporate reports '!E69="In Accordance - Core",2,IF('4.1 Corporate reports '!E69="Referenced",1,0))) -> 0 | L3: =IF('4.1 Corporate reports '!F69="In Accordance - Comprehensive",3,IF('4.1 Corporate reports '!F69="In Accordance - Core",2,IF('4.1 Corporate reports '!F69="Referenced",1,0))) -> 2 | M3: =IF('4.1 Corporate reports '!G69="In Accordance - Comprehensive",3,IF('4.1 Corporate reports '!G69="In Accordance - Core",2,IF('4.1 Corporate reports '!G69="Referenced",1,0))) -> 2 | N3: =IF('4.1 Corporate reports '!H69="In Accordance - Comprehensive",3,IF('4.1 Corporate reports '!H69="In Accordance - Core",2,IF('4.1 Corporate reports '!H69="Referenced",1,0))) -> 1 | O3: =IF('4.1 Corporate reports '!I69="In Accordance - Comprehensive",3,IF('4.1 Corporate reports '!I69="In Accordance - Core",2,IF('4.1 Corporate reports '!I69="Referenced",1,0))) -> 2 | P3: =IF('4.1 Corporate reports '!J69="In Accordance - Comprehensive",3,IF('4.1 Corporate reports '!J69="In Accordance - Core",2,IF('4.1 Corporate reports '!J69="Referenced",1,0))) -> 1 | ... BL3: =IF('4.1 Corporate reports '!BF69="In Accordance - Comprehensive",3,IF('4.1 Corporate reports '!BF69="In Accordance - Core",2,IF('4.1 Corporate reports '!BF69="Referenced",1,0))) -> 2
H4: SASB | I4: =IF('4.1 Corporate reports '!C70="x",1,0) -> 0 | J4: =IF('4.1 Corporate reports '!D70="x",1,0) -> 0 | K4: =IF('4.1 Corporate reports '!E70="x",1,0) -> 0 | L4: =IF('4.1 Corporate reports '!F70="x",1,0) -> 0 | M4: =IF('4.1 Corporate reports '!G70="x",1,0) -> 0 | N4: =IF('4.1 Corporate reports '!H70="x",1,0) -> 0 | O4: =IF('4.1 Corporate reports '!I70="x",1,0) -> 0 | P4: =IF('4.1 Corporate reports '!J70="x",1,0) -> 1 | ... BL4: =IF('4.1 Corporate reports '!BF70="x",1,0) -> 0
H5: IR | I5: =IF('4.1 Corporate reports '!C71="x",1,0) -> 0 | J5: =IF('4.1 Corporate reports '!D71="x",1,0) -> 0 | K5: =IF('4.1 Corporate reports '!E71="x",1,0) -> 0 | L5: =IF('4.1 Corporate reports '!F71="x",1,0) -> 0 | M5: =IF('4.1 Corporate reports '!G71="x",1,0) -> 1 | N5: =IF('4.1 Corporate reports '!H71="x",1,0) -> 0 | O5: =IF('4.1 Corporate reports '!I71="x",1,0) -> 0 | P5: =IF('4.1 Corporate reports '!J71="x",1,0) -> 0 | ... BL5: =IF('4.1 Corporate reports '!BF71="x",1,0) -> 0
I6: IT software & services (ITSS) companies | AE6: Technology Hardware & Equipment (THE) companies
F7: IT software & services (ITSS) | G7: Technology Hardware & Equipment (THE) | H7: All | I7: Microsoft | J7: Alphabet | K7: IBM | L7: Oracle | M7: SAP | N7: Accenture | O7: Tata Consultancy Services | P7: Salesforce.com | Q7: Adobe | R7: VMware | S7: Infosys | T7: Capgemini | U7: ATOS | V7: Intuit | W7: Wipro | X7: HCL Technologies | Y7: Synopsys | Z7: Tech Mahindra | AA7: ServiceNow | AB7: Autodesk | AC7: Shopify | AD7: Nomura Research Institute | AE7: Apple | AF7: Samsung Electronics | AG7: Cisco Systems | AH7: Hon Hai Precision | AI7: HP | AJ7: Dell Technologies | AK7: Hewlett Packard Enterprise | AL7: TE Connectivity | AM7: Fujitsu | AN7: Murata Manufacturing | AO7: Corning | AP7: Western Digital | AQ7: BOE Technology Group | AR7: Nokia | AS7: Kyocera | AT7: Lenovo Group | AU7: Ericsson | AV7: Amphenol | AW7: Seagate Technology | AX7: TDK | AY7: Samsung SDI | AZ7: NEC | BA7: NetApp | BB7: Hoya | BC7: Pegatron | BD7: Delta Electronics | BE7: OMRON | BF7: Flex | BG7: Compal Electronics | BH7: Jabil Circuit | BI7: Wistron | BJ7: Olympus | BK7: Arista Networks | BL7: Keysight Technologies
B9: Industry level | C9: Scope 1 emissions | E9: t CO2e | F9: =SUM(I9:AD9) -> 599571.82 | G9: =SUM(AE9:BL9) -> 14121269 | H9: =G9+F9 -> 14720841 | I9: ='3.1 Emission data'!E11 -> 90723 | J9: ='3.1 Emission data'!F11 -> 63521 | K9: ='3.1 Emission data'!G11 -> 124633 | L9: ='3.1 Emission data'!H11 -> 17084 | M9: ='3.1 Emission data'!I11 -> 144163 | N9: ='3.1 Emission data'!J11 -> 22183 | O9: ='3.1 Emission data'!K11 -> 27375 | P9: ='3.1 Emission data'!L11 -> 4701 | ... BL9: ='3.1 Emission data'!BH11 -> 7446.3
C10: Scope 2 emissions | E10: t CO2e | F10: =SUM(I10:AD10) -> 3966221.8 | G10: =SUM(AE10:BL10) -> 38885964 | H10: =G10+F10 -> 42852186 | I10: ='3.1 Emission data'!E12 -> 183329 | J10: ='3.1 Emission data'!F12 -> 684236 | K10: ='3.1 Emission data'!G12 -> 963304 | L10: ='3.1 Emission data'!H12 -> 362448 | M10: ='3.1 Emission data'!I12 -> 82538 | N10: ='3.1 Emission data'!J12 -> 218855 | O10: ='3.1 Emission data'!K12 -> 409991 | P10: ='3.1 Emission data'!L12 -> 157967 | ... BL10: ='3.1 Emission data'!BH12 -> 67089.3
C11: Scope 3 emissions from CR | E11: t CO2e | F11: =SUM(I11:AD11) -> 35442241 | G11: =SUM(AE11:BL11) -> 2.6742598e+08 | H11: =G11+F11 -> 3.0286822e+08 | I11: ='3.1 Emission data'!E17 -> 17334520 | J11: ='3.1 Emission data'!F17 -> 14279467 | K11: ='3.1 Emission data'!G17 -> 329409 | L11: ='3.1 Emission data'!H17 -> 0 | M11: ='3.1 Emission data'!I17 -> 507299 | N11: ='3.1 Emission data'!J17 -> 948756 | O11: ='3.1 Emission data'!K17 -> 0 | P11: ='3.1 Emission data'!L17 -> 155000 | ... BL11: ='3.1 Emission data'!BH17 -> 0
C12: Initial carbon footprint | E12: t CO2e | F12: =SUM(F9:F11) -> 40008035 | G12: =SUM(G9:G11) -> 3.2043321e+08 | H12: =G12+F12 -> 3.6044124e+08 | I12: =SUM(I9:I11) -> 17608572 | J12: =SUM(J9:J11) -> 15027224 | K12: =SUM(K9:K11) -> 1417346 | L12: =SUM(L9:L11) -> 379532 | M12: =SUM(M9:M11) -> 734000 | N12: =SUM(N9:N11) -> 1189794 | O12: =SUM(O9:O11) -> 437366 | P12: =SUM(P9:P11) -> 317668 | ... BL12: =SUM(BL9:BL11) -> 74535.6
C13: Omitted scope 3 emissions | E13: t CO2e | F13: =SUM(F14:F16) -> 39543593 | G13: =SUM(G14:G16) -> 3.5166781e+08 | H13: =G13+F13 -> 3.912114e+08 | I13: =I14+I15+I16 -> 760557.64 | J13: =J14+J15+J16 -> 292458.19 | K13: =K14+K15+K16 -> 7209306 | L13: =L14+L15+L16 -> 3480992.3 | M13: =M14+M15+M16 -> 12844959 | N13: =N14+N15+N16 -> 2036637.6 | O13: =O14+O15+O16 -> 2060444.2 | P13: =P14+P15+P16 -> 771306 | ... BL13: =BL14+BL15+BL16 -> 1669444.8
C14: Reporting inconsistency | E14: t CO2e | F14: =SUM(I14:AD14) -> 23897828 | G14: =SUM(AE14:BL14) -> 99821443 | H14: =G14+F14 -> 1.2371927e+08 | I14: ='2.3 Reporting inconsistency'!E10 -> 500000 | J14: ='2.3 Reporting inconsistency'!F10 -> 0 | K14: ='2.3 Reporting inconsistency'!G10 -> 1017293 | L14: ='2.3 Reporting inconsistency'!H10 -> 1766048 | M14: ='2.3 Reporting inconsistency'!I10 -> 12844959 | N14: ='2.3 Reporting inconsistency'!J10 -> 0 | O14: ='2.3 Reporting inconsistency'!K10 -> 708758 | P14: ='2.3 Reporting inconsistency'!L10 -> 771306 | ... BL14: ='2.3 Reporting inconsistency'!BH10 -> 56519.4
C15: Boundary incompleteness | E15: t CO2e | F15: =SUM(I15:AD15) -> 7792772 | G15: =SUM(AE15:BL15) -> 75305865 | H15: =G15+F15 -> 83098637 | I15: ='2.2 Boundary incompleteness'!E36 -> 240712.49 | J15: ='2.2 Boundary incompleteness'!F36 -> 0 | K15: ='2.2 Boundary incompleteness'!G36 -> 5415684.4 | L15: ='2.2 Boundary incompleteness'!H36 -> 96517.075 | M15: ='2.2 Boundary incompleteness'!I36 -> 0 | N15: ='2.2 Boundary incompleteness'!J36 -> 854621.28 | O15: ='2.2 Boundary incompleteness'!K36 -> 505784.33 | P15: ='2.2 Boundary incompleteness'!L36 -> 0 | ... BL15: ='2.2 Boundary incompleteness'!BH36 -> 0
C16: Activity exclusion | E16: t CO2e | F16: =SUM(I16:AD16) -> 7852993.7 | G16: =SUM(AE16:BL16) -> 1.765405e+08 | H16: =G16+F16 -> 1.843935e+08 | I16: ='2.1 Activity exclusion'!E36 -> 19845.158 | J16: ='2.1 Activity exclusion'!F36 -> 292458.19 | K16: ='2.1 Activity exclusion'!G36 -> 776328.62 | L16: ='2.1 Activity exclusion'!H36 -> 1618427.3 | M16: ='2.1 Activity exclusion'!I36 -> 0 | N16: ='2.1 Activity exclusion'!J36 -> 1182016.3 | O16: ='2.1 Activity exclusion'!K36 -> 845901.86 | P16: ='2.1 Activity exclusion'!L36 -> 0 | ... BL16: ='2.1 Activity exclusion'!BH36 -> 1612925.4
C17: Total scope 3 emissions | E17: t CO2e | F17: =F13+F11 -> 74985835 | G17: =G13+G11 -> 6.1909379e+08 | H17: =G17+F17 -> 6.9407962e+08 | I17: =SUM(I13+I11) -> 18095078 | J17: =SUM(J13+J11) -> 14571925 | K17: =SUM(K13+K11) -> 7538715 | L17: =SUM(L13+L11) -> 3480992.3 | M17: =SUM(M13+M11) -> 13352258 | N17: =SUM(N13+N11) -> 2985393.6 | O17: =SUM(O13+O11) -> 2060444.2 | P17: =SUM(P13+P11) -> 926306 | ... BL17: =SUM(BL13+BL11) -> 1669444.8
C18: Harmonized carbon footprint | E18: t CO2e | F18: =F17+F9+F10 -> 79551628 | G18: =G17+G9+G10 -> 6.7210102e+08 | H18: =G18+F18 -> 7.5165265e+08 | I18: =I17+I9+I10 -> 18369130 | J18: =J17+J9+J10 -> 15319682 | K18: =K17+K9+K10 -> 8626652 | L18: =L17+L9+L10 -> 3860524.3 | M18: =M17+M9+M10 -> 13578959 | N18: =N17+N9+N10 -> 3226431.6 | O18: =O17+O9+O10 -> 2497810.2 | P18: =P17+P9+P10 -> 1088974 | ... BL18: =BL17+BL9+BL10 -> 1743980.4
C20: Total increase from combined effect | F20: =(F18/SUM(F9:F11))-1 -> 0.98839129 | G20: =(G18/SUM(G9:G11))-1 -> 1.0974762 | H20: =(H18/SUM(H9:H11))-1 -> 1.085368
C21: Total increase due to reporting inconsistency | F21: =((F12+F14)/SUM(F9:F11))-1 -> 0.59732571 | G21: =G14/G12 -> 0.31152028 | H21: =H14/H12 -> 0.34324393
C22: Total increase due to boundary incompleteness | F22: =((F12+F15)/SUM(F9:F11))-1 -> 0.19478017 | G22: =G15/G12 -> 0.23501267 | H22: =H15/H12 -> 0.23054697
C23: Total increase due to acitivity exclusion | F23: =((F12+F16)/SUM(F9:F11))-1 -> 0.19628541 | G23: =G16/G$12 -> 0.55094321 | H23: =H16/H$12 -> 0.51157713
C25: Harmonized carbon footprint / Revenues | E25: g CO2e / USD | F25: =F18/SUM('3.2 Emission predictors'!E12:Z12)*POWER(10,6) -> 136.98691 | G25: =G18/SUM('3.2 Emission predictors'!AA12:BH12)*POWER(10,6) -> 488.5707 | H25: -
C26: Initial carbon footprint / Revenues | E26: g CO2e / USD | F26: =F12/SUM('3.2 Emission predictors'!E12:Z12)*POWER(10,6) -> 68.893338 | G26: =G12/SUM('3.2 Emission predictors'!AA12:BH12)*POWER(10,6) -> 232.93266 | H26: -
B28: Company level
C29: Median increase from combined effect | F29: =MEDIAN(I29:AD29) -> 2.5438951 | G29: =MEDIAN(AE29:BL29) -> 3.3335944 | H29: =MEDIAN(I29:BL29) -> 2.8829014 | I29: =(I18/SUM(I9:I11))-1 -> 0.043192466 | J29: =(J18/SUM(J9:J11))-1 -> 0.01946189 | K29: =(K18/SUM(K9:K11))-1 -> 5.0864828 | L29: =(L18/SUM(L9:L11))-1 -> 9.171802 | M29: =(M18/SUM(M9:M11))-1 -> 17.499944 | N29: =(N18/SUM(N9:N11))-1 -> 1.7117565 | O29: =(O18/SUM(O9:O11))-1 -> 4.7110296 | P29: =(P18/SUM(P9:P11))-1 -> 2.4280255 | ... BL29: =(BL18/SUM(BL9:BL11))-1 -> 22.397953
C30: Median increase due to reporting inconsistency among affected companies | F30: {=MEDIAN(IF(I30:AD30>0,I30:AD30))} -> 1.935203 | G30: {=MEDIAN(IF(AE30:BL30>0,AE30:BL30))} -> 0.75828732 | H30: {=MEDIAN(IF(I30:BL30>0,I30:BL30))} -> 1.7778588 | I30: =I14/I12 -> 0.028395261 | J30: =J14/J12 -> 0 | K30: =K14/K12 -> 0.717745 | L30: =L14/L12 -> 4.6532256 | M30: =M14/M12 -> 17.499944 | N30: =N14/N12 -> 0 | O30: =O14/O12 -> 1.6205146 | P30: =P14/P12 -> 2.4280255 | ... BL30: =BL14/BL12 -> 0.75828732
C31: Median increase due to boundary incompleteness among affected companies | F31: {=MEDIAN(IF(I31:AD31>0,I31:AD31))} -> 0.82864735 | G31: {=MEDIAN(IF(AE31:BL31>0,AE31:BL31))} -> 0.21178121 | H31: {=MEDIAN(IF(I31:BL31>0,I31:BL31))} -> 0.51942146 | I31: =I15/I12 -> 0.013670188 | J31: =J15/J12 -> 0 | K31: =K15/K12 -> 3.8210037 | L31: =L15/L12 -> 0.2543055 | M31: =M15/M12 -> 0 | N31: =N15/N12 -> 0.71829348 | O31: =O15/O12 -> 1.1564327 | P31: =P15/P12 -> 0 | ... AD31: =AD15/AD12 -> 0.93900122 | AE31: =AE15/AE$12 -> 0 | AF31: =AF15/AF12 -> 1.0469052 | AG31: =AG15/AG12 -> 25.048598 | AH31: =AH15/AH12 -> 0 | AI31: =AI15/AI12 -> 0.00045600841 | AJ31: =AJ15/AJ12 -> 0.80938174 | AK31: =AK15/AK12 -> 0 | AL31: =AL15/AL12 -> 0 | AM31: =AM15/AM12 -> 0.029793649 | ... BL31: =BL15/BL12 -> 0
C32: Median increase due to acitivity exclusion among affected comapnies | F32: {=MEDIAN(IF(I32:AD32>0,I32:AD32))} -> 1.1705417 | G32: {=MEDIAN(IF(AE32:BL32>0,AE32:BL32))} -> 0.31682922 | H32: {=MEDIAN(IF(I32:BL32>0,I32:BL32))} -> 0.91566465 | I32: =I16/I$12 -> 0.0011270169 | J32: =J16/J$12 -> 0.01946189 | K32: =K16/K$12 -> 0.54773402 | L32: =L16/L$12 -> 4.2642709 | M32: =M16/M$12 -> 0 | N32: =N16/N$12 -> 0.99346299 | O32: =O16/O$12 -> 1.9340824 | P32: =P16/P$12 -> 0 | ... BL32: =BL16/BL$12 -> 21.639665
C34: Median increase from combined effect (GRI - accordance) | F34: {=MEDIAN(IF($I$3:$AD$3>1,I29:AD29))} -> 6.9414158 | G34: {=MEDIAN(IF($AE$3:$BL$3>1,AE29:BL29))} -> 2.6631863 | H34: {=MEDIAN(IF($I$3:$BL$3>1,I29:BL29))} -> 4.1360902
C35: Median increase from combined effect (Non-GRI or GRI referenced) | F35: {=MEDIAN(IF($I$3:$AD$3<2,I29:AD29))} -> 2.069891 | G35: {=MEDIAN(IF($AE$3:$BL$3<2,AE29:BL29))} -> 3.9050736 | H35: {=MEDIAN(IF($I$3:$BL$3<2,I29:BL29))} -> 2.5438951
C36: Median increase from combined effect (SASB) | F36: {=MEDIAN(IF($I$4:$AD$4=1,I29:AD29))} -> 3.2976323 | G36: {=MEDIAN(IF($AE$4:$BL$4=1,AE29:BL29))} -> 4.8012891 | H36: {=MEDIAN(IF($I$4:$BL$4=1,I29:BL29))} -> 3.2976323
C37: Median increase from combined effect (Non-SASB) | F37: {=MEDIAN(IF($I$4:$AD$4=0,I29:AD29))} -> 2.5398839 | G37: {=MEDIAN(IF($AE$4:$BL$4=0,AE29:BL29))} -> 3.3335944 | H37: {=MEDIAN(IF($I$4:$BL$4=1,I29:BL29))} -> 3.2976323
C38: Median increase from combined effect (IR) | F38: {=MEDIAN(IF($I$5:$AD$5=1,I29:AD29))} -> 2.0543582 | G38: {=MEDIAN(IF($AE$5:$BL$5=1,AE29:BL29))} -> 3.9050736 | H38: {=MEDIAN(IF($I$5:$BL$5=1,I29:BL29))} -> 2.7630206
C39: Median increase from combined effect (Non-IR) | F39: {=MEDIAN(IF($I$5:$AD$5=0,I29:AD29))} -> 3.3658524 | G39: {=MEDIAN(IF($AE$5:$BL$5=0,AE29:BL29))} -> 2.8441233 | H39: {=MEDIAN(IF($I$5:$BL$5=0,I29:BL29))} -> 3.1104577
C41: Share of companies affected by all three error types | F41: =COUNTIFS(I30:AD30,">0",I31:AD31,">0",I32:AD32,">0")/COUNT(I29:AD29) -> 0.31818182 | G41: =COUNTIFS(AE30:BL30,">0",AE31:BL31,">0",AE32:BL32,">0")/COUNT(AE29:BL29) -> 0.20588235 | H41: =COUNTIFS(I30:BL30,">0",I31:BL31,">0",I32:BL32,">0")/COUNT(I29:BL29) -> 0.25
C42: Share of companies affected by two error types | F42: =(COUNTIFS(I30:AD30,">0",I31:AD31,">0",I32:AD32,"=0")+COUNTIFS(I30:AD30,"=0",I31:AD31,">0",I32:AD32,">0")+COUNTIFS(I30:AD30,">0",I31:AD31,"=0",I32:AD32,">0"))/COUNT(I29:AD29) -> 0.31818182 | G42: =(COUNTIFS(AE30:BL30,">0",AE31:BL31,">0",AE32:BL32,"=0")+COUNTIFS(AE30:BL30,"=0",AE31:BL31,">0",AE32:BL32,">0")+COUNTIFS(AE30:BL30,">0",AE31:BL31,"=0",AE32:BL32,">0"))/COUNT(AE29:BL29) -> 0.41176471 | H42: =(COUNTIFS(I30:BL30,">0",I31:BL31,">0",I32:BL32,"=0")+COUNTIFS(I30:BL30,"=0",I31:BL31,">0",I32:BL32,">0")+COUNTIFS(I30:BL30,">0",I31:BL31,"=0",I32:BL32,">0"))/COUNT(I29:BL29) -> 0.375
C43: Share of companies affected by one error type | F43: =(COUNTIFS(I30:AD30,">0",I31:AD31,"=0",I32:AD32,"=0")+COUNTIFS(I30:AD30,"=0",I31:AD31,">0",I32:AD32,"=0")+COUNTIFS(I30:AD30,"=0",I31:AD31,"=0",I32:AD32,">0"))/COUNT(I29:AD29) -> 0.36363636 | G43: =(COUNTIFS(AE30:BL30,">0",AE31:BL31,"=0",AE32:BL32,"=0")+COUNTIFS(AE30:BL30,"=0",AE31:BL31,">0",AE32:BL32,"=0")+COUNTIFS(AE30:BL30,"=0",AE31:BL31,"=0",AE32:BL32,">0"))/COUNT(AE29:BL29) -> 0.35294118 | H43: =(COUNTIFS(I30:BL30,">0",I31:BL31,"=0",I32:BL32,"=0")+COUNTIFS(I30:BL30,"=0",I31:BL31,">0",I32:BL32,"=0")+COUNTIFS(I30:BL30,"=0",I31:BL31,"=0",I32:BL32,">0"))/COUNT(I29:BL29) -> 0.35714286
C45: Harmonized carbon intensity | E45: g CO2e / USD | F45: =AVERAGE(I45:AD45) -> 125.78375 | G45: =AVERAGE(AE45:BK45) -> 704.976 | I45: ='2.1 Activity exclusion'!E33/'3.2 Emission predictors'!E12*POWER(10,6) -> 155.40719 | J45: ='2.1 Activity exclusion'!F33/'3.2 Emission predictors'!F12*POWER(10,6) -> 111.8225 | K45: ='2.1 Activity exclusion'!G33/'3.2 Emission predictors'!G12*POWER(10,6) -> 109.61438 | L45: ='2.1 Activity exclusion'!H33/'3.2 Emission predictors'!H12*POWER(10,6) -> 97.487989 | M45: ='2.1 Activity exclusion'!I33/'3.2 Emission predictors'!I12*POWER(10,6) -> 466.63089 | N45: ='2.1 Activity exclusion'!J33/'3.2 Emission predictors'!J12*POWER(10,6) -> 75.916037 | O45: ='2.1 Activity exclusion'!K33/'3.2 Emission predictors'!K12*POWER(10,6) -> 119.51245 | P45: ='2.1 Activity exclusion'!L33/'3.2 Emission predictors'!L12*POWER(10,6) -> 81.877744 | ... BL45: ='2.1 Activity exclusion'!BH33/'3.2 Emission predictors'!BH12*POWER(10,6) -> 449.71131
C46: Carbon intensity (scope 3 from CDP - after correctin RI) | E46: g CO2e / USD | F46: =AVERAGE(I46:AD46) -> 85.053595 | G46: =AVERAGE(AE46:BK46) -> 491.66794 | I46: ='2.4 Carbon intensities'!E76 -> 153.20281 | J46: ='2.4 Carbon intensities'!F76 -> 109.68777 | K46: ='2.4 Carbon intensities'!G76 -> 30.935693 | L46: ='2.4 Carbon intensities'!H76 -> 54.181313 | M46: ='2.4 Carbon intensities'!I76 -> 466.63089 | N46: ='2.4 Carbon intensities'!J76 -> 27.995153 | O46: ='2.4 Carbon intensities'!K76 -> 54.838469 | P46: ='2.4 Carbon intensities'!L76 -> 81.877744 | ... BL46: ='2.4 Carbon intensities'!BH76 -> 33.794482
C47: Initial carbon intensity | E47: g CO2e / USD | F47: =AVERAGE(I47:AD47) -> 35.607256 | G47: =AVERAGE(AE47:BK47) -> 356.04586 | I47: ='2.4 Carbon intensities'!E77 -> 148.97269 | J47: ='2.4 Carbon intensities'!F77 -> 109.68777 | K47: ='2.4 Carbon intensities'!G77 -> 18.009479 | L47: ='2.4 Carbon intensities'!H77 -> 9.5841414 | M47: ='2.4 Carbon intensities'!I77 -> 25.223368 | N47: ='2.4 Carbon intensities'!J77 -> 27.995153 | O47: ='2.4 Carbon intensities'!K77 -> 20.926603 | P47: ='2.4 Carbon intensities'!L77 -> 23.884812 | ... BL47: ='2.4 Carbon intensities'!BH77 -> 19.220113
I52: =INDEX($I$7:$AD$7,MATCH(LARGE($I$18:$AE$18,COLUMN(B18)),$I$18:$AE$18,0)) -> Microsoft | J52: =INDEX($I$7:$AD$7,MATCH(LARGE($I$18:$AE$18,COLUMN(C18)),$I$18:$AE$18,0)) -> Alphabet | K52: =INDEX($I$7:$AD$7,MATCH(LARGE($I$18:$AE$18,COLUMN(D18)),$I$18:$AE$18,0)) -> SAP | L52: =INDEX($I$7:$AD$7,MATCH(LARGE($I$18:$AE$18,COLUMN(E18)),$I$18:$AE$18,0)) -> IBM | M52: =INDEX($I$7:$AD$7,MATCH(LARGE($I$18:$AE$18,COLUMN(F18)),$I$18:$AE$18,0)) -> ATOS | N52: =INDEX($I$7:$AD$7,MATCH(LARGE($I$18:$AE$18,COLUMN(G18)),$I$18:$AE$18,0)) -> Oracle | O52: =INDEX($I$7:$AD$7,MATCH(LARGE($I$18:$AE$18,COLUMN(H18)),$I$18:$AE$18,0)) -> Accenture | P52: =INDEX($I$7:$AD$7,MATCH(LARGE($I$18:$AE$18,COLUMN(I18)),$I$18:$AE$18,0)) -> Tata Consultancy Services | ... AD52: =INDEX($I$7:$AD$7,MATCH(LARGE($I$18:$AE$18,COLUMN(W18)),$I$18:$AE$18,0)) -> Intuit | AE52: =INDEX($AE$7:$BL$7,MATCH(LARGE($AE$18:$BL$18,COLUMN(A18)),$AE$18:$BL$18,0)) -> Samsung Electronics | AF52: =INDEX($AE$7:$BL$7,MATCH(LARGE($AE$18:$BL$18,COLUMN(B18)),$AE$18:$BL$18,0)) -> Hon Hai Precision | AG52: =INDEX($AE$7:$BL$7,MATCH(LARGE($AE$18:$BL$18,COLUMN(C18)),$AE$18:$BL$18,0)) -> HP | AH52: =INDEX($AE$7:$BL$7,MATCH(LARGE($AE$18:$BL$18,COLUMN(D18)),$AE$18:$BL$18,0)) -> Cisco Systems | AI52: =INDEX($AE$7:$BL$7,MATCH(LARGE($AE$18:$BL$18,COLUMN(E18)),$AE$18:$BL$18,0)) -> Nokia | AJ52: =INDEX($AE$7:$BL$7,MATCH(LARGE($AE$18:$BL$18,COLUMN(F18)),$AE$18:$BL$18,0)) -> Ericsson | AK52: =INDEX($AE$7:$BL$7,MATCH(LARGE($AE$18:$BL$18,COLUMN(G18)),$AE$18:$BL$18,0)) -> Dell Technologies | AL52: =INDEX($AE$7:$BL$7,MATCH(LARGE($AE$18:$BL$18,COLUMN(H18)),$AE$18:$BL$18,0)) -> Apple | ... BL52: =INDEX($AE$7:$BL$7,MATCH(LARGE($AE$18:$BL$18,COLUMN(AH18)),$AE$18:$BL$18,0)) -> Olympus
G53: Initial carbon footprint | I53: =HLOOKUP(I$52,$I$7:$AD$47,6,FALSE) -> 17608572 | J53: =HLOOKUP(J$52,$I$7:$AD$47,6,FALSE) -> 15027224 | K53: =HLOOKUP(K$52,$I$7:$AD$47,6,FALSE) -> 734000 | L53: =HLOOKUP(L$52,$I$7:$AD$47,6,FALSE) -> 1417346 | M53: =HLOOKUP(M$52,$I$7:$AD$47,6,FALSE) -> 94058 | N53: =HLOOKUP(N$52,$I$7:$AD$47,6,FALSE) -> 379532 | O53: =HLOOKUP(O$52,$I$7:$AD$47,6,FALSE) -> 1189794 | P53: =HLOOKUP(P$52,$I$7:$AD$47,6,FALSE) -> 437366 | ... AD53: =HLOOKUP(AD$52,$I$7:$AD$47,6,FALSE) -> 9667 | AE53: =HLOOKUP(AE$52,$AE$7:$BL$46,6,FALSE) -> 31081000 | AF53: =HLOOKUP(AF$52,$AE$7:$BL$46,6,FALSE) -> 8400975.8 | AG53: =HLOOKUP(AG$52,$AE$7:$BL$46,6,FALSE) -> 48679600 | AH53: =HLOOKUP(AH$52,$AE$7:$BL$46,6,FALSE) -> 246312 | AI53: =HLOOKUP(AI$52,$AE$7:$BL$46,6,FALSE) -> 45176327 | AJ53: =HLOOKUP(AJ$52,$AE$7:$BL$46,6,FALSE) -> 32225090 | AK53: =HLOOKUP(AK$52,$AE$7:$BL$46,6,FALSE) -> 18015427 | AL53: =HLOOKUP(AL$52,$AE$7:$BL$46,6,FALSE) -> 25133820 | ... BL53: =HLOOKUP(BL$52,$AE$7:$BL$46,6,FALSE) -> 146238
G54: Reporting inconsistency | I54: =HLOOKUP(I$52,$I$7:$AD$47,8,FALSE) -> 500000 | J54: =HLOOKUP(J$52,$I$7:$AD$47,8,FALSE) -> 0 | K54: =HLOOKUP(K$52,$I$7:$AD$47,8,FALSE) -> 12844959 | L54: =HLOOKUP(L$52,$I$7:$AD$47,8,FALSE) -> 1017293 | M54: =HLOOKUP(M$52,$I$7:$AD$47,8,FALSE) -> 5228379 | N54: =HLOOKUP(N$52,$I$7:$AD$47,8,FALSE) -> 1766048 | O54: =HLOOKUP(O$52,$I$7:$AD$47,8,FALSE) -> 0 | P54: =HLOOKUP(P$52,$I$7:$AD$47,8,FALSE) -> 708758 | ... AD54: =HLOOKUP(AD$52,$I$7:$AD$47,8,FALSE) -> 28459 | AE54: =HLOOKUP(AE$52,$AE$7:$BL$46,8,FALSE) -> 22326000 | AF54: =HLOOKUP(AF$52,$AE$7:$BL$46,8,FALSE) -> 0 | AG54: =HLOOKUP(AG$52,$AE$7:$BL$46,8,FALSE) -> 0 | AH54: =HLOOKUP(AH$52,$AE$7:$BL$46,8,FALSE) -> 39520558 | AI54: =HLOOKUP(AI$52,$AE$7:$BL$46,8,FALSE) -> 0 | AJ54: =HLOOKUP(AJ$52,$AE$7:$BL$46,8,FALSE) -> 0 | AK54: =HLOOKUP(AK$52,$AE$7:$BL$46,8,FALSE) -> 0 | AL54: =HLOOKUP(AL$52,$AE$7:$BL$46,8,FALSE) -> 0 | ... BL54: =HLOOKUP(BL$52,$AE$7:$BL$46,8,FALSE) -> 440053
G55: Boundary incompleteness | I55: =HLOOKUP(I$52,$I$7:$AD$47,9,FALSE) -> 240712.49 | J55: =HLOOKUP(J$52,$I$7:$AD$47,9,FALSE) -> 0 | K55: =HLOOKUP(K$52,$I$7:$AD$47,9,FALSE) -> 0 | L55: =HLOOKUP(L$52,$I$7:$AD$47,9,FALSE) -> 5415684.4 | M55: =HLOOKUP(M$52,$I$7:$AD$47,9,FALSE) -> 0 | N55: =HLOOKUP(N$52,$I$7:$AD$47,9,FALSE) -> 96517.075 | O55: =HLOOKUP(O$52,$I$7:$AD$47,9,FALSE) -> 854621.28 | P55: =HLOOKUP(P$52,$I$7:$AD$47,9,FALSE) -> 505784.33 | ... AD55: =HLOOKUP(AD$52,$I$7:$AD$47,9,FALSE) -> 0 | AE55: =HLOOKUP(AE$52,$AE$7:$BL$46,9,FALSE) -> 32538860 | AF55: =HLOOKUP(AF$52,$AE$7:$BL$46,9,FALSE) -> 0 | AG55: =HLOOKUP(AG$52,$AE$7:$BL$46,9,FALSE) -> 22198.307 | AH55: =HLOOKUP(AH$52,$AE$7:$BL$46,9,FALSE) -> 6169770.3 | AI55: =HLOOKUP(AI$52,$AE$7:$BL$46,9,FALSE) -> 81938.035 | AJ55: =HLOOKUP(AJ$52,$AE$7:$BL$46,9,FALSE) -> 0 | AK55: =HLOOKUP(AK$52,$AE$7:$BL$46,9,FALSE) -> 14581358 | AL55: =HLOOKUP(AL$52,$AE$7:$BL$46,9,FALSE) -> 0 | ... BL55: =HLOOKUP(BL$52,$AE$7:$BL$46,9,FALSE) -> 0
G56: Activity exclusion | I56: =HLOOKUP(I$52,$I$7:$AD$47,10,FALSE) -> 19845.158 | J56: =HLOOKUP(J$52,$I$7:$AD$47,10,FALSE) -> 292458.19 | K56: =HLOOKUP(K$52,$I$7:$AD$47,10,FALSE) -> 0 | L56: =HLOOKUP(L$52,$I$7:$AD$47,10,FALSE) -> 776328.62 | M56: =HLOOKUP(M$52,$I$7:$AD$47,10,FALSE) -> 5582.9016 | N56: =HLOOKUP(N$52,$I$7:$AD$47,10,FALSE) -> 1618427.3 | O56: =HLOOKUP(O$52,$I$7:$AD$47,10,FALSE) -> 1182016.3 | P56: =HLOOKUP(P$52,$I$7:$AD$47,10,FALSE) -> 845901.86 | ... AD56: =HLOOKUP(AD$52,$I$7:$AD$47,10,FALSE) -> 24171.269 | AE56: =HLOOKUP(AE$52,$AE$7:$BL$46,10,FALSE) -> 0 | AF56: =HLOOKUP(AF$52,$AE$7:$BL$46,10,FALSE) -> 77348363 | AG56: =HLOOKUP(AG$52,$AE$7:$BL$46,10,FALSE) -> 42156.222 | AH56: =HLOOKUP(AH$52,$AE$7:$BL$46,10,FALSE) -> 0 | AI56: =HLOOKUP(AI$52,$AE$7:$BL$46,10,FALSE) -> 264193.63 | AJ56: =HLOOKUP(AJ$52,$AE$7:$BL$46,10,FALSE) -> 5249984.6 | AK56: =HLOOKUP(AK$52,$AE$7:$BL$46,10,FALSE) -> 1672593.8 | AL56: =HLOOKUP(AL$52,$AE$7:$BL$46,10,FALSE) -> 4120984.7 | ... BL56: =HLOOKUP(BL$52,$AE$7:$BL$46,10,FALSE) -> 14167.803
G57: Harmonized carbon intesity | I57: =HLOOKUP(I$52,$I$7:$AD$47,27,FALSE) -> 0 | J57: =HLOOKUP(J$52,$I$7:$AD$47,27,FALSE) -> 0 | K57: =HLOOKUP(K$52,$I$7:$AD$47,27,FALSE) -> 0 | L57: =HLOOKUP(L$52,$I$7:$AD$47,27,FALSE) -> 0 | M57: =HLOOKUP(M$52,$I$7:$AD$47,27,FALSE) -> 0 | N57: =HLOOKUP(N$52,$I$7:$AD$47,27,FALSE) -> 0 | O57: =HLOOKUP(O$52,$I$7:$AD$47,27,FALSE) -> 0 | P57: =HLOOKUP(P$52,$I$7:$AD$47,27,FALSE) -> 0 | ... AD57: =HLOOKUP(AD$52,$I$7:$AD$47,27,FALSE) -> 0 | AE57: =HLOOKUP(AE$52,$AE$7:$BL$46,27,FALSE) -> 0 | AF57: =HLOOKUP(AF$52,$AE$7:$BL$46,27,FALSE) -> 0 | AG57: =HLOOKUP(AG$52,$AE$7:$BL$46,27,FALSE) -> 0 | AH57: =HLOOKUP(AH$52,$AE$7:$BL$46,27,FALSE) -> 0 | AI57: =HLOOKUP(AI$52,$AE$7:$BL$46,27,FALSE) -> 0 | AJ57: =HLOOKUP(AJ$52,$AE$7:$BL$46,27,FALSE) -> 0 | AK57: =HLOOKUP(AK$52,$AE$7:$BL$46,27,FALSE) -> 0 | AL57: =HLOOKUP(AL$52,$AE$7:$BL$46,27,FALSE) -> 0 | ... BL57: =HLOOKUP(BL$52,$AE$7:$BL$46,27,FALSE) -> 0
G58: Initial carbon intensity | I58: =HLOOKUP(I$52,$I$7:$AD$47,29,FALSE) -> 0 | J58: =HLOOKUP(J$52,$I$7:$AD$47,29,FALSE) -> 0 | K58: =HLOOKUP(K$52,$I$7:$AD$47,29,FALSE) -> 0 | L58: =HLOOKUP(L$52,$I$7:$AD$47,29,FALSE) -> 0 | M58: =HLOOKUP(M$52,$I$7:$AD$47,29,FALSE) -> 0 | N58: =HLOOKUP(N$52,$I$7:$AD$47,29,FALSE) -> 0 | O58: =HLOOKUP(O$52,$I$7:$AD$47,29,FALSE) -> 0 | P58: =HLOOKUP(P$52,$I$7:$AD$47,29,FALSE) -> 0 | ... AD58: =HLOOKUP(AD$52,$I$7:$AD$47,29,FALSE) -> 0 | AE58: =HLOOKUP(AE$52,$AE$7:$BL$47,29,FALSE) -> 0 | AF58: =HLOOKUP(AF$52,$AE$7:$BL$47,29,FALSE) -> 0 | AG58: =HLOOKUP(AG$52,$AE$7:$BL$47,29,FALSE) -> 0 | AH58: =HLOOKUP(AH$52,$AE$7:$BL$47,29,FALSE) -> 0 | AI58: =HLOOKUP(AI$52,$AE$7:$BL$47,29,FALSE) -> 0 | AJ58: =HLOOKUP(AJ$52,$AE$7:$BL$47,29,FALSE) -> 0 | AK58: =HLOOKUP(AK$52,$AE$7:$BL$47,29,FALSE) -> 0 | AL58: =HLOOKUP(AL$52,$AE$7:$BL$47,29,FALSE) -> 0 | ... BL58: =HLOOKUP(BL$52,$AE$7:$BL$47,29,FALSE) -> 0

Sheet 2.1 Activity exclusion
C3: Activity exclusion
D5: Excluded and newly calculated categories | E5: IT software & services (ITSS) companies | AA5: Technology Hardware & Equipment (THE) companies
C7: Company | E7: ='3.1 Emission data'!E7 -> Microsoft Corporation | F7: ='3.1 Emission data'!F7 -> Alphabet, Inc. | G7: ='3.1 Emission data'!G7 -> International Business Machines (IBM) | H7: ='3.1 Emission data'!H7 -> Oracle Corporation | I7: ='3.1 Emission data'!I7 -> SAP SE | J7: ='3.1 Emission data'!J7 -> Accenture | K7: ='3.1 Emission data'!K7 -> Tata Consultancy Services | L7: ='3.1 Emission data'!L7 -> Salesforce.com, Inc. | ... BH7: ='3.1 Emission data'!BH7 -> Keysight Technologies Inc
C8: Reporting period | E8: ='3.1 Emission data'!E8 -> 2017-07-01 | F8: ='3.1 Emission data'!F8 -> 2018-01-01 | G8: ='3.1 Emission data'!G8 -> 2018-01-01 | H8: ='3.1 Emission data'!H8 -> 2018-01-01 | I8: ='3.1 Emission data'!I8 -> 2018-01-01 | J8: ='3.1 Emission data'!J8 -> 2017-09-01 | K8: ='3.1 Emission data'!K8 -> 2018-04-01 | L8: ='3.1 Emission data'!L8 -> 2018-02-01 | ... BH8: ='3.1 Emission data'!BH8 -> 2017-11-01
E9: ='3.1 Emission data'!E9 -> 2018-06-30 | F9: ='3.1 Emission data'!F9 -> 2018-12-31 | G9: ='3.1 Emission data'!G9 -> 2018-12-31 | H9: ='3.1 Emission data'!H9 -> 2018-12-31 | I9: ='3.1 Emission data'!I9 -> 2018-12-31 | J9: ='3.1 Emission data'!J9 -> 2018-08-31 | K9: ='3.1 Emission data'!K9 -> 2019-03-31 | L9: ='3.1 Emission data'!L9 -> 2019-01-31 | ... BH9: ='3.1 Emission data'!BH9 -> 2018-10-31
E10: t CO2e | F10: t CO2e | G10: t CO2e | H10: t CO2e | I10: t CO2e | J10: t CO2e | K10: t CO2e | L10: t CO2e | M10: t CO2e | N10: t CO2e | O10: t CO2e | P10: t CO2e | Q10: t CO2e | R10: t CO2e | S10: t CO2e | T10: t CO2e | U10: t CO2e | V10: t CO2e | W10: t CO2e | X10: t CO2e | Y10: t CO2e | Z10: t CO2e | AA10: t CO2e | AB10: t CO2e | AC10: t CO2e | AD10: t CO2e | AE10: t CO2e | AF10: t CO2e | AG10: t CO2e | AH10: t CO2e | AI10: t CO2e | AJ10: t CO2e | AK10: t CO2e | AL10: t CO2e | AM10: t CO2e | AN10: t CO2e | AO10: t CO2e | AP10: t CO2e | AQ10: t CO2e | AR10: t CO2e | AS10: t CO2e | AT10: t CO2e | AU10: t CO2e | AV10: t CO2e | AW10: t CO2e | AX10: t CO2e | AY10: t CO2e | AZ10: t CO2e | BA10: t CO2e | BB10: t CO2e | BC10: t CO2e | BD10: t CO2e | BE10: t CO2e | BF10: t CO2e | BG10: t CO2e | BH10: t CO2e
C11: Scope 1 emissions | E11: ='3.1 Emission data'!E11 -> 90723 | F11: ='3.1 Emission data'!F11 -> 63521 | G11: ='3.1 Emission data'!G11 -> 124633 | H11: ='3.1 Emission data'!H11 -> 17084 | I11: ='3.1 Emission data'!I11 -> 144163 | J11: ='3.1 Emission data'!J11 -> 22183 | K11: ='3.1 Emission data'!K11 -> 27375 | L11: ='3.1 Emission data'!L11 -> 4701 | ... BH11: ='3.1 Emission data'!BH11 -> 7446.3
C12: Scope 2 emissions | E12: ='3.1 Emission data'!E12 -> 183329 | F12: ='3.1 Emission data'!F12 -> 684236 | G12: ='3.1 Emission data'!G12 -> 963304 | H12: ='3.1 Emission data'!H12 -> 362448 | I12: ='3.1 Emission data'!I12 -> 82538 | J12: ='3.1 Emission data'!J12 -> 218855 | K12: ='3.1 Emission data'!K12 -> 409991 | L12: ='3.1 Emission data'!L12 -> 157967 | ... BH12: ='3.1 Emission data'!BH12 -> 67089.3
D13: market-based | E13: ='3.1 Emission data'!E13 -> 183329 | F13: ='3.1 Emission data'!F13 -> 684236 | G13: ='3.1 Emission data'!G13 -> 963304 | H13: ='3.1 Emission data'!H13 -> 362448 | I13: ='3.1 Emission data'!I13 -> 82538 | J13: ='3.1 Emission data'!J13 -> 218855 | K13: ='3.1 Emission data'!K13 -> 409991 | L13: ='3.1 Emission data'!L13 -> 157967 | ... BH13: ='3.1 Emission data'!BH13 -> 0
D14: location-based | E14: ='3.1 Emission data'!E14 -> 3000523 | F14: ='3.1 Emission data'!F14 -> 4344686 | G14: ='3.1 Emission data'!G14 -> 1133030 | H14: ='3.1 Emission data'!H14 -> 489917 | I14: ='3.1 Emission data'!I14 -> 157086 | J14: ='3.1 Emission data'!J14 -> 282026 | K14: ='3.1 Emission data'!K14 -> 453391 | L14: ='3.1 Emission data'!L14 -> 280961 | ... BH14: ='3.1 Emission data'!BH14 -> 67089.3
C15: Total Scope 1+2 emissions | E15: ='3.1 Emission data'!E15 -> 274052 | F15: ='3.1 Emission data'!F15 -> 747757 | G15: ='3.1 Emission data'!G15 -> 1087937 | H15: ='3.1 Emission data'!H15 -> 379532 | I15: ='3.1 Emission data'!I15 -> 226701 | J15: ='3.1 Emission data'!J15 -> 241038 | K15: ='3.1 Emission data'!K15 -> 437366 | L15: ='3.1 Emission data'!L15 -> 162668 | ... BH15: ='3.1 Emission data'!BH15 -> 74535.6
C16: Scope 3 emissions | E16: =SUM(E17:E32) -> 18095078 | F16: =SUM(F17:F32) -> 14571925 | G16: =SUM(G17:G32) -> 7538715 | H16: =SUM(H17:H32) -> 3480992.3 | I16: =SUM(I17:I32) -> 13352258 | J16: =SUM(J17:J32) -> 2985393.6 | K16: =SUM(K17:K32) -> 2060444.2 | L16: =SUM(L17:L32) -> 926306 | ... BH16: =SUM(BH17:BH32) -> 1669444.8 | BJ16: Breakdown of harmonized emissions | BL16: Absolute harmonized emissions by category | BN16: Absolute total increase by category | BU16: ITSS | BV16: THE
C17: Upstream | D17: Purchased goods and services | E17: ='2.2 Boundary incompleteness'!E17 -> 11000000 | F17: ='2.2 Boundary incompleteness'!F17 -> 7566397.9 | G17: ='2.2 Boundary incompleteness'!G17 -> 2465947.6 | H17: ='2.2 Boundary incompleteness'!H17 -> 1355224 | I17: ='2.2 Boundary incompleteness'!I17 -> 713864 | J17: ='2.2 Boundary incompleteness'!J17 -> 1308449.3 | K17: ='2.2 Boundary incompleteness'!K17 -> 559449.89 | L17: ='2.2 Boundary incompleteness'!L17 -> 406579 | ... N17: ='2.2 Boundary incompleteness'!N17 -> 204427 | O17: ='2.4 Carbon intensities'!$J8*'3.2 Emission predictors'!O$31/POWER(10,6) -> 333054.22 | P17: ='2.2 Boundary incompleteness'!P17 -> 501692.68 | Q17: ='2.2 Boundary incompleteness'!Q17 -> 3282922.9 | R17: ='2.2 Boundary incompleteness'!R17 -> 3480 | S17: ='2.2 Boundary incompleteness'!S17 -> 82246 | T17: ='2.4 Carbon intensities'!$J8*'3.2 Emission predictors'!T$31/POWER(10,6) -> 233778.92 | U17: ='2.4 Carbon intensities'!$J8*'3.2 Emission predictors'!U$31/POWER(10,6) -> 95940.103 | V17: ='2.2 Boundary incompleteness'!V17 -> 147994.98 | W17: ='2.4 Carbon intensities'!$J8*'3.2 Emission predictors'!W$31/POWER(10,6) -> 97001.794 | X17: ='2.2 Boundary incompleteness'!X17 -> 104637 | Y17: ='2.4 Carbon intensities'!$J8*'3.2 Emission predictors'!Y$31/POWER(10,6) -> 42629.659 | Z17: ='2.2 Boundary incompleteness'!Z17 -> 84470.44 | AA17: ='2.2 Boundary incompleteness'!AA17 -> 18500000 | AB17: ='2.2 Boundary incompleteness'!AB17 -> 33775286 | AC17: ='2.2 Boundary incompleteness'!AC17 -> 7324452.3 | AD17: ='2.4 Carbon intensities'!$J$29*'3.2 Emission predictors'!AD31/POWER(10,6) -> 34389362 | AE17: ='2.2 Boundary incompleteness'!AE17 -> 18600000 | AF17: ='2.2 Boundary incompleteness'!AF17 -> 18252241 | AG17: ='2.2 Boundary incompleteness'!AG17 -> 2272300 | AH17: ='2.4 Carbon intensities'!$J$29*'3.2 Emission predictors'!AH31/POWER(10,6) -> 2312984.9 | AI17: ='2.2 Boundary incompleteness'!AI17 -> 1840000 | AJ17: ='2.2 Boundary incompleteness'!AJ17 -> 3379889 | AK17: ='2.4 Carbon intensities'!$J$29*'3.2 Emission predictors'!AK31/POWER(10,6) -> 1648572.6 | AL17: ='2.4 Carbon intensities'!$J$29*'3.2 Emission predictors'!AL31/POWER(10,6) -> 3295773.3 | AM17: ='2.2 Boundary incompleteness'!AM17 -> 2706894 | AN17: ='2.2 Boundary incompleteness'!AN17 -> 5365938 | AO17: ='2.2 Boundary incompleteness'!AO17 -> 3645685 | AP17: ='2.2 Boundary incompleteness'!AP17 -> 10021171 | AQ17: ='2.4 Carbon intensities'!$J$29*'3.2 Emission predictors'!AQ31/POWER(10,6) -> 4803131.9 | AR17: ='2.4 Carbon intensities'!$J$29*'3.2 Emission predictors'!AR31/POWER(10,6) -> 1240692.6 | AS17: ='2.2 Boundary incompleteness'!AS17 -> 1200000 | AT17: ='2.2 Boundary incompleteness'!AT17 -> 7964779 | AU17: ='2.2 Boundary incompleteness'!AU17 -> 1380235.6 | AV17: ='2.2 Boundary incompleteness'!AV17 -> 5122610.4 | AW17: ='2.2 Boundary incompleteness'!AW17 -> 997509.92 | AX17: ='2.4 Carbon intensities'!$J$29*'3.2 Emission predictors'!AX31/POWER(10,6) -> 644724.4 | AY17: ='2.4 Carbon intensities'!$J$29*'3.2 Emission predictors'!AY31/POWER(10,6) -> 8844471.6 | AZ17: ='2.2 Boundary incompleteness'!AZ17 -> 1432998.9 | BA17: ='2.2 Boundary incompleteness'!BA17 -> 2275908 | BB17: ='2.4 Carbon intensities'!$J$29*'3.2 Emission predictors'!BB31/POWER(10,6) -> 5134673.8 | BC17: ='2.2 Boundary incompleteness'!BC17 -> 8351229 | BD17: ='2.4 Carbon intensities'!$J$29*'3.2 Emission predictors'!BD31/POWER(10,6) -> 3652695.9 | BE17: ='2.4 Carbon intensities'!$J$29*'3.2 Emission predictors'!BE31/POWER(10,6) -> 5859409.5 | BF17: ='2.2 Boundary incompleteness'!BF17 -> 83100 | BG17: ='2.2 Boundary incompleteness'!BG17 -> 106760 | BH17: ='2.4 Carbon intensities'!$J$29*'3.2 Emission predictors'!BH31/POWER(10,6) -> 706477.41 | BJ17: =SUM(E17:Z17)/SUM($E$16:$Z$16) -> 0.41273947 | BK17: =SUM(AA17:BH17)/SUM($AA$16:$BH$16) -> 0.36687811 | BL17: =SUM(E17:Z17) -> 30949614 | BM17: =SUM(AA17:BH17) -> 2.2713196e+08 | BN17: =BL17-'3.1 Emission data'!BN18 -> 10616401 | BO17: =BM17-'3.1 Emission data'!BO18 -> 1.5379126e+08 | BR17: =INDEX($D$17:$D$25,MATCH(LARGE($BN$17:$BN$25,ROW(BN1)),$BN$17:$BN$25,0)) -> Purchased goods and services | BS17: =VLOOKUP(BR17,$D$17:$BN$32,63,FALSE) -> 10616401 | BT17: =VLOOKUP(BR17,$D$17:$BO$32,64,FALSE) -> 1.5379126e+08 | BU17: =BS17/$BS$33 -> 0.26847336 | BV17: =BT17/$BT$33 -> 0.43731971 | BY17: Purchased goods and services (upstream) | BZ17: =BS17 -> 10616401 | CA17: =BT17 -> 1.5379126e+08
D18: Capital goods | E18: ='2.2 Boundary incompleteness'!E18 -> 500000 | F18: ='2.2 Boundary incompleteness'!F18 -> 2422000 | G18: ='2.4 Carbon intensities'!$J$9*'3.2 Emission predictors'!G14/POWER(10,6) -> 661323.33 | H18: ='2.2 Boundary incompleteness'!H18 -> 136405 | I18: ='2.2 Boundary incompleteness'!I18 -> 403231 | J18: ='2.4 Carbon intensities'!$J$9*'3.2 Emission predictors'!J14/POWER(10,6) -> 862959.32 | K18: ='2.2 Boundary incompleteness'!K18 -> 71691 | L18: ='2.2 Boundary incompleteness'!L18 -> 145178 | M18: ='2.2 Boundary incompleteness'!M18 -> 86240.407 | N18: ='2.2 Boundary incompleteness'!N18 -> 49050 | O18: ='2.2 Boundary incompleteness'!O18 -> 187469 | P18: ='2.4 Carbon intensities'!$J$9*'3.2 Emission predictors'!P14/POWER(10,6) -> 66898.232 | Q18: ='2.2 Boundary incompleteness'!Q18 -> 787701.08 | R18: ='2.4 Carbon intensities'!$J$9*'3.2 Emission predictors'!R14/POWER(10,6) -> 22067.84 | S18: ='2.2 Boundary incompleteness'!S18 -> 15915.315 | T18: ='2.4 Carbon intensities'!$J$9*'3.2 Emission predictors'!T14/POWER(10,6) -> 56146.755 | U18: ='2.4 Carbon intensities'!$J$9*'3.2 Emission predictors'!U14/POWER(10,6) -> 44937.063 | V18: ='2.2 Boundary incompleteness'!V18 -> 0 | W18: ='2.4 Carbon intensities'!$J$9*'3.2 Emission predictors'!W14/POWER(10,6) -> 44793.444 | X18: ='2.2 Boundary incompleteness'!X18 -> 23213 | Y18: ='2.4 Carbon intensities'!$J$9*'3.2 Emission predictors'!Y14/POWER(10,6) -> 6816.8269 | Z18: ='2.2 Boundary incompleteness'!Z18 -> 12802.77 | AA18: ='2.4 Carbon intensities'!$J$30*'3.2 Emission predictors'!AA14/POWER(10,6) -> 3938679.2 | AB18: ='2.2 Boundary incompleteness'!AB18 -> 6297169.8 | AC18: ='2.2 Boundary incompleteness'!AC18 -> 40020 | AD18: ='2.4 Carbon intensities'!$J$30*'3.2 Emission predictors'!AD14/POWER(10,6) -> 452709.59 | AE18: ='2.2 Boundary incompleteness'!AE18 -> 200000 | AF18: ='2.4 Carbon intensities'!$J$30*'3.2 Emission predictors'!AF14/POWER(10,6) -> 283018.87 | AG18: ='2.2 Boundary incompleteness'!AG18 -> 90083 | AH18: ='2.4 Carbon intensities'!$J$30*'3.2 Emission predictors'!AH14/POWER(10,6) -> 220518.87 | AI18: ='2.2 Boundary incompleteness'!AI18 -> 6200 | AJ18: ='2.2 Boundary incompleteness'!AJ18 -> 712289 | AK18: ='2.4 Carbon intensities'!$J$30*'3.2 Emission predictors'!AK14/POWER(10,6) -> 425471.7 | AL18: ='2.4 Carbon intensities'!$J$30*'3.2 Emission predictors'!AL14/POWER(10,6) -> 196933.96 | AM18: =AVERAGE(AA38:BH38)*SUM(AM19:AM32,AM17) -> 257953.03 | AN18: ='2.2 Boundary incompleteness'!AN18 -> 398200 | AO18: ='2.2 Boundary incompleteness'!AO18 -> 211678 | AP18: ='2.2 Boundary incompleteness'!AP18 -> 127500 | AQ18: ='2.4 Carbon intensities'!$J$30*'3.2 Emission predictors'!AQ14/POWER(10,6) -> 107835.63 | AR18: ='2.4 Carbon intensities'!$J$30*'3.2 Emission predictors'!AR14/POWER(10,6) -> 73254.717 | AS18: ='2.2 Boundary incompleteness'!AS18 -> 200000 | AT18: ='2.2 Boundary incompleteness'!AT18 -> 626937 | AU18: ='2.4 Carbon intensities'!$J$30*'3.2 Emission predictors'!AU14/POWER(10,6) -> 487473.44 | AV18: ='2.2 Boundary incompleteness'!AV18 -> 335000 | AW18: ='2.4 Carbon intensities'!$J$30*'3.2 Emission predictors'!AW14/POWER(10,6) -> 40801.887 | AX18: ='2.4 Carbon intensities'!$J$30*'3.2 Emission predictors'!AX14/POWER(10,6) -> 62057.075 | AY18: ='2.4 Carbon intensities'!$J$30*'3.2 Emission predictors'!AY14/POWER(10,6) -> 201148.89 | AZ18: ='2.4 Carbon intensities'!$J$30*'3.2 Emission predictors'!AZ14/POWER(10,6) -> 86703.556 | BA18: ='2.2 Boundary incompleteness'!BA18 -> 129349 | BB18: ='2.4 Carbon intensities'!$J$30*'3.2 Emission predictors'!BB14/POWER(10,6) -> 148820.75 | BC18: ='2.2 Boundary incompleteness'!BC18 -> 6.8 | BD18: ='2.4 Carbon intensities'!$J$30*'3.2 Emission predictors'!BD14/POWER(10,6) -> 165094.34 | BE18: ='2.4 Carbon intensities'!$J$30*'3.2 Emission predictors'!BE14/POWER(10,6) -> 110701.29 | BF18: ='2.2 Boundary incompleteness'!BF18 -> 199918 | BG18: ='2.2 Boundary incompleteness'!BG18 -> 3038 | BH18: ='2.4 Carbon intensities'!$J$30*'3.2 Emission predictors'!BH14/POWER(10,6) -> 31132.075 | BJ18: =SUM(E18:Z18)/SUM($E$16:$Z$16) -> 0.088107833 | BK18: =SUM(AA18:BH18)/SUM($AA$16:$BH$16) -> 0.027245787 | BL18: =SUM(E18:Z18) -> 6606839.4 | BM18: =SUM(AA18:BH18) -> 16867698 | BN18: =BL18-'3.1 Emission data'!BN19 -> 3896389.3 | BO18: =BM18-'3.1 Emission data'!BO19 -> 14669062 | BR18: =INDEX($D$17:$D$25,MATCH(LARGE($BN$17:$BN$25,ROW(BN2)),$BN$17:$BN$25,0)) -> Capital goods | BS18: =VLOOKUP(BR18,$D$17:$BN$32,63,FALSE) -> 3896389.3 | BT18: =VLOOKUP(BR18,$D$17:$BO$32,64,FALSE) -> 14669062 | BU18: =BS18/$BS$33 -> 0.098534022 | BV18: =BT18/$BT$33 -> 0.041712836 | BY18: Capital goods (upstream) | BZ18: =BS18 -> 3896389.3 | CA18: =BT18 -> 14669062
D19: Fuel- and energy-related activities | E19: ='2.2 Boundary incompleteness'!E19 -> 550000 | F19: ='2.4 Carbon intensities'!$J$10*'3.2 Emission predictors'!F34 -> 288431.97 | G19: ='2.2 Boundary incompleteness'!G19 -> 530262.79 | H19: ='2.2 Boundary incompleteness'!H19 -> 21747 | I19: ='2.2 Boundary incompleteness'!I19 -> 79712 | J19: ='2.2 Boundary incompleteness'!J19 -> 0 | K19: ='2.2 Boundary incompleteness'!K19 -> 171198 | L19: ='2.2 Boundary incompleteness'!L19 -> 67890 | M19: ='2.2 Boundary incompleteness'!M19 -> 14804.55 | N19: ='2.2 Boundary incompleteness'!N19 -> 18841 | ... S19: ='2.2 Boundary incompleteness'!S19 -> 76659 | T19: ='2.4 Carbon intensities'!$J$10*'3.2 Emission predictors'!T34 -> 44065.64 | U19: ='2.2 Boundary incompleteness'!U19 -> 6017.06 | V19: ='2.2 Boundary incompleteness'!V19 -> 0 | W19: ='2.4 Carbon intensities'!$J$10*'3.2 Emission predictors'!W34 -> 0 | X19: ='2.2 Boundary incompleteness'!X19 -> 3849 | Y19: =AVERAGE(E39:Z39)*SUM(Y17:Y18,Y20:Y32) -> 3157.3974 | Z19: ='2.2 Boundary incompleteness'!Z19 -> 5716.32 | AA19: ='2.4 Carbon intensities'!$J$31*'3.2 Emission predictors'!AA34 -> 30685.611 | AB19: ='2.2 Boundary incompleteness'!AB19 -> 670000 | AC19: ='2.2 Boundary incompleteness'!AC19 -> 40002 | AD19: =AVERAGE(AA39:BH39)*SUM(AD17:AD18,AD20:AD32) -> 1416797.2 | AE19: ='2.2 Boundary incompleteness'!AE19 -> 100000 | AF19: ='2.2 Boundary incompleteness'!AF19 -> 140026 | AG19: ='2.2 Boundary incompleteness'!AG19 -> 93746 | AH19: ='2.4 Carbon intensities'!$J$31*'3.2 Emission predictors'!AH34 -> 182878.6 | AI19: ='2.2 Boundary incompleteness'!AI19 -> 71100 | AJ19: ='2.2 Boundary incompleteness'!AJ19 -> 95300 | AK19: ='2.4 Carbon intensities'!$J$31*'3.2 Emission predictors'!AK34 -> 704861.8 | AL19: ='2.4 Carbon intensities'!$J$31*'3.2 Emission predictors'!AL34 -> 245340.14 | AM19: ='2.2 Boundary incompleteness'!AM19 -> 640824.65 | AN19: ='2.4 Carbon intensities'!$J$31*'3.2 Emission predictors'!AN34 -> 141013.58 | AO19: ='2.2 Boundary incompleteness'!AO19 -> 161453 | AP19: ='2.2 Boundary incompleteness'!AP19 -> 12100 | AQ19: ='2.4 Carbon intensities'!$J$31*'3.2 Emission predictors'!AQ34 -> 39386.467 | AR19: ='2.4 Carbon intensities'!$J$31*'3.2 Emission predictors'!AR34 -> 93350.12 | AS19: ='2.2 Boundary incompleteness'!AS19 -> 190000 | AT19: ='2.2 Boundary incompleteness'!AT19 -> 701930 | AU19: ='2.2 Boundary incompleteness'!AU19 -> 788494 | AV19: ='2.2 Boundary incompleteness'!AV19 -> 159000 | AW19: ='2.4 Carbon intensities'!$J$31*'3.2 Emission predictors'!AW34 -> 23496.849 | AX19: =AVERAGE(AA39:BH39)*SUM(AX17:AX18,AX20:AX32) -> 35190.753 | AY19: ='2.4 Carbon intensities'!$J$31*'3.2 Emission predictors'!AY34 -> 102180.46 | AZ19: ='2.2 Boundary incompleteness'!AZ19 -> 93527.35 | BA19: ='2.2 Boundary incompleteness'!BA19 -> 210409 | BB19: ='2.2 Boundary incompleteness'!BB19 -> 221825 | BC19: ='2.4 Carbon intensities'!$J$31*'3.2 Emission predictors'!BC34 -> 36236.119 | BD19: ='2.4 Carbon intensities'!$J$31*'3.2 Emission predictors'!BD34 -> 161370.33 | BE19: ='2.2 Boundary incompleteness'!BE19 -> 0 | BF19: ='2.2 Boundary incompleteness'!BF19 -> 5029 | BG19: ='2.4 Carbon intensities'!$J$31*'3.2 Emission predictors'!BG34 -> 1982.5691 | BH19: ='2.4 Carbon intensities'!$J$31*'3.2 Emission predictors'!BH34 -> 19053.395 | BJ19: =SUM(E19:Z19)/SUM($E$16:$Z$16) -> 0.026908099 | BK19: =SUM(AA19:BH19)/SUM($AA$16:$BH$16) -> 0.012322188 | BL19: =SUM(E19:Z19) -> 2017726.3 | BM19: =SUM(AA19:BH19) -> 7628590 | BN19: =BL19-'3.1 Emission data'!BN20 -> 1312342.3 | BO19: =BM19-'3.1 Emission data'!BO20 -> 5777410 | BR19: =INDEX($D$17:$D$25,MATCH(LARGE($BN$17:$BN$25,ROW(BN3)),$BN$17:$BN$25,0)) -> Business travel | BS19: =VLOOKUP(BR19,$D$17:$BN$32,63,FALSE) -> 1552813.4 | BT19: =VLOOKUP(BR19,$D$17:$BO$32,64,FALSE) -> 988620.19 | BU19: =BS19/$BS$33 -> 0.039268394 | BV19: =BT19/$BT$33 -> 0.0028112331 | BY19: Use of sold products (downstream) | BZ19: =BS26 -> 20440638 | CA19: =BT26 -> 1.5329878e+08
D20: Upstream transportation and distribution | E20: ='2.2 Boundary incompleteness'!E20 -> 100000 | F20: ='2.2 Boundary incompleteness'!F20 -> 237500 | G20: ='2.4 Carbon intensities'!$J11*'3.2 Emission predictors'!G$31/POWER(10,6) -> 33217.034 | H20: ='2.2 Boundary incompleteness'!H20 -> 9468 | I20: ='2.2 Boundary incompleteness'!I20 -> 0 | J20: ='2.2 Boundary incompleteness'!J20 -> 0 | K20: ='2.2 Boundary incompleteness'!K20 -> 3350 | L20: ='2.2 Boundary incompleteness'!L20 -> 4032 | M20: ='2.2 Boundary incompleteness'!M20 -> 0 | N20: ='2.2 Boundary incompleteness'!N20 -> 3408 | O20: ='2.2 Boundary incompleteness'!O20 -> 0 | P20: ='2.4 Carbon intensities'!$J11*'3.2 Emission predictors'!P$31/POWER(10,6) -> 6757.9469 | Q20: ='2.2 Boundary incompleteness'!Q20 -> 18356 | R20: ='2.2 Boundary incompleteness'!R20 -> 0 | S20: ='2.2 Boundary incompleteness'!S20 -> 0 | T20: ='2.2 Boundary incompleteness'!T20 -> 0 | U20: ='2.2 Boundary incompleteness'!U20 -> 523.77 | V20: ='2.2 Boundary incompleteness'!V20 -> 0 | W20: ='2.4 Carbon intensities'!$J11*'3.2 Emission predictors'!W$31/POWER(10,6) -> 1306.6425 | X20: ='2.2 Boundary incompleteness'!X20 -> 7942 | Y20: ='2.4 Carbon intensities'!$J11*'3.2 Emission predictors'!Y$31/POWER(10,6) -> 574.23395 | Z20: ='2.4 Carbon intensities'!$J11*'3.2 Emission predictors'!Z$31/POWER(10,6) -> 1901.6869 | AA20: ='2.2 Boundary incompleteness'!AA20 -> 400000 | AB20: ='2.2 Boundary incompleteness'!AB20 -> 11000 | AC20: ='2.2 Boundary incompleteness'!AC20 -> 36598 | AD20: ='2.4 Carbon intensities'!$J$32*'3.2 Emission predictors'!AD31/POWER(10,6) -> 1381009 | AE20: ='2.2 Boundary incompleteness'!AE20 -> 1800000 | AF20: ='2.4 Carbon intensities'!$J$32*'3.2 Emission predictors'!AF31/POWER(10,6) -> 732974.03 | AG20: ='2.2 Boundary incompleteness'!AG20 -> 318186 | AH20: ='2.4 Carbon intensities'!$J$32*'3.2 Emission predictors'!AH31/POWER(10,6) -> 92884.918 | AI20: ='2.2 Boundary incompleteness'!AI20 -> 278246.75 | AJ20: ='2.2 Boundary incompleteness'!AJ20 -> 162682 | AK20: ='2.4 Carbon intensities'!$J$32*'3.2 Emission predictors'!AK31/POWER(10,6) -> 66203.429 | AL20: ='2.4 Carbon intensities'!$J$32*'3.2 Emission predictors'!AL31/POWER(10,6) -> 132351.76 | AM20: ='2.4 Carbon intensities'!$J$32*'3.2 Emission predictors'!AM31/POWER(10,6) -> 108703.53 | AN20: ='2.2 Boundary incompleteness'!AN20 -> 384300 | AO20: ='2.2 Boundary incompleteness'!AO20 -> 45927 | AP20: ='2.2 Boundary incompleteness'!AP20 -> 633000 | AQ20: ='2.4 Carbon intensities'!$J$32*'3.2 Emission predictors'!AQ31/POWER(10,6) -> 192884.32 | AR20: ='2.4 Carbon intensities'!$J$32*'3.2 Emission predictors'!AR31/POWER(10,6) -> 49823.769 | AS20: ='2.2 Boundary incompleteness'!AS20 -> 90000 | AT20: ='2.2 Boundary incompleteness'!AT20 -> 277621 | AU20: ='2.2 Boundary incompleteness'!AU20 -> 55427.544 | AV20: ='2.2 Boundary incompleteness'!AV20 -> 80000 | AW20: ='2.4 Carbon intensities'!$J$32*'3.2 Emission predictors'!AW31/POWER(10,6) -> 40058.033 | AX20: ='2.4 Carbon intensities'!$J$32*'3.2 Emission predictors'!AX31/POWER(10,6) -> 25890.862 | AY20: ='2.4 Carbon intensities'!$J$32*'3.2 Emission predictors'!AY31/POWER(10,6) -> 355176.55 | AZ20: ='2.2 Boundary incompleteness'!AZ20 -> 57546.412 | BA20: ='2.2 Boundary incompleteness'!BA20 -> 58167.368 | BB20: ='2.4 Carbon intensities'!$J$32*'3.2 Emission predictors'!BB31/POWER(10,6) -> 206198.38 | BC20: ='2.2 Boundary incompleteness'!BC20 -> 96.7 | BD20: ='2.4 Carbon intensities'!$J$32*'3.2 Emission predictors'!BD31/POWER(10,6) -> 146685.07 | BE20: ='2.2 Boundary incompleteness'!BE20 -> 2877.56 | BF20: ='2.2 Boundary incompleteness'!BF20 -> 52486 | BG20: ='2.2 Boundary incompleteness'!BG20 -> 38784 | BH20: ='2.2 Boundary incompleteness'!BH20 -> 20665 | BJ20: =SUM(E20:Z20)/SUM($E$16:$Z$16) -> 0.0057122431 | BK20: =SUM(AA20:BH20)/SUM($AA$16:$BH$16) -> 0.013462346 | BL20: =SUM(E20:Z20) -> 428337.31 | BM20: =SUM(AA20:BH20) -> 8334455 | BN20: =BL20-'3.1 Emission data'!BN21 -> 78963.544 | BO20: =BM20-'3.1 Emission data'!BO21 -> 4134565.5 | BR20: =INDEX($D$17:$D$25,MATCH(LARGE($BN$17:$BN$25,ROW(BN4)),$BN$17:$BN$25,0)) -> Fuel- and energy-related activities | BS20: =VLOOKUP(BR20,$D$17:$BN$32,63,FALSE) -> 1312342.3 | BT20: =VLOOKUP(BR20,$D$17:$BO$32,64,FALSE) -> 5777410 | BU20: =BS20/$BS$33 -> 0.03318723 | BV20: =BT20/$BT$33 -> 0.016428601 | BY20: Other (upstream) | BZ20: =SUM(BS19:BS24) -> 4377431.5 | CA20: =SUM(BT19:BT24) -> 13325744
D21: Waste generated in operations | E21: ='2.2 Boundary incompleteness'!E21 -> 600 | F21: ='2.4 Carbon intensities'!$J12*'3.2 Emission predictors'!F$31/POWER(10,6) -> 4026.2193 | G21: ='2.4 Carbon intensities'!$J12*'3.2 Emission predictors'!G$31/POWER(10,6) -> 2573.9436 | H21: ='2.2 Boundary incompleteness'!H21 -> 762 | I21: ='2.2 Boundary incompleteness'!I21 -> 1909 | J21: ='2.4 Carbon intensities'!$J12*'3.2 Emission predictors'!J$31/POWER(10,6) -> 1365.7527 | K21: ='2.2 Boundary incompleteness'!K21 -> 3145 | L21: ='2.2 Boundary incompleteness'!L21 -> 304 | M21: ='2.2 Boundary incompleteness'!M21 -> 87.21 | N21: ='2.2 Boundary incompleteness'!N21 -> 306.72 | O21: ='2.2 Boundary incompleteness'!O21 -> 173.18 | P21: ='2.2 Boundary incompleteness'!P21 -> 399.53 | Q21: ='2.2 Boundary incompleteness'!Q21 -> 3475 | R21: ='2.4 Carbon intensities'!$J12*'3.2 Emission predictors'!R$31/POWER(10,6) -> 170.36399 | S21: ='2.2 Boundary incompleteness'!S21 -> 760 | T21: ='2.4 Carbon intensities'!$J12*'3.2 Emission predictors'!T$31/POWER(10,6) -> 244.01725 | U21: ='2.2 Boundary incompleteness'!U21 -> 484.25 | V21: ='2.2 Boundary incompleteness'!V21 -> 17.6 | W21: ='2.4 Carbon intensities'!$J12*'3.2 Emission predictors'!W$31/POWER(10,6) -> 101.24998 | X21: ='2.2 Boundary incompleteness'!X21 -> 684 | Y21: ='2.4 Carbon intensities'!$J12*'3.2 Emission predictors'!Y$31/POWER(10,6) -> 44.496622 | Z21: ='2.4 Carbon intensities'!$J12*'3.2 Emission predictors'!Z$31/POWER(10,6) -> 147.35918 | AA21: ='2.4 Carbon intensities'!$J$33*'3.2 Emission predictors'!AA31/POWER(10,6) -> 151619.84 | AB21: ='2.2 Boundary incompleteness'!AB21 -> 370000 | AC21: ='2.2 Boundary incompleteness'!AC21 -> 1096 | AD21: ='2.4 Carbon intensities'!$J$33*'3.2 Emission predictors'!AD31/POWER(10,6) -> 133217.4 | AE21: ='2.4 Carbon intensities'!$J$33*'3.2 Emission predictors'!AE31/POWER(10,6) -> 35874.094 | AF21: ='2.4 Carbon intensities'!$J$33*'3.2 Emission predictors'!AF31/POWER(10,6) -> 70705.475 | AG21: ='2.2 Boundary incompleteness'!AG21 -> 1290 | AH21: ='2.4 Carbon intensities'!$J$33*'3.2 Emission predictors'!AH31/POWER(10,6) -> 8960.0339 | AI21: ='2.2 Boundary incompleteness'!AI21 -> 4900 | AJ21: ='2.2 Boundary incompleteness'!AJ21 -> 41897 | AK21: ='2.4 Carbon intensities'!$J$33*'3.2 Emission predictors'!AK31/POWER(10,6) -> 6386.2356 | AL21: ='2.4 Carbon intensities'!$J$33*'3.2 Emission predictors'!AL31/POWER(10,6) -> 12767.156 | AM21: ='2.4 Carbon intensities'!$J$33*'3.2 Emission predictors'!AM31/POWER(10,6) -> 10485.958 | AN21: ='2.4 Carbon intensities'!$J$33*'3.2 Emission predictors'!AN31/POWER(10,6) -> 20786.554 | AO21: ='2.2 Boundary incompleteness'!AO21 -> 17423 | AP21: ='2.2 Boundary incompleteness'!AP21 -> 1920 | AQ21: ='2.4 Carbon intensities'!$J$33*'3.2 Emission predictors'!AQ31/POWER(10,6) -> 18606.358 | AR21: ='2.4 Carbon intensities'!$J$33*'3.2 Emission predictors'!AR31/POWER(10,6) -> 4806.191 | AS21: ='2.2 Boundary incompleteness'!AS21 -> 5700 | AT21: ='2.2 Boundary incompleteness'!AT21 -> 8971 | AU21: ='2.2 Boundary incompleteness'!AU21 -> 12651 | AV21: ='2.2 Boundary incompleteness'!AV21 -> 8000 | AW21: ='2.4 Carbon intensities'!$J$33*'3.2 Emission predictors'!AW31/POWER(10,6) -> 3864.1509 | AX21: ='2.4 Carbon intensities'!$J$33*'3.2 Emission predictors'!AX31/POWER(10,6) -> 2497.5314 | AY21: ='2.4 Carbon intensities'!$J$33*'3.2 Emission predictors'!AY31/POWER(10,6) -> 34261.687 | AZ21: ='2.2 Boundary incompleteness'!AZ21 -> 5551.1467 | BA21: ='2.2 Boundary incompleteness'!BA21 -> 6717 | BB21: ='2.2 Boundary incompleteness'!BB21 -> 30419 | BC21: ='2.2 Boundary incompleteness'!BC21 -> 586 | BD21: ='2.4 Carbon intensities'!$J$33*'3.2 Emission predictors'!BD31/POWER(10,6) -> 14149.802 | BE21: ='2.4 Carbon intensities'!$J$33*'3.2 Emission predictors'!BE31/POWER(10,6) -> 22698.162 | BF21: ='2.2 Boundary incompleteness'!BF21 -> 5063 | BG21: ='2.2 Boundary incompleteness'!BG21 -> 34 | BH21: ='2.2 Boundary incompleteness'!BH21 -> 6562.4 | BJ21: =SUM(E21:Z21)/SUM($E$16:$Z$16) -> 0.00029046676 | BK21: =SUM(AA21:BH21)/SUM($AA$16:$BH$16) -> 0.0017452399 | BL21: =SUM(E21:Z21) -> 21780.893 | BM21: =SUM(AA21:BH21) -> 1080467.2 | BN21: =BL21-'3.1 Emission data'!BN22 -> 18528.793 | BO21: =BM21-'3.1 Emission data'!BO22 -> 1001527.2 | BR21: =INDEX($D$17:$D$25,MATCH(LARGE($BN$17:$BN$25,ROW(BN5)),$BN$17:$BN$25,0)) -> Employee commuting | BS21: =VLOOKUP(BR21,$D$17:$BN$32,63,FALSE) -> 1236351.1 | BT21: =VLOOKUP(BR21,$D$17:$BO$32,64,FALSE) -> 1628525 | BU21: =BS21/$BS$33 -> 0.031265521 | BV21: =BT21/$BT$33 -> 0.0046308619 | BY21: Other (downstream) | BZ21: =BS25+SUM(BS27:BS32) -> 212733.45 | CA21: =BT25+SUM(BT27:BT32) -> 16582957
D22: Business travel | E22: ='2.2 Boundary incompleteness'!E22 -> 618942.49 | F22: ='2.2 Boundary incompleteness'!F22 -> 313000 | G22: ='2.2 Boundary incompleteness'!G22 -> 458090 | H22: ='2.2 Boundary incompleteness'!H22 -> 192845 | I22: ='2.2 Boundary incompleteness'!I22 -> 317166 | J22: ='2.2 Boundary incompleteness'!J22 -> 494928 | K22: ='2.2 Boundary incompleteness'!K22 -> 125682.43 | L22: ='2.2 Boundary incompleteness'!L22 -> 129000 | ... AC22: ='2.2 Boundary incompleteness'!AC22 -> 217500 | AD22: ='2.4 Carbon intensities'!$J$34*'3.2 Emission predictors'!AD31/POWER(10,6) -> 342375.73 | AE22: ='2.2 Boundary incompleteness'!AE22 -> 92198.307 | AF22: ='2.2 Boundary incompleteness'!AF22 -> 181716.78 | AG22: ='2.2 Boundary incompleteness'!AG22 -> 68553 | AH22: ='2.2 Boundary incompleteness'!AH22 -> 23520 | AI22: ='2.2 Boundary incompleteness'!AI22 -> 93000 | AJ22: ='2.2 Boundary incompleteness'!AJ22 -> 23434.929 | AK22: ='2.4 Carbon intensities'!$J$34*'3.2 Emission predictors'!AK31/POWER(10,6) -> 16412.961 | AL22: ='2.2 Boundary incompleteness'!AL22 -> 32812.263 | AM22: ='2.2 Boundary incompleteness'!AM22 -> 26949.462 | AN22: ='2.2 Boundary incompleteness'!AN22 -> 81500 | AO22: ='2.2 Boundary incompleteness'!AO22 -> 28074.218 | AP22: ='2.2 Boundary incompleteness'!AP22 -> 53500 | AQ22: ='2.2 Boundary incompleteness'!AQ22 -> 110000 | AR22: ='2.4 Carbon intensities'!$J$34*'3.2 Emission predictors'!AR31/POWER(10,6) -> 12352.163 | AS22: ='2.2 Boundary incompleteness'!AS22 -> 17000 | AT22: ='2.2 Boundary incompleteness'!AT22 -> 52248 | AU22: ='2.2 Boundary incompleteness'!AU22 -> 4385 | AV22: ='2.2 Boundary incompleteness'!AV22 -> 51000 | AW22: ='2.2 Boundary incompleteness'!AW22 -> 47759 | AX22: ='2.4 Carbon intensities'!$J$34*'3.2 Emission predictors'!AX31/POWER(10,6) -> 6418.7869 | AY22: ='2.4 Carbon intensities'!$J$34*'3.2 Emission predictors'!AY31/POWER(10,6) -> 88054.335 | AZ22: ='2.2 Boundary incompleteness'!AZ22 -> 14266.739 | BA22: ='2.2 Boundary incompleteness'!BA22 -> 14420.684 | BB22: ='2.2 Boundary incompleteness'!BB22 -> 32119 | BC22: ='2.2 Boundary incompleteness'!BC22 -> 1498.2 | BD22: ='2.2 Boundary incompleteness'!BD22 -> 60968 | BE22: ='2.2 Boundary incompleteness'!BE22 -> 58335.47 | BF22: ='2.2 Boundary incompleteness'!BF22 -> 19588 | BG22: ='2.2 Boundary incompleteness'!BG22 -> 2947.549 | BH22: ='2.2 Boundary incompleteness'!BH22 -> 17835 | BJ22: =SUM(E22:Z22)/SUM($E$16:$Z$16) -> 0.047261621 | BK22: =SUM(AA22:BH22)/SUM($AA$16:$BH$16) -> 0.0037797885 | BL22: =SUM(E22:Z22) -> 3543952.1 | BM22: =SUM(AA22:BH22) -> 2340043.6 | BN22: =BL22-'3.1 Emission data'!BN23 -> 1552813.4 | BO22: =BM22-'3.1 Emission data'!BO23 -> 988620.19 | BR22: =INDEX($D$17:$D$25,MATCH(LARGE($BN$17:$BN$25,ROW(BN6)),$BN$17:$BN$25,0)) -> Upstream leased assets | BS22: =VLOOKUP(BR22,$D$17:$BN$32,63,FALSE) -> 140593.14 | BT22: =VLOOKUP(BR22,$D$17:$BO$32,64,FALSE) -> 796623.56 | BU22: =BS22/$BS$33 -> 0.0035553963 | BV22: =BT22/$BT$33 -> 0.0022652729
D23: Employee commuting | E23: ='2.2 Boundary incompleteness'!E23 -> 330000 | F23: ='2.2 Boundary incompleteness'!F23 -> 150467 | G23: ='2.2 Boundary incompleteness'!G23 -> 122800 | H23: ='2.2 Boundary incompleteness'!H23 -> 96587.075 | I23: ='2.2 Boundary incompleteness'!I23 -> 47620 | J23: ='2.4 Carbon intensities'!$J$14*'3.2 Emission predictors'!J10 -> 310555.7 | K23: ='2.2 Boundary incompleteness'!K23 -> 280026 | L23: ='2.2 Boundary incompleteness'!L23 -> 26000 | M23: ='2.2 Boundary incompleteness'!M23 -> 10603 | N23: ='2.2 Boundary incompleteness'!N23 -> 42653 | O23: ='2.2 Boundary incompleteness'!O23 -> 57762 | P23: ='2.2 Boundary incompleteness'!P23 -> 225687 | Q23: ='2.2 Boundary incompleteness'!Q23 -> 107383 | R23: ='2.2 Boundary incompleteness'!R23 -> 15932 | ... V23: ='2.2 Boundary incompleteness'!V23 -> 18965.15 | W23: ='2.4 Carbon intensities'!$J$14*'3.2 Emission predictors'!W10 -> 5719.4284 | X23: ='2.2 Boundary incompleteness'!X23 -> 13090 | Y23: ='2.4 Carbon intensities'!$J$14*'3.2 Emission predictors'!Y10 -> 2805.7044 | Z23: ='2.2 Boundary incompleteness'!Z23 -> 2827.34 | AA23: ='2.2 Boundary incompleteness'!AA23 -> 183200 | AB23: ='2.2 Boundary incompleteness'!AB23 -> 180017.44 | AC23: ='2.2 Boundary incompleteness'!AC23 -> 81394 | AD23: ='2.4 Carbon intensities'!$J$35*'3.2 Emission predictors'!AD10 -> 501744.19 | AE23: ='2.2 Boundary incompleteness'!AE23 -> 200000 | AF23: ='2.4 Carbon intensities'!$J$35*'3.2 Emission predictors'!AF10 -> 74418.605 | AG23: ='2.2 Boundary incompleteness'!AG23 -> 247936 | AH23: ='2.4 Carbon intensities'!$J$35*'3.2 Emission predictors'!AH10 -> 46511.628 | AI23: ='2.2 Boundary incompleteness'!AI23 -> 68000 | AJ23: ='2.2 Boundary incompleteness'!AJ23 -> 34730 | AK23: ='2.4 Carbon intensities'!$J$35*'3.2 Emission predictors'!AK10 -> 26860.465 | AL23: ='2.4 Carbon intensities'!$J$35*'3.2 Emission predictors'!AL10 -> 35930.233 | AM23: ='2.2 Boundary incompleteness'!AM23 -> 39636.628 | AN23: ='2.2 Boundary incompleteness'!AN23 -> 118400 | AO23: ='2.2 Boundary incompleteness'!AO23 -> 27668 | AP23: ='2.2 Boundary incompleteness'!AP23 -> 23600 | AQ23: ='2.2 Boundary incompleteness'!AQ23 -> 61000 | AR23: ='2.4 Carbon intensities'!$J$35*'3.2 Emission predictors'!AR10 -> 42790.698 | AS23: ='2.2 Boundary incompleteness'!AS23 -> 25000 | AT23: ='2.2 Boundary incompleteness'!AT23 -> 60919.186 | AU23: ='2.4 Carbon intensities'!$J$35*'3.2 Emission predictors'!AU10 -> 14370.93 | AV23: ='2.2 Boundary incompleteness'!AV23 -> 16000 | AW23: ='2.4 Carbon intensities'!$J$35*'3.2 Emission predictors'!AW10 -> 6104.6512 | AX23: ='2.4 Carbon intensities'!$J$35*'3.2 Emission predictors'!AX10 -> 21751.163 | AY23: ='2.4 Carbon intensities'!$J$35*'3.2 Emission predictors'!AY10 -> 100578.49 | AZ23: ='2.2 Boundary incompleteness'!AZ23 -> 48255.814 | BA23: ='2.4 Carbon intensities'!$J$35*'3.2 Emission predictors'!BA10 -> 20401.163 | BB23: ='2.4 Carbon intensities'!$J$35*'3.2 Emission predictors'!BB10 -> 116279.07 | BC23: ='2.2 Boundary incompleteness'!BC23 -> 173 | BD23: ='2.4 Carbon intensities'!$J$35*'3.2 Emission predictors'!BD10 -> 116279.07 | BE23: ='2.4 Carbon intensities'!$J$35*'3.2 Emission predictors'!BE10 -> 46511.628 | BF23: ='2.2 Boundary incompleteness'!BF23 -> 13811 | BG23: ='2.2 Boundary incompleteness'!BG23 -> 2243 | BH23: ='2.4 Carbon intensities'!$J$35*'3.2 Emission predictors'!BH10 -> 7500 | BJ23: =SUM(E23:Z23)/SUM($E$16:$Z$16) -> 0.026509667 | BK23: =SUM(AA23:BH23)/SUM($AA$16:$BH$16) -> 0.0042158654 | BL23: =SUM(E23:Z23) -> 1987849.5 | BM23: =SUM(AA23:BH23) -> 2610016 | BN23: =BL23-'3.1 Emission data'!BN24 -> 1236351.1 | BO23: =BM23-'3.1 Emission data'!BO24 -> 1628525 | BR23: =INDEX($D$17:$D$25,MATCH(LARGE($BN$17:$BN$25,ROW(BN7)),$BN$17:$BN$25,0)) -> Upstream transportation and distribution | BS23: =VLOOKUP(BR23,$D$17:$BN$32,63,FALSE) -> 78963.544 | BT23: =VLOOKUP(BR23,$D$17:$BO$32,64,FALSE) -> 4134565.5 | BU23: =BS23/$BS$33 -> 0.0019968733 | BV23: =BT23/$BT$33 -> 0.01175702
D24: Upstream leased assets | E24: ='2.2 Boundary incompleteness'!E24 -> 0 | F24: ='2.2 Boundary incompleteness'!F24 -> 0 | G24: ='2.2 Boundary incompleteness'!G24 -> 0 | H24: ='2.2 Boundary incompleteness'!H24 -> 0 | I24: ='2.2 Boundary incompleteness'!I24 -> 0 | J24: ='2.2 Boundary incompleteness'!J24 -> 0 | K24: ='2.2 Boundary incompleteness'!K24 -> 0 | L24: ='2.2 Boundary incompleteness'!L24 -> 127090 | ... P24: ='2.2 Boundary incompleteness'!P24 -> 0 | Q24: ='2.4 Carbon intensities'!$J15*'3.2 Emission predictors'!Q$31/POWER(10,6) -> 5582.9016 | R24: ='2.2 Boundary incompleteness'!R24 -> 0 | S24: ='2.2 Boundary incompleteness'!S24 -> 24302 | T24: ='2.2 Boundary incompleteness'!T24 -> 0 | U24: ='2.2 Boundary incompleteness'!U24 -> 0 | V24: ='2.2 Boundary incompleteness'!V24 -> 0 | W24: ='2.4 Carbon intensities'!$J15*'3.2 Emission predictors'!W$31/POWER(10,6) -> 1095.6121 | X24: ='2.2 Boundary incompleteness'!X24 -> 21 | Y24: ='2.4 Carbon intensities'!$J15*'3.2 Emission predictors'!Y$31/POWER(10,6) -> 481.49184 | Z24: ='2.2 Boundary incompleteness'!Z24 -> 0 | AA24: ='2.2 Boundary incompleteness'!AA24 -> 0 | AB24: ='2.2 Boundary incompleteness'!AB24 -> 211086.46 | AC24: ='2.2 Boundary incompleteness'!AC24 -> 0 | AD24: ='2.4 Carbon intensities'!$J$36*'3.2 Emission predictors'!AD31/POWER(10,6) -> 214924.26 | AE24: ='2.2 Boundary incompleteness'!AE24 -> 0 | AF24: ='2.4 Carbon intensities'!$J$36*'3.2 Emission predictors'!AF31/POWER(10,6) -> 114071.6 | AG24: ='2.2 Boundary incompleteness'!AG24 -> 0 | AH24: ='2.4 Carbon intensities'!$J$36*'3.2 Emission predictors'!AH31/POWER(10,6) -> 14455.534 | AI24: ='2.2 Boundary incompleteness'!AI24 -> 281000 | AJ24: ='2.4 Carbon intensities'!$J$36*'3.2 Emission predictors'!AJ31/POWER(10,6) -> 14711.133 | AK24: ='2.4 Carbon intensities'!$J$36*'3.2 Emission predictors'!AK31/POWER(10,6) -> 10303.136 | AL24: ='2.4 Carbon intensities'!$J$36*'3.2 Emission predictors'!AL31/POWER(10,6) -> 20597.697 | AM24: ='2.2 Boundary incompleteness'!AM24 -> 0 | AN24: ='2.2 Boundary incompleteness'!AN24 -> 0 | AO24: ='2.2 Boundary incompleteness'!AO24 -> 110 | AP24: ='2.2 Boundary incompleteness'!AP24 -> 0 | AQ24: ='2.2 Boundary incompleteness'!AQ24 -> 0 | AR24: ='2.4 Carbon intensities'!$J$36*'3.2 Emission predictors'!AR31/POWER(10,6) -> 7753.9948 | AS24: ='2.2 Boundary incompleteness'!AS24 -> 2500 | AT24: ='2.2 Boundary incompleteness'!AT24 -> 0 | AU24: ='2.2 Boundary incompleteness'!AU24 -> 0 | AV24: ='2.2 Boundary incompleteness'!AV24 -> 0 | AW24: ='2.2 Boundary incompleteness'!AW24 -> 0 | AX24: ='2.4 Carbon intensities'!$J$36*'3.2 Emission predictors'!AX31/POWER(10,6) -> 4029.3541 | AY24: ='2.4 Carbon intensities'!$J$36*'3.2 Emission predictors'!AY31/POWER(10,6) -> 55275.569 | AZ24: ='2.4 Carbon intensities'!$J$36*'3.2 Emission predictors'!AZ31/POWER(10,6) -> 8955.8576 | BA24: ='2.2 Boundary incompleteness'!BA24 -> 2461 | BB24: ='2.2 Boundary incompleteness'!BB24 -> 0 | BC24: ='2.4 Carbon intensities'!$J$36*'3.2 Emission predictors'!BC31/POWER(10,6) -> 40018.579 | BD24: ='2.4 Carbon intensities'!$J$36*'3.2 Emission predictors'!BD31/POWER(10,6) -> 22828.367 | BE24: ='2.4 Carbon intensities'!$J$36*'3.2 Emission predictors'!BE31/POWER(10,6) -> 36619.733 | BF24: ='2.2 Boundary incompleteness'!BF24 -> 14116 | BG24: ='2.2 Boundary incompleteness'!BG24 -> 4175 | BH24: ='2.4 Carbon intensities'!$J$36*'3.2 Emission predictors'!BH31/POWER(10,6) -> 4415.2938 | BJ24: =SUM(E24:Z24)/SUM($E$16:$Z$16) -> 0.0022173807 | BK24: =SUM(AA24:BH24)/SUM($AA$16:$BH$16) -> 0.0017516063 | BL24: =SUM(E24:Z24) -> 166272.14 | BM24: =SUM(AA24:BH24) -> 1084408.6 | BN24: =BL24-'3.1 Emission data'!BN25 -> 140593.14 | BO24: =BM24-'3.1 Emission data'!BO25 -> 796623.56 | BR24: =INDEX($D$17:$D$25,MATCH(LARGE($BN$17:$BN$25,ROW(BN8)),$BN$17:$BN$25,0)) -> Other (upstream) | BS24: =VLOOKUP(BR24,$D$17:$BN$32,63,FALSE) -> 56368 | BT24: =VLOOKUP(BR24,$D$17:$BO$32,64,FALSE) -> 0 | BU24: =BS24/$BS$33 -> 0.0014254648 | BV24: =BT24/$BT$33 -> 0
D25: Other (upstream) | E25: ='2.2 Boundary incompleteness'!E25 -> 0 | F25: ='2.2 Boundary incompleteness'!F25 -> - | G25: ='2.2 Boundary incompleteness'!G25 -> 0 | H25: ='2.2 Boundary incompleteness'!H25 -> 0 | I25: ='2.2 Boundary incompleteness'!I25 -> 56368 | J25: ='2.2 Boundary incompleteness'!J25 -> 0 | K25: ='2.2 Boundary incompleteness'!K25 -> 0 | L25: ='2.2 Boundary incompleteness'!L25 -> 0 | ... AC25: ='2.2 Boundary incompleteness'!AC25 -> 0 | AD25: 0 | AE25: ='2.2 Boundary incompleteness'!AE25 -> 3080000 | AF25: ='2.2 Boundary incompleteness'!AF25 -> 0 | AG25: ='2.2 Boundary incompleteness'!AG25 -> 0 | AH25: ='2.2 Boundary incompleteness'!AH25 -> 0 | AI25: ='2.2 Boundary incompleteness'!AI25 -> 0 | AJ25: ='2.2 Boundary incompleteness'!AJ25 -> 0 | AK25: 0 | AL25: ='2.2 Boundary incompleteness'!AL25 -> 0 | AM25: ='2.2 Boundary incompleteness'!AM25 -> 0 | AN25: ='2.2 Boundary incompleteness'!AN25 -> 0 | AO25: ='2.2 Boundary incompleteness'!AO25 -> 0 | AP25: ='2.2 Boundary incompleteness'!AP25 -> 0 | AQ25: ='2.2 Boundary incompleteness'!AQ25 -> 0 | AR25: ='2.2 Boundary incompleteness'!AR25 -> 0 | AS25: ='2.2 Boundary incompleteness'!AS25 -> 0 | ... AX25: ='2.2 Boundary incompleteness'!AX25 -> 0 | AY25: 0 | AZ25: ='2.2 Boundary incompleteness'!AZ25 -> 0 | BA25: ='2.2 Boundary incompleteness'!BA25 -> 0 | BB25: ='2.2 Boundary incompleteness'!BB25 -> 0 | BC25: ='2.2 Boundary incompleteness'!BC25 -> 0 | BD25: ='2.2 Boundary incompleteness'!BD25 -> 0 | BE25: ='2.2 Boundary incompleteness'!BE25 -> 0 | BF25: ='2.2 Boundary incompleteness'!BF25 -> 0 | BG25: ='2.2 Boundary incompleteness'!BG25 -> 0 | BH25: ='2.2 Boundary incompleteness'!BH25 -> 0 | BJ25: =SUM(E25:Z25)/SUM($E$16:$Z$16) -> 0.00075171531 | BK25: =SUM(AA25:BH25)/SUM($AA$16:$BH$16) -> 0.0049750136 | BL25: =SUM(E25:Z25) -> 56368 | BM25: =SUM(AA25:BH25) -> 3080000 | BN25: =BL25-'3.1 Emission data'!BN26 -> 56368 | BO25: =BM25-'3.1 Emission data'!BO26 -> 0 | BR25: =INDEX($D$17:$D$25,MATCH(LARGE($BN$17:$BN$25,ROW(BN9)),$BN$17:$BN$25,0)) -> Waste generated in operations | BS25: =VLOOKUP(BR25,$D$17:$BN$32,63,FALSE) -> 18528.793 | BT25: =VLOOKUP(BR25,$D$17:$BO$32,64,FALSE) -> 1001527.2 | BU25: =BS25/$BS$33 -> 0.00046856624 | BV25: =BT25/$BT$33 -> 0.0028479355
C26: Downstream | D26: Downstream transportation and distribution | E26: ='2.2 Boundary incompleteness'!E26 -> 100000 | F26: ='2.2 Boundary incompleteness'!F26 -> 237500 | G26: ='2.4 Carbon intensities'!$J16*'3.2 Emission predictors'!G$12/POWER(10,6) -> 48080.412 | H26: ='2.2 Boundary incompleteness'!H26 -> 37874 | I26: ='2.2 Boundary incompleteness'!I26 -> 10937 | J26: ='2.2 Boundary incompleteness'!J26 -> 0 | K26: ='2.2 Boundary incompleteness'!K26 -> 0 | L26: ='2.2 Boundary incompleteness'!L26 -> 0 | M26: ='2.2 Boundary incompleteness'!M26 -> 0 | N26: ='2.2 Boundary incompleteness'!N26 -> 0 | O26: ='2.2 Boundary incompleteness'!O26 -> 0 | ... T26: ='2.2 Boundary incompleteness'!T26 -> 0 | U26: ='2.4 Carbon intensities'!$J16*'3.2 Emission predictors'!U$12/POWER(10,6) -> 1906.7567 | V26: ='2.2 Boundary incompleteness'!V26 -> 0 | W26: ='2.2 Boundary incompleteness'!W26 -> 0 | X26: ='2.2 Boundary incompleteness'!X26 -> 7 | Y26: ='2.4 Carbon intensities'!$J16*'3.2 Emission predictors'!Y$12/POWER(10,6) -> 655.67081 | Z26: ='2.2 Boundary incompleteness'!Z26 -> 0 | AA26: ='2.2 Boundary incompleteness'!AA26 -> 900000 | AB26: ='2.2 Boundary incompleteness'!AB26 -> 7800000 | AC26: ='2.2 Boundary incompleteness'!AC26 -> 83396 | AD26: ='2.4 Carbon intensities'!$J37*'3.2 Emission predictors'!AD$12/POWER(10,6) -> 249537.09 | AE26: ='2.2 Boundary incompleteness'!AE26 -> 900000 | AF26: ='2.4 Carbon intensities'!$J37*'3.2 Emission predictors'!AF$12/POWER(10,6) -> 128463.29 | AG26: ='2.2 Boundary incompleteness'!AG26 -> 323853 | AH26: =IFERROR('2.4 Carbon intensities'!$J37*'3.2 Emission predictors'!AH$12/POWER(10,6),"") -> 19894.757 | AI26: ='2.2 Boundary incompleteness'!AI26 -> 550 | AJ26: =IFERROR('2.4 Carbon intensities'!$J37*'3.2 Emission predictors'!AJ$12/POWER(10,6),"") -> 20036.862 | AK26: =IFERROR('2.4 Carbon intensities'!$J37*'3.2 Emission predictors'!AK$12/POWER(10,6),"") -> 14375.383 | AL26: =IFERROR('2.4 Carbon intensities'!$J37*'3.2 Emission predictors'!AL$12/POWER(10,6),"") -> 29340.503 | AM26: ='2.2 Boundary incompleteness'!AM26 -> 20605.284 | AN26: =IFERROR('2.4 Carbon intensities'!$J37*'3.2 Emission predictors'!AN$12/POWER(10,6),0) -> 37800.038 | AO26: ='2.2 Boundary incompleteness'!AO26 -> 28 | AP26: =IFERROR('2.4 Carbon intensities'!$J37*'3.2 Emission predictors'!AP$12/POWER(10,6),0) -> 71052.702 | AQ26: =IFERROR('2.4 Carbon intensities'!$J37*'3.2 Emission predictors'!AQ$12/POWER(10,6),"") -> 34247.402 | AR26: =IFERROR('2.4 Carbon intensities'!$J37*'3.2 Emission predictors'!AR$12/POWER(10,6),"") -> 11652.643 | AS26: ='2.2 Boundary incompleteness'!AS26 -> 8000 | AT26: =IFERROR('2.4 Carbon intensities'!$J37*'3.2 Emission predictors'!AT$12/POWER(10,6),0) -> 17763.176 | AU26: =IFERROR('2.4 Carbon intensities'!$J37*'3.2 Emission predictors'!AU$12/POWER(10,6),"") -> 11794.749 | AV26: ='2.2 Boundary incompleteness'!AV26 -> 1000 | AW26: =IFERROR('2.4 Carbon intensities'!$J37*'3.2 Emission predictors'!AW$12/POWER(10,6),0) -> 8810.5351 | AX26: =IFERROR('2.4 Carbon intensities'!$J37*'3.2 Emission predictors'!AX$12/POWER(10,6),0) -> 7247.3756 | AY26: =IFERROR('2.4 Carbon intensities'!$J37*'3.2 Emission predictors'!AY$12/POWER(10,6),"") -> 63094.8 | AZ26: ='2.2 Boundary incompleteness'!AZ26 -> 38562 | BA26: ='2.2 Boundary incompleteness'!BA26 -> 2083 | BB26: =IFERROR('2.4 Carbon intensities'!$J37*'3.2 Emission predictors'!BB$12/POWER(10,6),0) -> 37247.248 | BC26: ='2.2 Boundary incompleteness'!BC26 -> 1977 | BD26: =IFERROR('2.4 Carbon intensities'!$J37*'3.2 Emission predictors'!BD$12/POWER(10,6),"") -> 31398.78 | BE26: ='2.2 Boundary incompleteness'!BE26 -> 130787.49 | BF26: =IFERROR('2.4 Carbon intensities'!$J37*'3.2 Emission predictors'!BF$12/POWER(10,6),0) -> 10231.589 | BG26: ='2.2 Boundary incompleteness'!BG26 -> 2641 | BH26: ='2.2 Boundary incompleteness'!BH26 -> 11457 | BJ26: =SUM(E26:Z26)/SUM($E$16:$Z$16) -> 0.0058396475 | BK26: =SUM(AA26:BH26)/SUM($AA$16:$BH$16) -> 0.017814633 | BL26: =SUM(E26:Z26) -> 437890.84 | BM26: =SUM(AA26:BH26) -> 11028929 | BN26: =BL26-'3.1 Emission data'!BN27 -> 100383.84 | BO26: =BM26-'3.1 Emission data'!BO27 -> 924057.2 | BR26: =INDEX($D$26:$D$32,MATCH(LARGE($BN$26:$BN$32,ROW(BN1)),$BN$26:$BN$32,0)) -> Use of sold products | BS26: =VLOOKUP(BR26,$D$17:$BN$32,63,FALSE) -> 20440638 | BT26: =VLOOKUP(BR26,$D$17:$BO$32,64,FALSE) -> 1.5329878e+08 | BU26: =BS26/$BS$33 -> 0.51691402 | BV26: =BT26/$BT$33 -> 0.43591929
D27: Processing of sold products | E27: ='2.2 Boundary incompleteness'!E27 -> 0 | F27: ='2.2 Boundary incompleteness'!F27 -> 0 | G27: ='2.2 Boundary incompleteness'!G27 -> 0 | H27: ='2.2 Boundary incompleteness'!H27 -> 0 | I27: ='2.2 Boundary incompleteness'!I27 -> 0 | J27: ='2.2 Boundary incompleteness'!J27 -> 0 | K27: ='2.2 Boundary incompleteness'!K27 -> 0 | L27: ='2.2 Boundary incompleteness'!L27 -> 0 | ... X27: ='2.2 Boundary incompleteness'!X27 -> 0 | Y27: =IFERROR('2.4 Carbon intensities'!$J17*'3.2 Emission predictors'!Y$12/POWER(10,6),0) -> 0 | Z27: ='2.2 Boundary incompleteness'!Z27 -> 0 | AA27: ='2.2 Boundary incompleteness'!AA27 -> 0 | AB27: ='2.2 Boundary incompleteness'!AB27 -> 3500000 | AC27: ='2.2 Boundary incompleteness'!AC27 -> 0 | AD27: ='2.4 Carbon intensities'!$J38*'3.2 Emission predictors'!AD$12/POWER(10,6) -> 95999.895 | AE27: ='2.2 Boundary incompleteness'!AE27 -> 3978048.8 | AF27: ='2.4 Carbon intensities'!$J38*'3.2 Emission predictors'!AF$12/POWER(10,6) -> 49421.358 | AG27: ='2.2 Boundary incompleteness'!AG27 -> 0 | AH27: =IFERROR('2.4 Carbon intensities'!$J38*'3.2 Emission predictors'!AH$12/POWER(10,6),0) -> 7653.7501 | AI27: ='2.2 Boundary incompleteness'!AI27 -> 23000 | AJ27: =IFERROR('2.4 Carbon intensities'!$J38*'3.2 Emission predictors'!AJ$12/POWER(10,6),"") -> 7708.4198 | AK27: =IFERROR('2.4 Carbon intensities'!$J38*'3.2 Emission predictors'!AK$12/POWER(10,6),"") -> 5530.3812 | AL27: =IFERROR('2.4 Carbon intensities'!$J38*'3.2 Emission predictors'!AL$12/POWER(10,6),"") -> 11287.641 | AM27: ='2.2 Boundary incompleteness'!AM27 -> 0 | AN27: ='2.2 Boundary incompleteness'!AN27 -> 0 | AO27: =IFERROR('2.4 Carbon intensities'!$J38*'3.2 Emission predictors'!AO$12/POWER(10,6),"") -> 8145.7769 | AP27: ='2.2 Boundary incompleteness'!AP27 -> 0 | AQ27: ='2.2 Boundary incompleteness'!AQ27 -> 0 | AR27: =IFERROR('2.4 Carbon intensities'!$J38*'3.2 Emission predictors'!AR$12/POWER(10,6),"") -> 4482.9108 | AS27: ='2.2 Boundary incompleteness'!AS27 -> 2200 | AT27: =IFERROR('2.4 Carbon intensities'!$J38*'3.2 Emission predictors'!AT$12/POWER(10,6),0) -> 6833.7055 | AU27: =IFERROR('2.4 Carbon intensities'!$J38*'3.2 Emission predictors'!AU$12/POWER(10,6),0) -> 4537.5804 | AV27: ='2.2 Boundary incompleteness'!AV27 -> 12000 | AW27: =IFERROR('2.4 Carbon intensities'!$J38*'3.2 Emission predictors'!AW$12/POWER(10,6),0) -> 3389.5179 | AX27: =IFERROR('2.4 Carbon intensities'!$J38*'3.2 Emission predictors'!AX$12/POWER(10,6),0) -> 2788.1518 | AY27: =IFERROR('2.4 Carbon intensities'!$J38*'3.2 Emission predictors'!AY$12/POWER(10,6),"") -> 24273.322 | AZ27: ='2.2 Boundary incompleteness'!AZ27 -> 0 | BA27: =IFERROR('2.4 Carbon intensities'!$J38*'3.2 Emission predictors'!BA$12/POWER(10,6),0) -> 4318.9019 | BB27: =IFERROR('2.4 Carbon intensities'!$J38*'3.2 Emission predictors'!BB$12/POWER(10,6),0) -> 14329.46 | BC27: ='2.2 Boundary incompleteness'!BC27 -> 9718 | BD27: =IFERROR('2.4 Carbon intensities'!$J38*'3.2 Emission predictors'!BD$12/POWER(10,6),0) -> 12079.485 | BE27: =IFERROR('2.4 Carbon intensities'!$J38*'3.2 Emission predictors'!BE$12/POWER(10,6),0) -> 16127.545 | BF27: =IFERROR('2.4 Carbon intensities'!$J38*'3.2 Emission predictors'!BF$12/POWER(10,6),0) -> 3936.2144 | BG27: ='2.2 Boundary incompleteness'!BG27 -> 0 | BH27: =IFERROR('2.4 Carbon intensities'!$J38*'3.2 Emission predictors'!BH$12/POWER(10,6),0) -> 2120.0888 | BJ27: =SUM(E27:Z27)/SUM($E$16:$Z$16) -> 0 | BK27: =SUM(AA27:BH27)/SUM($AA$16:$BH$16) -> 0.012615101 | BL27: =SUM(E27:Z27) -> 0 | BM27: =SUM(AA27:BH27) -> 7809930.9 | BN27: =BL27-'3.1 Emission data'!BN28 -> 0 | BO27: =BM27-'3.1 Emission data'!BO28 -> 3794682.1 | BR27: =INDEX($D$26:$D$32,MATCH(LARGE($BN$26:$BN$32,ROW(BN2)),$BN$26:$BN$32,0)) -> Downstream transportation and distribution | BS27: =VLOOKUP(BR27,$D$17:$BN$32,63,FALSE) -> 100383.84 | BT27: =VLOOKUP(BR27,$D$17:$BO$32,64,FALSE) -> 924057.2 | BU27: =BS27/$BS$33 -> 0.0025385614 | BV27: =BT27/$BT$33 -> 0.0026276423
D28: Use of sold products | E28: ='2.2 Boundary incompleteness'!E28 -> 4784000 | F28: ='2.2 Boundary incompleteness'!F28 -> 3290695.2 | G28: ='2.2 Boundary incompleteness'!G28 -> 3185286 | H28: ='2.4 Carbon intensities'!$J18*'3.2 Emission predictors'!H$12/POWER(10,6) -> 1602761.4 | I28: ='2.2 Boundary incompleteness'!I28 -> 11721451 | J28: ='2.2 Boundary incompleteness'!J28 -> 0 | K28: ='2.4 Carbon intensities'!$J18*'3.2 Emission predictors'!K$12/POWER(10,6) -> 845901.86 | L28: ='2.2 Boundary incompleteness'!L28 -> 18000 | M28: ='2.2 Boundary incompleteness'!M28 -> 0 | N28: ='2.4 Carbon intensities'!$J18*'3.2 Emission predictors'!N$12/POWER(10,6) -> 364263.96 | O28: ='2.4 Carbon intensities'!$J18*'3.2 Emission predictors'!O$12/POWER(10,6) -> 469495.77 | P28: ='2.2 Boundary incompleteness'!P28 -> 0 | Q28: ='2.2 Boundary incompleteness'!Q28 -> 900463 | R28: ='2.2 Boundary incompleteness'!R28 -> 0 | S28: ='2.4 Carbon intensities'!$J18*'3.2 Emission predictors'!S$12/POWER(10,6) -> 339979.7 | T28: ='2.4 Carbon intensities'!$J18*'3.2 Emission predictors'!T$12/POWER(10,6) -> 339979.7 | U28: ='2.4 Carbon intensities'!$J18*'3.2 Emission predictors'!U$12/POWER(10,6) -> 126320.99 | V28: ='2.4 Carbon intensities'!$J18*'3.2 Emission predictors'!V$12/POWER(10,6) -> 202368.87 | W28: ='2.4 Carbon intensities'!$J18*'3.2 Emission predictors'!W$12/POWER(10,6) -> 105231.81 | X28: ='2.2 Boundary incompleteness'!X28 -> 0 | Y28: ='2.4 Carbon intensities'!$J18*'3.2 Emission predictors'!Y$12/POWER(10,6) -> 43437.627 | Z28: ='2.2 Boundary incompleteness'!Z28 -> 182131.98 | AA28: ='2.2 Boundary incompleteness'!AA28 -> 4700000 | AB28: ='2.2 Boundary incompleteness'!AB28 -> 17000000 | AC28: ='2.2 Boundary incompleteness'!AC28 -> 37865598 | AD28: ='2.4 Carbon intensities'!$J39*'3.2 Emission predictors'!AD$12/POWER(10,6) -> 37744273 | AE28: ='2.2 Boundary incompleteness'!AE28 -> 19321951 | AF28: ='2.2 Boundary incompleteness'!AF28 -> 13650000 | AG28: ='2.2 Boundary incompleteness'!AG28 -> 6577305 | AH28: =IFERROR('2.4 Carbon intensities'!$J39*'3.2 Emission predictors'!AH$12/POWER(10,6),"") -> 3009224.5 | AI28: ='2.2 Boundary incompleteness'!AI28 -> 3649000 | AJ28: =IFERROR('2.4 Carbon intensities'!$J39*'3.2 Emission predictors'!AJ$12/POWER(10,6),0) -> 3030719 | AK28: =IFERROR('2.4 Carbon intensities'!$J39*'3.2 Emission predictors'!AK$12/POWER(10,6),"") -> 2174379.7 | AL28: =IFERROR('2.4 Carbon intensities'!$J39*'3.2 Emission predictors'!AL$12/POWER(10,6),"") -> 4437961.3 | AM28: =IFERROR('2.4 Carbon intensities'!$J39*'3.2 Emission predictors'!AM$12/POWER(10,6),"") -> 3116696.8 | AN28: ='2.2 Boundary incompleteness'!AN28 -> 38410000 | AO28: ='2.2 Boundary incompleteness'!AO28 -> 609252 | AP28: ='2.2 Boundary incompleteness'!AP28 -> 12885000 | AQ28: ='2.2 Boundary incompleteness'!AQ28 -> 32000000 | AR28: =IFERROR('2.4 Carbon intensities'!$J39*'3.2 Emission predictors'!AR$12/POWER(10,6),"") -> 1762545.8 | AS28: ='2.2 Boundary incompleteness'!AS28 -> 15000000 | AT28: ='2.2 Boundary incompleteness'!AT28 -> 12521378 | AU28: ='2.2 Boundary incompleteness'!AU28 -> 614883 | AV28: ='2.2 Boundary incompleteness'!AV28 -> 4183000 | AW28: =IFERROR('2.4 Carbon intensities'!$J39*'3.2 Emission predictors'!AW$12/POWER(10,6),0) -> 1332656.6 | AX28: =IFERROR('2.4 Carbon intensities'!$J39*'3.2 Emission predictors'!AX$12/POWER(10,6),0) -> 1096217.5 | AY28: =IFERROR('2.4 Carbon intensities'!$J39*'3.2 Emission predictors'!AY$12/POWER(10,6),"") -> 9543540.6 | AZ28: ='2.2 Boundary incompleteness'!AZ28 -> 1698062.4 | BA28: ='2.2 Boundary incompleteness'!BA28 -> 10751864 | BB28: =IFERROR('2.4 Carbon intensities'!$J39*'3.2 Emission predictors'!BB$12/POWER(10,6),0) -> 5633913.1 | BC28: ='2.2 Boundary incompleteness'!BC28 -> 915824 | BD28: =IFERROR('2.4 Carbon intensities'!$J39*'3.2 Emission predictors'!BD$12/POWER(10,6),0) -> 4749290.5 | BE28: =IFERROR('2.4 Carbon intensities'!$J39*'3.2 Emission predictors'!BE$12/POWER(10,6),0) -> 6340865.9 | BF28: ='2.2 Boundary incompleteness'!BF28 -> 93288.491 | BG28: ='2.2 Boundary incompleteness'!BG28 -> 1336063 | BH28: =IFERROR('2.4 Carbon intensities'!$J39*'3.2 Emission predictors'!BH$12/POWER(10,6),0) -> 833555.19 | BJ28: =SUM(E28:Z28)/SUM($E$16:$Z$16) -> 0.38036209 | BK28: =SUM(AA28:BH28)/SUM($AA$16:$BH$16) -> 0.51460428 | BL28: =SUM(E28:Z28) -> 28521769 | BM28: =SUM(AA28:BH28) -> 3.1858831e+08 | BN28: =BL28-'3.1 Emission data'!BN29 -> 20440638 | BO28: =BM28-'3.1 Emission data'!BO29 -> 1.5329878e+08 | BR28: =INDEX($D$26:$D$32,MATCH(LARGE($BN$26:$BN$32,ROW(BN3)),$BN$26:$BN$32,0)) -> Investments | BS28: =VLOOKUP(BR28,$D$17:$BN$32,63,FALSE) -> 50699.716 | BT28: =VLOOKUP(BR28,$D$17:$BO$32,64,FALSE) -> 152977.71 | BU28: =BS28/$BS$33 -> 0.0012821221 | BV28: =BT28/$BT$33 -> 0.00043500629
D29: End of life treatment of sold products | E29: ='2.2 Boundary incompleteness'!E29 -> 90000 | F29: ='2.2 Boundary incompleteness'!F29 -> 61906.892 | G29: ='2.4 Carbon intensities'!$J19*'3.2 Emission predictors'!G$12/POWER(10,6) -> 17920.585 | H29: ='2.4 Carbon intensities'!$J19*'3.2 Emission predictors'!H$12/POWER(10,6) -> 9017.2194 | I29: ='2.2 Boundary incompleteness'!I29 -> 0 | J29: ='2.2 Boundary incompleteness'!J29 -> 0 | K29: ='2.2 Boundary incompleteness'!K29 -> 0 | L29: ='2.2 Boundary incompleteness'!L29 -> 0 | M29: ='2.2 Boundary incompleteness'!M29 -> 0 | N29: ='2.2 Boundary incompleteness'!N29 -> 0 | O29: ='2.2 Boundary incompleteness'!O29 -> 0 | P29: ='2.2 Boundary incompleteness'!P29 -> 0 | ... T29: ='2.2 Boundary incompleteness'!T29 -> 0 | U29: ='2.4 Carbon intensities'!$J19*'3.2 Emission predictors'!U$12/POWER(10,6) -> 710.68851 | V29: ='2.2 Boundary incompleteness'!V29 -> 0 | W29: ='2.2 Boundary incompleteness'!W29 -> 0 | X29: ='2.2 Boundary incompleteness'!X29 -> 2 | Y29: ='2.4 Carbon intensities'!$J19*'3.2 Emission predictors'!Y$12/POWER(10,6) -> 244.38236 | Z29: ='2.2 Boundary incompleteness'!Z29 -> 15.93 | AA29: ='2.2 Boundary incompleteness'!AA29 -> 50000 | AB29: ='2.2 Boundary incompleteness'!AB29 -> 800000 | AC29: ='2.2 Boundary incompleteness'!AC29 -> 272 | AD29: ='2.4 Carbon intensities'!$J40*'3.2 Emission predictors'!AD$12/POWER(10,6) -> 373884.37 | AE29: ='2.2 Boundary incompleteness'!AE29 -> 200000 | AF29: ='2.4 Carbon intensities'!$J40*'3.2 Emission predictors'!AF$12/POWER(10,6) -> 192478.06 | AG29: ='2.2 Boundary incompleteness'!AG29 -> 26047 | AH29: =IFERROR('2.4 Carbon intensities'!$J40*'3.2 Emission predictors'!AH$12/POWER(10,6),0) -> 29808.549 | AI29: ='2.2 Boundary incompleteness'!AI29 -> 950 | AJ29: ='2.2 Boundary incompleteness'!AJ29 -> 350 | AK29: =IFERROR('2.4 Carbon intensities'!$J40*'3.2 Emission predictors'!AK$12/POWER(10,6),"") -> 21538.806 | AL29: =IFERROR('2.4 Carbon intensities'!$J40*'3.2 Emission predictors'!AL$12/POWER(10,6),"") -> 43961.223 | AM29: ='2.2 Boundary incompleteness'!AM29 -> 0 | AN29: =IFERROR('2.4 Carbon intensities'!$J40*'3.2 Emission predictors'!AN$12/POWER(10,6),0) -> 56636.244 | AO29: ='2.2 Boundary incompleteness'!AO29 -> 9174 | AP29: ='2.2 Boundary incompleteness'!AP29 -> 273500 | AQ29: =IFERROR('2.4 Carbon intensities'!$J40*'3.2 Emission predictors'!AQ$12/POWER(10,6),0) -> 51313.288 | AR29: =IFERROR('2.4 Carbon intensities'!$J40*'3.2 Emission predictors'!AR$12/POWER(10,6),"") -> 17459.293 | AS29: ='2.2 Boundary incompleteness'!AS29 -> 50000 | AT29: =IFERROR('2.4 Carbon intensities'!$J40*'3.2 Emission predictors'!AT$12/POWER(10,6),0) -> 26614.776 | AU29: ='2.2 Boundary incompleteness'!AU29 -> 8456068 | AV29: ='2.2 Boundary incompleteness'!AV29 -> 5000 | AW29: =IFERROR('2.4 Carbon intensities'!$J40*'3.2 Emission predictors'!AW$12/POWER(10,6),0) -> 13200.929 | AX29: =IFERROR('2.4 Carbon intensities'!$J40*'3.2 Emission predictors'!AX$12/POWER(10,6),0) -> 10858.829 | AY29: =IFERROR('2.4 Carbon intensities'!$J40*'3.2 Emission predictors'!AY$12/POWER(10,6),"") -> 94535.685 | AZ29: =IFERROR('2.4 Carbon intensities'!$J40*'3.2 Emission predictors'!AZ$12/POWER(10,6),"") -> 16820.538 | BA29: ='2.2 Boundary incompleteness'!BA29 -> 107179 | BB29: =IFERROR('2.4 Carbon intensities'!$J40*'3.2 Emission predictors'!BB$12/POWER(10,6),0) -> 55807.992 | BC29: ='2.2 Boundary incompleteness'!BC29 -> 149635 | BD29: =IFERROR('2.4 Carbon intensities'!$J40*'3.2 Emission predictors'!BD$12/POWER(10,6),0) -> 47045.164 | BE29: =IFERROR('2.4 Carbon intensities'!$J40*'3.2 Emission predictors'!BE$12/POWER(10,6),0) -> 62810.872 | BF29: ='2.2 Boundary incompleteness'!BF29 -> 2057 | BG29: ='2.2 Boundary incompleteness'!BG29 -> 16073 | BH29: =IFERROR('2.4 Carbon intensities'!$J40*'3.2 Emission predictors'!BH$12/POWER(10,6),0) -> 8256.9681 | BJ29: =SUM(E29:Z29)/SUM($E$16:$Z$16) -> 0.0023980222 | BK29: =SUM(AA29:BH29)/SUM($AA$16:$BH$16) -> 0.018202955 | BL29: =SUM(E29:Z29) -> 179817.7 | BM29: =SUM(AA29:BH29) -> 11269337 | BN29: =BL29-'3.1 Emission data'!BN30 -> 27892.875 | BO29: =BM29-'3.1 Emission data'!BO30 -> 10639543 | BR29: =INDEX($D$26:$D$32,MATCH(LARGE($BN$26:$BN$32,ROW(BN4)),$BN$26:$BN$32,0)) -> End of life treatment of sold products | BS29: =VLOOKUP(BR29,$D$17:$BN$32,63,FALSE) -> 27892.875 | BT29: =VLOOKUP(BR29,$D$17:$BO$32,64,FALSE) -> 10639543 | BU29: =BS29/$BS$33 -> 0.00070537028 | BV29: =BT29/$BT$33 -> 0.030254525
D30: Downstream leased assets | E30: ='2.2 Boundary incompleteness'!E30 -> 1690 | F30: ='2.2 Boundary incompleteness'!F30 -> 0 | G30: ='2.2 Boundary incompleteness'!G30 -> 0 | H30: ='2.2 Boundary incompleteness'!H30 -> 11653 | I30: ='2.2 Boundary incompleteness'!I30 -> 0 | J30: ='2.2 Boundary incompleteness'!J30 -> 0 | K30: ='2.2 Boundary incompleteness'!K30 -> 0 | L30: ='2.2 Boundary incompleteness'!L30 -> 0 | ... N30: ='2.2 Boundary incompleteness'!N30 -> 0 | O30: ='2.4 Carbon intensities'!$J20*'3.2 Emission predictors'!O$12/POWER(10,6) -> 1789.6798 | P30: ='2.2 Boundary incompleteness'!P30 -> 0 | Q30: ='2.2 Boundary incompleteness'!Q30 -> 0 | R30: ='2.4 Carbon intensities'!$J20*'3.2 Emission predictors'!R$12/POWER(10,6) -> 925.69643 | S30: ='2.2 Boundary incompleteness'!S30 -> 0 | T30: ='2.2 Boundary incompleteness'!T30 -> 0 | U30: ='2.2 Boundary incompleteness'!U30 -> 0 | V30: ='2.2 Boundary incompleteness'!V30 -> 0 | W30: ='2.2 Boundary incompleteness'!W30 -> 0 | X30: ='2.2 Boundary incompleteness'!X30 -> 0 | Y30: ='2.4 Carbon intensities'!$J20*'3.2 Emission predictors'!Y$12/POWER(10,6) -> 165.58071 | Z30: ='2.4 Carbon intensities'!$J20*'3.2 Emission predictors'!Z$12/POWER(10,6) -> 694.27232 | AA30: ='2.2 Boundary incompleteness'!AA30 -> 0 | AB30: ='2.2 Boundary incompleteness'!AB30 -> 5300 | AC30: ='2.2 Boundary incompleteness'!AC30 -> 0 | AD30: ='2.4 Carbon intensities'!$J41*'3.2 Emission predictors'!AD$12/POWER(10,6) -> 18792.873 | AE30: =IFERROR('2.4 Carbon intensities'!$J41*'3.2 Emission predictors'!AE$12/POWER(10,6),0) -> 6282.1278 | AF30: ='2.4 Carbon intensities'!$J41*'3.2 Emission predictors'!AF$12/POWER(10,6) -> 9674.6909 | AG30: ='2.2 Boundary incompleteness'!AG30 -> 0 | AH30: =IFERROR('2.4 Carbon intensities'!$J41*'3.2 Emission predictors'!AH$12/POWER(10,6),0) -> 1498.2928 | AI30: ='2.2 Boundary incompleteness'!AI30 -> 0 | AJ30: ='2.2 Boundary incompleteness'!AJ30 -> 0 | AK30: =IFERROR('2.4 Carbon intensities'!$J41*'3.2 Emission predictors'!AK$12/POWER(10,6),"") -> 1082.6236 | AL30: ='2.2 Boundary incompleteness'!AL30 -> 0 | AM30: ='2.2 Boundary incompleteness'!AM30 -> 0 | AN30: =IFERROR('2.4 Carbon intensities'!$J41*'3.2 Emission predictors'!AN$12/POWER(10,6),0) -> 2846.7564 | AO30: ='2.2 Boundary incompleteness'!AO30 -> 0 | AP30: =IFERROR('2.4 Carbon intensities'!$J41*'3.2 Emission predictors'!AP$12/POWER(10,6),0) -> 5351.0458 | AQ30: =IFERROR('2.4 Carbon intensities'!$J41*'3.2 Emission predictors'!AQ$12/POWER(10,6),0) -> 2579.2041 | AR30: =IFERROR('2.4 Carbon intensities'!$J41*'3.2 Emission predictors'!AR$12/POWER(10,6),0) -> 877.57152 | AS30: ='2.2 Boundary incompleteness'!AS30 -> 0 | AT30: ='2.2 Boundary incompleteness'!AT30 -> 0 | AU30: =IFERROR('2.4 Carbon intensities'!$J41*'3.2 Emission predictors'!AU$12/POWER(10,6),0) -> 888.27361 | AV30: ='2.2 Boundary incompleteness'!AV30 -> 5000 | AW30: ='2.2 Boundary incompleteness'!AW30 -> 0 | AX30: =IFERROR('2.4 Carbon intensities'!$J41*'3.2 Emission predictors'!AX$12/POWER(10,6),0) -> 545.80668 | AY30: =IFERROR('2.4 Carbon intensities'!$J41*'3.2 Emission predictors'!AY$12/POWER(10,6),"") -> 4751.7287 | AZ30: ='2.2 Boundary incompleteness'!AZ30 -> 6497.75 | BA30: =IFERROR('2.4 Carbon intensities'!$J41*'3.2 Emission predictors'!BA$12/POWER(10,6),0) -> 845.46524 | BB30: =IFERROR('2.4 Carbon intensities'!$J41*'3.2 Emission predictors'!BB$12/POWER(10,6),0) -> 2805.1253 | BC30: ='2.2 Boundary incompleteness'!BC30 -> 0 | BD30: =IFERROR('2.4 Carbon intensities'!$J41*'3.2 Emission predictors'!BD$12/POWER(10,6),0) -> 2364.6717 | BE30: =IFERROR('2.4 Carbon intensities'!$J41*'3.2 Emission predictors'!BE$12/POWER(10,6),0) -> 3157.117 | BF30: ='2.2 Boundary incompleteness'!BF30 -> 111.50907 | BG30: ='2.2 Boundary incompleteness'!BG30 -> 0 | BH30: =IFERROR('2.4 Carbon intensities'!$J41*'3.2 Emission predictors'!BH$12/POWER(10,6),0) -> 415.02712 | BJ30: =SUM(E30:Z30)/SUM($E$16:$Z$16) -> 0.000225619 | BK30: =SUM(AA30:BH30)/SUM($AA$16:$BH$16) -> 0.00013191484 | BL30: =SUM(E30:Z30) -> 16918.229 | BM30: =SUM(AA30:BH30) -> 81667.66 | BN30: =BL30-'3.1 Emission data'!BN31 -> 15228.229 | BO30: =BM30-'3.1 Emission data'!BO31 -> 70169.91 | BR30: =INDEX($D$26:$D$32,MATCH(LARGE($BN$26:$BN$32,ROW(BN5)),$BN$26:$BN$32,0)) -> Downstream leased assets | BS30: =VLOOKUP(BR30,$D$17:$BN$32,63,FALSE) -> 15228.229 | BT30: =VLOOKUP(BR30,$D$17:$BO$32,64,FALSE) -> 70169.91 | BU30: =BS30/$BS$33 -> 0.00038509978 | BV30: =BT30/$BT$33 -> 0.00019953464
D31: Franchises | E31: ='2.2 Boundary incompleteness'!E31 -> 0 | F31: ='2.2 Boundary incompleteness'!F31 -> 0 | G31: ='2.2 Boundary incompleteness'!G31 -> 0 | H31: ='2.2 Boundary incompleteness'!H31 -> 0 | I31: ='2.2 Boundary incompleteness'!I31 -> 0 | J31: ='2.2 Boundary incompleteness'!J31 -> 0 | K31: ='2.2 Boundary incompleteness'!K31 -> 0 | L31: ='2.2 Boundary incompleteness'!L31 -> 0 | ... X31: ='2.2 Boundary incompleteness'!X31 -> 0 | Y31: =IFERROR('2.4 Carbon intensities'!$J21*'3.2 Emission predictors'!Y$12/POWER(10,6),0) -> 0 | Z31: ='2.2 Boundary incompleteness'!Z31 -> 0 | AA31: ='2.2 Boundary incompleteness'!AA31 -> 0 | AB31: ='2.2 Boundary incompleteness'!AB31 -> 0 | AC31: ='2.2 Boundary incompleteness'!AC31 -> 0 | AD31: =IFERROR('2.4 Carbon intensities'!$J42*'3.2 Emission predictors'!AD$12/POWER(10,6),"") | AE31: ='2.2 Boundary incompleteness'!AE31 -> 0 | AF31: =IFERROR('2.4 Carbon intensities'!$J42*'3.2 Emission predictors'!AF$12/POWER(10,6),0) -> 0 | AG31: ='2.2 Boundary incompleteness'!AG31 -> 0 | AH31: ='2.2 Boundary incompleteness'!AH31 -> 0 | AI31: ='2.2 Boundary incompleteness'!AI31 -> 0 | AJ31: ='2.2 Boundary incompleteness'!AJ31 -> 0 | AK31: =IFERROR('2.4 Carbon intensities'!$J42*'3.2 Emission predictors'!AK$12/POWER(10,6),0) -> 0 | AL31: ='2.2 Boundary incompleteness'!AL31 -> 0 | AM31: ='2.2 Boundary incompleteness'!AM31 -> 0 | AN31: ='2.2 Boundary incompleteness'!AN31 -> 0 | AO31: ='2.2 Boundary incompleteness'!AO31 -> 0 | AP31: ='2.2 Boundary incompleteness'!AP31 -> 0 | AQ31: =IFERROR('2.4 Carbon intensities'!$J42*'3.2 Emission predictors'!AQ$12/POWER(10,6),0) -> 0 | AR31: =IFERROR('2.4 Carbon intensities'!$J42*'3.2 Emission predictors'!AR$12/POWER(10,6),0) -> 0 | AS31: ='2.2 Boundary incompleteness'!AS31 -> 0 | AT31: ='2.2 Boundary incompleteness'!AT31 -> 0 | AU31: ='2.2 Boundary incompleteness'!AU31 -> 0 | AV31: ='2.2 Boundary incompleteness'!AV31 -> 0 | AW31: ='2.2 Boundary incompleteness'!AW31 -> 0 | AX31: =IFERROR('2.4 Carbon intensities'!$J42*'3.2 Emission predictors'!AX$12/POWER(10,6),0) -> 0 | AY31: =IFERROR('2.4 Carbon intensities'!$J42*'3.2 Emission predictors'!AY$12/POWER(10,6),0) -> 0 | AZ31: ='2.2 Boundary incompleteness'!AZ31 -> 0 | BA31: =IFERROR('2.4 Carbon intensities'!$J42*'3.2 Emission predictors'!BA$12/POWER(10,6),0) -> 0 | BB31: ='2.2 Boundary incompleteness'!BB31 -> 0 | BC31: ='2.2 Boundary incompleteness'!BC31 -> 0 | BD31: =IFERROR('2.4 Carbon intensities'!$J42*'3.2 Emission predictors'!BD$12/POWER(10,6),0) -> 0 | BE31: ='2.2 Boundary incompleteness'!BE31 -> 0 | BF31: ='2.2 Boundary incompleteness'!BF31 -> 0 | BG31: ='2.2 Boundary incompleteness'!BG31 -> 0 | BH31: ='2.2 Boundary incompleteness'!BH31 -> 0 | BJ31: =SUM(E31:Z31)/SUM($E$16:$Z$16) -> 0 | BK31: =SUM(AA31:BH31)/SUM($AA$16:$BH$16) -> 0 | BL31: =SUM(E31:Z31) -> 0 | BM31: =SUM(AA31:BH31) -> 0 | BN31: =BL31-'3.1 Emission data'!BN32 -> 0 | BO31: =BM31-'3.1 Emission data'!BO32 -> 0 | BR31: =INDEX($D$26:$D$32,MATCH(LARGE($BN$26:$BN$32,ROW(BN6)),$BN$26:$BN$32,0)) -> Processing of sold products | BS31: =VLOOKUP(BR31,$D$17:$BN$32,63,FALSE) -> 0 | BT31: =VLOOKUP(BR31,$D$17:$BO$32,64,FALSE) -> 3794682.1 | BU31: =BS31/$BS$33 -> 0 | BV31: =BT31/$BT$33 -> 0.01079053
D32: Investments | E32: ='2.4 Carbon intensities'!$J22*'3.2 Emission predictors'!E$12/POWER(10,6) -> 19845.158 | F32: ='2.2 Boundary incompleteness'!F32 -> 0 | G32: ='2.4 Carbon intensities'!$J22*'3.2 Emission predictors'!G$12/POWER(10,6) -> 13213.316 | H32: ='2.4 Carbon intensities'!$J22*'3.2 Emission predictors'!H$12/POWER(10,6) -> 6648.6316 | I32: ='2.2 Boundary incompleteness'!I32 -> 0 | J32: ='2.4 Carbon intensities'!$J22*'3.2 Emission predictors'!J$12/POWER(10,6) -> 7135.5263 | K32: ='2.2 Boundary incompleteness'!K32 -> 0 | L32: ='2.2 Boundary incompleteness'!L32 -> 2233 | M32: ='2.2 Boundary incompleteness'!M32 -> 0 | N32: ='2.2 Boundary incompleteness'!N32 -> 0 | O32: ='2.2 Boundary incompleteness'!O32 -> 0 | P32: ='2.2 Boundary incompleteness'!P32 -> 0 | Q32: ='2.2 Boundary incompleteness'!Q32 -> 0 | R32: ='2.4 Carbon intensities'!$J22*'3.2 Emission predictors'!R$12/POWER(10,6) -> 1007.3684 | S32: ='2.2 Boundary incompleteness'!S32 -> 0 | T32: ='2.2 Boundary incompleteness'!T32 -> 0 | U32: ='2.2 Boundary incompleteness'!U32 -> 0 | V32: ='2.2 Boundary incompleteness'!V32 -> 0 | W32: ='2.4 Carbon intensities'!$J22*'3.2 Emission predictors'!W$12/POWER(10,6) -> 436.52632 | X32: ='2.2 Boundary incompleteness'!X32 -> 0 | Y32: ='2.4 Carbon intensities'!$J22*'3.2 Emission predictors'!Y$12/POWER(10,6) -> 180.1895 | Z32: ='2.2 Boundary incompleteness'!Z32 -> 0 | AA32: ='2.2 Boundary incompleteness'!AA32 -> 0 | AB32: ='2.2 Boundary incompleteness'!AB32 -> 43000 | AC32: ='2.2 Boundary incompleteness'!AC32 -> 0 | AD32: ='2.4 Carbon intensities'!$J43*'3.2 Emission predictors'!AD$12/POWER(10,6) -> 33736.71 | AE32: ='2.2 Boundary incompleteness'!AE32 -> 0 | AF32: ='2.4 Carbon intensities'!$J43*'3.2 Emission predictors'!AF$12/POWER(10,6) -> 17367.874 | AG32: =IFERROR('2.4 Carbon intensities'!$J43*'3.2 Emission predictors'!AG$12/POWER(10,6),0) -> 5878.9484 | AH32: =IFERROR('2.4 Carbon intensities'!$J43*'3.2 Emission predictors'!AH$12/POWER(10,6),0) -> 2689.715 | AI32: ='2.2 Boundary incompleteness'!AI32 -> 0 | AJ32: ='2.2 Boundary incompleteness'!AJ32 -> 0 | AK32: =IFERROR('2.4 Carbon intensities'!$J43*'3.2 Emission predictors'!AK$12/POWER(10,6),"") -> 1943.5112 | AL32: =IFERROR('2.4 Carbon intensities'!$J43*'3.2 Emission predictors'!AL$12/POWER(10,6),"") -> 3966.7532 | AM32: ='2.2 Boundary incompleteness'!AM32 -> 0 | AN32: =IFERROR('2.4 Carbon intensities'!$J43*'3.2 Emission predictors'!AN$12/POWER(10,6),0) -> 5110.4584 | AO32: ='2.2 Boundary incompleteness'!AO32 -> 0 | AP32: ='2.2 Boundary incompleteness'!AP32 -> 0 | AQ32: ='2.2 Boundary incompleteness'!AQ32 -> incl. In other categories | AR32: =IFERROR('2.4 Carbon intensities'!$J43*'3.2 Emission predictors'!AR$12/POWER(10,6),0) -> 1575.4045 | AS32: ='2.2 Boundary incompleteness'!AS32 -> 0 | AT32: ='2.2 Boundary incompleteness'!AT32 -> 0 | AU32: =IFERROR('2.4 Carbon intensities'!$J43*'3.2 Emission predictors'!AU$12/POWER(10,6),0) -> 1594.6167 | AV32: ='2.2 Boundary incompleteness'!AV32 -> 5000 | AW32: =IFERROR('2.4 Carbon intensities'!$J43*'3.2 Emission predictors'!AW$12/POWER(10,6),0) -> 1191.1595 | AX32: =IFERROR('2.4 Carbon intensities'!$J43*'3.2 Emission predictors'!AX$12/POWER(10,6),0) -> 979.82473 | AY32: =IFERROR('2.4 Carbon intensities'!$J43*'3.2 Emission predictors'!AY$12/POWER(10,6),"") -> 8530.2389 | AZ32: ='2.2 Boundary incompleteness'!AZ32 -> 0 | BA32: ='2.2 Boundary incompleteness'!BA32 -> 326 | BB32: =IFERROR('2.4 Carbon intensities'!$J43*'3.2 Emission predictors'!BB$12/POWER(10,6),0) -> 5035.7228 | BC32: =IFERROR('2.4 Carbon intensities'!$J43*'3.2 Emission predictors'!BC$12/POWER(10,6),"") -> 6167.1322 | BD32: =IFERROR('2.4 Carbon intensities'!$J43*'3.2 Emission predictors'!BD$12/POWER(10,6),0) -> 4245.0265 | BE32: =IFERROR('2.4 Carbon intensities'!$J43*'3.2 Emission predictors'!BE$12/POWER(10,6),"") -> 5667.6137 | BF32: ='2.2 Boundary incompleteness'!BF32 -> 3971 | BG32: ='2.2 Boundary incompleteness'!BG32 -> 0 | BH32: ='2.2 Boundary incompleteness'!BH32 -> 0 | BJ32: =SUM(E32:Z32)/SUM($E$16:$Z$16) -> 0.00067612391 | BK32: =SUM(AA32:BH32)/SUM($AA$16:$BH$16) -> 0.00025517573 | BL32: =SUM(E32:Z32) -> 50699.716 | BM32: =SUM(AA32:BH32) -> 157977.71 | BN32: =BL32-'3.1 Emission data'!BN33 -> 50699.716 | BO32: =BM32-'3.1 Emission data'!BO33 -> 152977.71 | BR32: Franchise | BS32: 0 | BT32: 0 | BU32: =BS32/$BS$33 -> 0 | BV32: =BT32/$BT$33 -> 0
C33: Harmonized carbon footprint | E33: =E16+E12+E11 -> 18369130 | F33: =F16+F12+F11 -> 15319682 | G33: =G16+G12+G11 -> 8626652 | H33: =H16+H12+H11 -> 3860524.3 | I33: =I16+I12+I11 -> 13578959 | J33: =J16+J12+J11 -> 3226431.6 | K33: =K16+K12+K11 -> 2497810.2 | L33: =L16+L12+L11 -> 1088974 | ... BH33: =BH16+BH12+BH11 -> 1743980.4 | BL33: =SUM(BL17:BL32) -> 74985835 | BM33: =SUM(BM17:BM32) -> 6.1909379e+08 | BN33: =SUM(BN17:BN32) -> 39543593 | BO33: =SUM(BO17:BO32) -> 3.5166781e+08 | BS33: =SUM(BS17:BS32) -> 39543593 | BT33: =SUM(BT17:BT32) -> 3.5166781e+08
C35: Initial carbon footprint (scope 3 from CR) | E35: ='3.1 Emission data'!E35 -> 17608572 | F35: ='3.1 Emission data'!F35 -> 15027224 | G35: ='3.1 Emission data'!G35 -> 1417346 | H35: ='3.1 Emission data'!H35 -> 379532 | I35: ='3.1 Emission data'!I35 -> 734000 | J35: ='3.1 Emission data'!J35 -> 1189794 | K35: ='3.1 Emission data'!K35 -> 437366 | L35: ='3.1 Emission data'!L35 -> 317668 | ... BH35: ='3.1 Emission data'!BH35 -> 74535.6 | BN35: Upstream | BO35: =SUM(BN17:BN25)+SUM(BO17:BO25) -> 2.0169635e+08
C36: Deviation due to activity exclusion | E36: =E16-'2.2 Boundary incompleteness'!E16 -> 19845.158 | F36: =F16-'2.2 Boundary incompleteness'!F16 -> 292458.19 | G36: =G16-'2.2 Boundary incompleteness'!G16 -> 776328.62 | H36: =H16-'2.2 Boundary incompleteness'!H16 -> 1618427.3 | I36: =I16-'2.2 Boundary incompleteness'!I16 -> 0 | J36: =J16-'2.2 Boundary incompleteness'!J16 -> 1182016.3 | K36: =K16-'2.2 Boundary incompleteness'!K16 -> 845901.86 | L36: =L16-'2.2 Boundary incompleteness'!L16 -> 0 | ... BH36: =BH16-'2.2 Boundary incompleteness'!BH16 -> 1612925.4 | BN36: Downstream | BO36: =SUM(BN26:BN32)+SUM(BO26:BO32) -> 1.8951505e+08
AA38: =AA18/AA16 -> 0.13492562 | AB38: =AB18/AB16 -> 0.088977184 | AC38: =AC18/AC16 -> 0.00087589653 | AE38: =AE18/AE16 -> 0.0041224912 | AF38: =AF18/AF16 -> 0.0083494821 | AG38: =AG18/AG16 -> 0.0089856759 | AH38: =AH18/AH16 -> 0.03691629 | AI38: =AI18/AI16 -> 0.00098164222 | AJ38: =AJ18/AJ16 -> 0.094672106 | AK38: =AK18/AK16 -> 0.083036322 | AL38: =AL18/AL16 -> 0.023171362 | AN38: =AN18/AN16 -> 0.0088444604 | AO38: =AO18/AO16 -> 0.044427066 | AP38: =AP18/AP16 -> 0.0052887678 | AQ38: =AQ18/AQ16 -> 0.0028816888 | AR38: =AR18/AR16 -> 0.022041982 | AS38: =AS18/AS16 -> 0.011911569 | AT38: =AT18/AT16 -> 0.028156703 | AU38: =AU18/AU16 -> 0.041196782 | ... AW38: =AW18/AW16 -> 0.016198661 | AY38: =AY18/AY16 -> 0.010304825 | AZ38: =AZ18/AZ16 -> 0.024717723 | BA38: =BA18/BA16 -> 0.0095218433 | BB38: =BB18/BB16 -> 0.012785866 | BC38: =BC18/BC16 -> 7.1479887e-07 | BD38: =BD18/BD16 -> 0.017971419 | BE38: =BE18/BE16 -> 0.0087189921 | BF38: =BF18/BF16 -> 0.39454375 | ... BH38: =BH18/BH16 -> 0.018648161
C39: Special case: Calculation without emission predictor | D39: Purchachsed goods and services | E39: =E19/E16 -> 0.030395006 | F39: =F19/F16 -> 0.019793676 | G39: =G19/G16 -> 0.070338617 | H39: =H19/H16 -> 0.0062473565 | I39: =I19/I16 -> 0.0059699266 | J39: =J19/J16 -> 0 | K39: =K19/K16 -> 0.083087909 | L39: =L19/L16 -> 0.073291115 | ... X39: =X19/X16 -> 0.015622083 | Z39: =Z19/Z16 -> 0.019108531 | AA39: =AA19/AA16 -> 0.0010511836 | AB39: =AB19/AB16 -> 0.0094669058 | AC39: =AC19/AC16 -> 0.00087550257 | AE39: =AE19/AE16 -> 0.0020612456 | AF39: =AF19/AF16 -> 0.0041309775 | AG39: =AG19/AG16 -> 0.009351056 | AH39: =AH19/AH16 -> 0.030615064 | AI39: =AI19/AI16 -> 0.01125722 | AJ39: =AJ19/AJ16 -> 0.01266656 | AK39: =AK19/AK16 -> 0.13756293 | AL39: =AL19/AL16 -> 0.02886686 | AN39: =AN19/AN16 -> 0.003132067 | AO39: =AO19/AO16 -> 0.033885823 | AP39: =AP19/AP16 -> 0.00050191443 | AQ39: =AQ19/AQ16 -> 0.0010525235 | AR39: =AR19/AR16 -> 0.02808859 | AS39: =AS19/AS16 -> 0.01131599 | AT39: =AT19/AT16 -> 0.031524754 | AU39: =AU19/AU16 -> 0.066636278 | ... AW39: =AW19/AW16 -> 0.0093284285 | AY39: =AY19/AY16 -> 0.0052346883 | AZ39: =AZ19/AZ16 -> 0.026663072 | BA39: =BA19/BA16 -> 0.01548896 | BB39: =BB19/BB16 -> 0.019057992 | BC39: =BC19/BC16 -> 0.0038090496 | BD39: =BD19/BD16 -> 0.01756604 | BF39: =BF19/BF16 -> 0.0099248717 | BG39: =BG19/BG16 -> 0.0013088501 | BH39: =BH19/BH16 -> 0.011413013
D40: Fuel- and energy-related activities
D44: Specific color code: | E44: Excluded and newly calculated categories (Activity exclusion): | F44: Categories we deem to be relevant but not calculated and recalculeted using median category-specific carbon intensities (see 2.4) and emissions predictors (see 3.2)
E45: Special case: Activity exclusion recalculated without emission predictor: | F45: Excluded categories which needs to be calculated according to the harmonized distribution of scope 3 emissions in the absence of an emission predictor (only relevant for four emission figures from two scope 3 categories)
E46: Incomplete and recalculated categories (Boundary incompleteness): | F46: Emission figures we deem to be incomplete and recalculeted using category median specific-carbon intensities (see 2.4) and emissions predictors (see 3.2)
E47: Incomplete but unchanged: | F47: Emission figures we deem to be incomplete but left unchanged since they show higher individual carbon intensities compared to the median category specific carbon intensities (see 2.4)

Sheet 2.2 Boundary incompleteness
C3: Boundary incompleteness
E5: IT software & services (ITSS) companies | AA5: Technology Hardware & Equipment (THE) companies
C7: Company | E7: ='3.1 Emission data'!E7 -> Microsoft Corporation | F7: ='3.1 Emission data'!F7 -> Alphabet, Inc. | G7: ='3.1 Emission data'!G7 -> International Business Machines (IBM) | H7: ='3.1 Emission data'!H7 -> Oracle Corporation | I7: ='3.1 Emission data'!I7 -> SAP SE | J7: ='3.1 Emission data'!J7 -> Accenture | K7: ='3.1 Emission data'!K7 -> Tata Consultancy Services | L7: ='3.1 Emission data'!L7 -> Salesforce.com, Inc. | ... BH7: ='3.1 Emission data'!BH7 -> Keysight Technologies Inc
C8: Reporting period | E8: ='3.1 Emission data'!E8 -> 2017-07-01 | F8: ='3.1 Emission data'!F8 -> 2018-01-01 | G8: ='3.1 Emission data'!G8 -> 2018-01-01 | H8: ='3.1 Emission data'!H8 -> 2018-01-01 | I8: ='3.1 Emission data'!I8 -> 2018-01-01 | J8: ='3.1 Emission data'!J8 -> 2017-09-01 | K8: ='3.1 Emission data'!K8 -> 2018-04-01 | L8: ='3.1 Emission data'!L8 -> 2018-02-01 | ... AH8: ='3.1 Emission data'!AH8 -> 2017-09-30 | AI8: 04/2018-03/2019 | AJ8: ='3.1 Emission data'!AJ8 -> 2018-04-01 | AK8: ='3.1 Emission data'!AK8 -> 2017-01-01 | AL8: ='3.1 Emission data'!AL8 -> 2018-01-01 | AM8: ='3.1 Emission data'!AM8 -> 2018-01-01 | AN8: ='3.1 Emission data'!AN8 -> 2018-01-01 | AO8: ='3.1 Emission data'!AO8 -> 2018-04-01 | AP8: 04/2018-03/2019 | AQ8: ='3.1 Emission data'!AQ8 -> 2018-01-01 | AR8: ='3.1 Emission data'!AR8 -> 2018-01-01 | AS8: ='3.1 Emission data'!AS8 -> 2018-01-01 | AT8: ='3.1 Emission data'!AT8 -> 2018-04-01 | AU8: ='3.1 Emission data'!AU8 -> 2018-01-01 | AV8: ='3.1 Emission data'!AV8 -> 2018-04-01 | AW8: ='3.1 Emission data'!AW8 -> 2018-01-01 | AX8: ='3.1 Emission data'!AX8 -> 2018-04-01 | AY8: 2018 | AZ8: ='3.1 Emission data'!AZ8 -> 2018-01-01 | BA8: ='3.1 Emission data'!BA8 -> 2018-04-01 | BB8: ='3.1 Emission data'!BB8 -> 2018-01-01 | BC8: ='3.1 Emission data'!BC8 -> 2018-01-01 | BD8: ='3.1 Emission data'!BD8 -> 2017-09-01 | BE8: ='3.1 Emission data'!BE8 -> 2018-01-01 | BF8: ='3.1 Emission data'!BF8 -> 2018-04-01 | BG8: ='3.1 Emission data'!BG8 -> 2018-01-01 | BH8: ='3.1 Emission data'!BH8 -> 2017-11-01
E9: ='3.1 Emission data'!E9 -> 2018-06-30 | F9: ='3.1 Emission data'!F9 -> 2018-12-31 | G9: ='3.1 Emission data'!G9 -> 2018-12-31 | H9: ='3.1 Emission data'!H9 -> 2018-12-31 | I9: ='3.1 Emission data'!I9 -> 2018-12-31 | J9: ='3.1 Emission data'!J9 -> 2018-08-31 | K9: ='3.1 Emission data'!K9 -> 2019-03-31 | L9: ='3.1 Emission data'!L9 -> 2019-01-31 | ... AH9: ='3.1 Emission data'!AH9 -> 2018-09-29 | AJ9: ='3.1 Emission data'!AJ9 -> 2019-03-31 | AK9: ='3.1 Emission data'!AK9 -> 2017-12-31 | AL9: ='3.1 Emission data'!AL9 -> 2018-12-31 | AM9: ='3.1 Emission data'!AM9 -> 2018-12-31 | AO9: ='3.1 Emission data'!AO9 -> 2019-03-31 | AQ9: ='3.1 Emission data'!AQ9 -> 2018-12-31 | AR9: ='3.1 Emission data'!AR9 -> 2018-12-31 | AS9: ='3.1 Emission data'!AS9 -> 2018-12-31 | AT9: ='3.1 Emission data'!AT9 -> 2019-03-31 | AU9: ='3.1 Emission data'!AU9 -> 2018-12-31 | AW9: ='3.1 Emission data'!AW9 -> 2018-12-31 | AX9: ='3.1 Emission data'!AX9 -> 2019-03-31 | AZ9: ='3.1 Emission data'!AZ9 -> 2018-12-31 | BA9: ='3.1 Emission data'!BA9 -> 2019-03-31 | BB9: ='3.1 Emission data'!BB9 -> 2018-12-31 | BD9: ='3.1 Emission data'!BD9 -> 2018-08-31 | BF9: ='3.1 Emission data'!BF9 -> 2019-03-31 | BG9: ='3.1 Emission data'!BG9 -> 2018-12-31 | BH9: ='3.1 Emission data'!BH9 -> 2018-10-31
E10: t CO2e | F10: t CO2e | G10: t CO2e | H10: t CO2e | I10: t CO2e | J10: t CO2e | K10: t CO2e | L10: t CO2e | M10: t CO2e | N10: t CO2e | O10: t CO2e | P10: t CO2e | Q10: t CO2e | R10: t CO2e | S10: t CO2e | T10: t CO2e | U10: t CO2e | V10: t CO2e | W10: t CO2e | X10: t CO2e | Y10: t CO2e | Z10: t CO2e | AA10: t CO2e | AB10: t CO2e | AC10: t CO2e | AD10: t CO2e | AE10: t CO2e | AF10: t CO2e | AG10: t CO2e | AH10: t CO2e | AI10: t CO2e | AJ10: t CO2e | AK10: t CO2e | AL10: t CO2e | AM10: t CO2e | AN10: t CO2e | AO10: t CO2e | AP10: t CO2e | AQ10: t CO2e | AR10: t CO2e | AS10: t CO2e | AT10: t CO2e | AU10: t CO2e | AV10: t CO2e | AW10: t CO2e | AX10: t CO2e | AY10: t CO2e | AZ10: t CO2e | BA10: t CO2e | BB10: t CO2e | BC10: t CO2e | BD10: t CO2e | BE10: t CO2e | BF10: t CO2e | BG10: t CO2e | BH10: t CO2e
C11: Scope 1 emissions | E11: ='3.1 Emission data'!E11 -> 90723 | F11: ='3.1 Emission data'!F11 -> 63521 | G11: ='3.1 Emission data'!G11 -> 124633 | H11: ='3.1 Emission data'!H11 -> 17084 | I11: ='3.1 Emission data'!I11 -> 144163 | J11: ='3.1 Emission data'!J11 -> 22183 | K11: ='3.1 Emission data'!K11 -> 27375 | L11: ='3.1 Emission data'!L11 -> 4701 | ... BH11: ='3.1 Emission data'!BH11 -> 7446.3
C12: Scope 2 emissions | E12: ='3.1 Emission data'!E12 -> 183329 | F12: ='3.1 Emission data'!F12 -> 684236 | G12: ='3.1 Emission data'!G12 -> 963304 | H12: ='3.1 Emission data'!H12 -> 362448 | I12: ='3.1 Emission data'!I12 -> 82538 | J12: ='3.1 Emission data'!J12 -> 218855 | K12: ='3.1 Emission data'!K12 -> 409991 | L12: ='3.1 Emission data'!L12 -> 157967 | ... BH12: ='3.1 Emission data'!BH12 -> 67089.3
D13: market-based | E13: ='3.1 Emission data'!E13 -> 183329 | F13: ='3.1 Emission data'!F13 -> 684236 | G13: ='3.1 Emission data'!G13 -> 963304 | H13: ='3.1 Emission data'!H13 -> 362448 | I13: ='3.1 Emission data'!I13 -> 82538 | J13: ='3.1 Emission data'!J13 -> 218855 | K13: ='3.1 Emission data'!K13 -> 409991 | L13: ='3.1 Emission data'!L13 -> 157967 | ... BH13: ='3.1 Emission data'!BH13 -> 0
D14: location-based | E14: ='3.1 Emission data'!E14 -> 3000523 | F14: ='3.1 Emission data'!F14 -> 4344686 | G14: ='3.1 Emission data'!G14 -> 1133030 | H14: ='3.1 Emission data'!H14 -> 489917 | I14: ='3.1 Emission data'!I14 -> 157086 | J14: ='3.1 Emission data'!J14 -> 282026 | K14: ='3.1 Emission data'!K14 -> 453391 | L14: ='3.1 Emission data'!L14 -> 280961 | ... BH14: ='3.1 Emission data'!BH14 -> 67089.3
C15: Total Scope 1+2 emissions | E15: ='3.1 Emission data'!E15 -> 274052 | F15: ='3.1 Emission data'!F15 -> 747757 | G15: ='3.1 Emission data'!G15 -> 1087937 | H15: ='3.1 Emission data'!H15 -> 379532 | I15: ='3.1 Emission data'!I15 -> 226701 | J15: ='3.1 Emission data'!J15 -> 241038 | K15: ='3.1 Emission data'!K15 -> 437366 | L15: ='3.1 Emission data'!L15 -> 162668 | ... BH15: ='3.1 Emission data'!BH15 -> 74535.6
C16: Scope 3 emissions | E16: =SUM(E17:E32) -> 18075232 | F16: =SUM(F17:F32) -> 14279467 | G16: =SUM(G17:G32) -> 6762386.4 | H16: =SUM(H17:H32) -> 1862565.1 | I16: =SUM(I17:I32) -> 13352258 | J16: =SUM(J17:J32) -> 1803377.3 | K16: =SUM(K17:K32) -> 1214542.3 | L16: =SUM(L17:L32) -> 926306 | ... BH16: =SUM(BH17:BH32) -> 56519.4
C17: Upstream | D17: Purchased goods and services | E17: ='3.1 Emission data'!E18 -> 11000000 | F17: ='3.1 Emission data'!F18 -> 7566397.9 | G17: =('3.2 Emission predictors'!G31*'2.4 Carbon intensities'!$J$8)/POWER(10,6) -> 2465947.6 | H17: ='3.1 Emission data'!H18 -> 1355224 | I17: ='3.1 Emission data'!I18 -> 713864 | J17: =('3.2 Emission predictors'!J31*'2.4 Carbon intensities'!$J$8)/POWER(10,6) -> 1308449.3 | K17: =('3.2 Emission predictors'!K31*'2.4 Carbon intensities'!$J$8)/POWER(10,6) -> 559449.89 | L17: ='3.1 Emission data'!L18 -> 406579 | M17: ='3.1 Emission data'!M18 -> 359426.45 | N17: ='3.1 Emission data'!N18 -> 204427 | O17: ='3.1 Emission data'!O18 -> 0 | P17: =('3.2 Emission predictors'!P31*'2.4 Carbon intensities'!$J$8)/POWER(10,6) -> 501692.68 | Q17: ='3.1 Emission data'!Q18 -> 3282922.9 | R17: ='3.1 Emission data'!R18 -> 3480 | S17: ='3.1 Emission data'!S18 -> 82246 | T17: ='3.1 Emission data'!T18 -> 0 | U17: ='3.1 Emission data'!U18 -> 0 | V17: =('3.2 Emission predictors'!V31*'2.4 Carbon intensities'!$J$8)/POWER(10,6) -> 147994.98 | W17: ='3.1 Emission data'!W18 -> 0 | X17: ='3.1 Emission data'!X18 -> 104637 | Y17: ='3.1 Emission data'!Y18 -> 0 | Z17: ='3.1 Emission data'!Z18 -> 84470.44 | AA17: ='3.1 Emission data'!AA18 -> 18500000 | AB17: =('3.2 Emission predictors'!AB$31*'2.4 Carbon intensities'!$J29)/POWER(10,6) -> 33775286 | AC17: =('3.2 Emission predictors'!AC$31*'2.4 Carbon intensities'!$J29)/POWER(10,6) -> 7324452.3 | AD17: ='3.1 Emission data'!AD18 -> 0 | AE17: ='3.1 Emission data'!AE18 -> 18600000 | AF17: =('3.2 Emission predictors'!AF31*'2.4 Carbon intensities'!$J$29)/POWER(10,6) -> 18252241 | AG17: ='3.1 Emission data'!AG18 -> 2272300 | AH17: ='3.1 Emission data'!AH18 -> 0 | AI17: ='3.1 Emission data'!AI18 -> 1840000 | AJ17: ='3.1 Emission data'!AJ18 -> 3379889 | AK17: ='3.1 Emission data'!AK18 -> 0 | AL17: ='3.1 Emission data'!AL18 -> 0 | AM17: =('3.2 Emission predictors'!AM31*'2.4 Carbon intensities'!$J$29)/POWER(10,6) -> 2706894 | AN17: =('3.2 Emission predictors'!AN31*'2.4 Carbon intensities'!$J$29)/POWER(10,6) -> 5365938 | AO17: ='3.1 Emission data'!AO18 -> 3645685 | AP17: =('3.2 Emission predictors'!AP31*'2.4 Carbon intensities'!$J$29)/POWER(10,6) -> 10021171 | AQ17: ='3.1 Emission data'!AQ18 -> 0 | AR17: ='3.1 Emission data'!AR18 -> 0 | AS17: ='3.1 Emission data'!AS18 -> 1200000 | AT17: ='3.1 Emission data'!AT18 -> 7964779 | AU17: =('3.2 Emission predictors'!AU31*'2.4 Carbon intensities'!$J$29)/POWER(10,6) -> 1380235.6 | AV17: =('3.2 Emission predictors'!AV31*'2.4 Carbon intensities'!$J$29)/POWER(10,6) -> 5122610.4 | AW17: =('3.2 Emission predictors'!AW31*'2.4 Carbon intensities'!$J$29)/POWER(10,6) -> 997509.92 | AX17: ='3.1 Emission data'!AX18 -> 0 | AY17: ='3.1 Emission data'!AY18 -> 0 | AZ17: =('3.2 Emission predictors'!AZ31*'2.4 Carbon intensities'!$J$29)/POWER(10,6) -> 1432998.9 | BA17: ='3.1 Emission data'!BA18 -> 2275908 | BB17: ='3.1 Emission data'!BB18 -> 0 | BC17: ='3.1 Emission data'!BC18 -> 8351229 | BD17: ='3.1 Emission data'!BD18 -> 0 | BE17: ='3.1 Emission data'!BE18 -> 0 | BF17: ='3.1 Emission data'!BF18 -> 83100 | BG17: ='3.1 Emission data'!BG18 -> 106760 | BH17: ='3.1 Emission data'!BH18 -> 0
D18: Capital goods | E18: ='3.1 Emission data'!E19 -> 500000 | F18: ='3.1 Emission data'!F19 -> 2422000 | G18: ='3.1 Emission data'!G19 -> 0 | H18: ='3.1 Emission data'!H19 -> 136405 | I18: ='3.1 Emission data'!I19 -> 403231 | J18: ='3.1 Emission data'!J19 -> 0 | K18: ='3.1 Emission data'!K19 -> 71691 | L18: ='3.1 Emission data'!L19 -> 145178 | ... AA18: ='3.1 Emission data'!AA19 -> 0 | AB18: =('3.2 Emission predictors'!AB14*'2.4 Carbon intensities'!$J30)/POWER(10,6) -> 6297169.8 | AC18: ='3.1 Emission data'!AC19 -> 40020 | AD18: ='3.1 Emission data'!AD19 -> 0 | AE18: ='3.1 Emission data'!AE19 -> 200000 | AF18: ='3.1 Emission data'!AF19 -> 0 | AG18: ='3.1 Emission data'!AG19 -> 90083 | AH18: ='3.1 Emission data'!AH19 -> 0 | AI18: ='3.1 Emission data'!AI19 -> 6200 | AJ18: ='3.1 Emission data'!AJ19 -> 712289 | ... BH18: ='3.1 Emission data'!BH19 -> 0
D19: Fuel- and energy-related activities | E19: ='3.1 Emission data'!E20 -> 550000 | F19: ='3.1 Emission data'!F20 -> 0 | G19: =('3.2 Emission predictors'!G34*'2.4 Carbon intensities'!$J$10) -> 530262.79 | H19: ='3.1 Emission data'!H20 -> 21747 | I19: ='3.1 Emission data'!I20 -> 79712 | J19: ='3.1 Emission data'!J20 -> 0 | K19: ='3.1 Emission data'!K20 -> 171198 | L19: ='3.1 Emission data'!L20 -> 67890 | M19: ='3.1 Emission data'!M20 -> 14804.55 | N19: ='3.1 Emission data'!N20 -> 18841 | O19: ='3.1 Emission data'!O20 -> 21928 | ... AL19: ='3.1 Emission data'!AL20 -> 0 | AM19: =('3.2 Emission predictors'!AM34*'2.4 Carbon intensities'!$J$31) -> 640824.65 | AN19: ='3.1 Emission data'!AN20 -> 0 | AO19: ='3.1 Emission data'!AO20 -> 161453 | AP19: ='3.1 Emission data'!AP20 -> 12100 | AQ19: ='3.1 Emission data'!AQ20 -> 0 | AR19: ='3.1 Emission data'!AR20 -> 0 | AS19: ='3.1 Emission data'!AS20 -> 190000 | AT19: ='3.1 Emission data'!AT20 -> 701930 | AU19: ='3.1 Emission data'!AU20 -> 788494 | ... BH19: ='3.1 Emission data'!BH20 -> 0
D20: Upstream transportation and distribution | E20: ='3.1 Emission data'!E21 -> 100000 | F20: ='3.1 Emission data'!F21 -> 237500 | G20: ='3.1 Emission data'!G21 -> 0 | H20: ='3.1 Emission data'!H21 -> 9468 | I20: ='3.1 Emission data'!I21 -> 0 | J20: ='3.1 Emission data'!J21 -> 0 | K20: ='3.1 Emission data'!K21 -> 3350 | L20: ='3.1 Emission data'!L21 -> 4032 | ... AH20: ='3.1 Emission data'!AH21 -> 0 | AI20: =('3.2 Emission predictors'!AI$31*'2.4 Carbon intensities'!$J32)/POWER(10,6) -> 278246.75 | AJ20: ='3.1 Emission data'!AJ21 -> 162682 | AK20: ='3.1 Emission data'!AK21 -> 0 | AL20: ='3.1 Emission data'!AL21 -> 0 | AM20: ='3.1 Emission data'!AM21 -> 0 | AN20: ='3.1 Emission data'!AN21 -> 384300 | AO20: ='3.1 Emission data'!AO21 -> 45927 | AP20: ='3.1 Emission data'!AP21 -> 633000 | AQ20: ='3.1 Emission data'!AQ21 -> 0 | ... AT20: ='3.1 Emission data'!AT21 -> 277621 | AU20: =('3.2 Emission predictors'!AU$31*'2.4 Carbon intensities'!$J32)/POWER(10,6) -> 55427.544 | AV20: ='3.1 Emission data'!AV21 -> 80000 | AW20: ='3.1 Emission data'!AW21 -> 0 | AX20: ='3.1 Emission data'!AX21 -> 0 | AY20: ='3.1 Emission data'!AY21 -> 0 | AZ20: =('3.2 Emission predictors'!AZ$31*'2.4 Carbon intensities'!$J32)/POWER(10,6) -> 57546.412 | BA20: =('3.2 Emission predictors'!BA$31*'2.4 Carbon intensities'!$J32)/POWER(10,6) -> 58167.368 | BB20: ='3.1 Emission data'!BB21 -> 0 | BC20: ='3.1 Emission data'!BC21 -> 96.7 | BD20: ='3.1 Emission data'!BD21 -> 0 | BE20: ='3.1 Emission data'!BE21 -> 2877.56 | BF20: ='3.1 Emission data'!BF21 -> 52486 | BG20: ='3.1 Emission data'!BG21 -> 38784 | BH20: ='3.1 Emission data'!BH21 -> 20665
D21: Waste generated in operations | E21: ='3.1 Emission data'!E22 -> 600 | F21: ='3.1 Emission data'!F22 -> 0 | G21: ='3.1 Emission data'!G22 -> 0 | H21: ='3.1 Emission data'!H22 -> 762 | I21: ='3.1 Emission data'!I22 -> 1909 | J21: ='3.1 Emission data'!J22 -> 0 | K21: ='3.1 Emission data'!K22 -> 3145 | L21: ='3.1 Emission data'!L22 -> 304 | ... AY21: ='3.1 Emission data'!AY22 -> 0 | AZ21: =('3.2 Emission predictors'!AZ$31*'2.4 Carbon intensities'!$J33)/POWER(10,6) -> 5551.1467 | BA21: ='3.1 Emission data'!BA22 -> 6717 | BB21: ='3.1 Emission data'!BB22 -> 30419 | BC21: ='3.1 Emission data'!BC22 -> 586 | BD21: ='3.1 Emission data'!BD22 -> 0 | BE21: ='3.1 Emission data'!BE22 -> 0 | BF21: ='3.1 Emission data'!BF22 -> 5063 | BG21: ='3.1 Emission data'!BG22 -> 34 | BH21: ='3.1 Emission data'!BH22 -> 6562.4
D22: Business travel | E22: =('3.2 Emission predictors'!E$31*'2.4 Carbon intensities'!$J13)/POWER(10,6) -> 618942.49 | F22: ='3.1 Emission data'!F23 -> 313000 | G22: ='3.1 Emission data'!G23 -> 458090 | H22: ='3.1 Emission data'!H23 -> 192845 | I22: ='3.1 Emission data'!I23 -> 317166 | J22: ='3.1 Emission data'!J23 -> 494928 | K22: =('3.2 Emission predictors'!K$31*'2.4 Carbon intensities'!$J13)/POWER(10,6) -> 125682.43 | L22: ='3.1 Emission data'!L23 -> 129000 | M22: ='3.1 Emission data'!M23 -> 40498 | N22: ='3.1 Emission data'!N23 -> 58081 | O22: ='3.1 Emission data'!O23 -> 75869 | P22: ='3.1 Emission data'!P23 -> 315428.07 | Q22: ='3.1 Emission data'!Q23 -> 37005 | R22: ='3.1 Emission data'!R23 -> 8117 | S22: ='3.1 Emission data'!S23 -> 117819 | T22: =('3.2 Emission predictors'!T$31*'2.4 Carbon intensities'!$J13)/POWER(10,6) -> 52519.276 | U22: ='3.1 Emission data'!U23 -> 18536.28 | V22: =('3.2 Emission predictors'!V$31*'2.4 Carbon intensities'!$J13)/POWER(10,6) -> 33247.606 | W22: ='3.1 Emission data'!W23 -> 26222 | X22: ='3.1 Emission data'!X23 -> 92937 | Y22: =('3.2 Emission predictors'!Y$31*'2.4 Carbon intensities'!$J13)/POWER(10,6) -> 9576.9066 | Z22: ='3.1 Emission data'!Z23 -> 8442.06 | AA22: ='3.1 Emission data'!AA23 -> 337300 | AB22: ='3.1 Emission data'!AB23 -> 110000 | AC22: ='3.1 Emission data'!AC23 -> 217500 | AD22: ='3.1 Emission data'!AD23 -> 0 | AE22: =('3.2 Emission predictors'!AE$31*'2.4 Carbon intensities'!$J34)/POWER(10,6) -> 92198.307 | AF22: =('3.2 Emission predictors'!AF$31*'2.4 Carbon intensities'!$J34)/POWER(10,6) -> 181716.78 | AG22: ='3.1 Emission data'!AG23 -> 68553 | AH22: ='3.1 Emission data'!AH23 -> 23520 | AI22: ='3.1 Emission data'!AI23 -> 93000 | AJ22: =('3.2 Emission predictors'!AJ$31*'2.4 Carbon intensities'!$J34)/POWER(10,6) -> 23434.929 | AK22: ='3.1 Emission data'!AK23 -> 0 | AL22: =('3.2 Emission predictors'!AL$31*'2.4 Carbon intensities'!$J34)/POWER(10,6) -> 32812.263 | AM22: =('3.2 Emission predictors'!AM$31*'2.4 Carbon intensities'!$J34)/POWER(10,6) -> 26949.462 | AN22: ='3.1 Emission data'!AN23 -> 81500 | AO22: =('3.2 Emission predictors'!AO$31*'2.4 Carbon intensities'!$J34)/POWER(10,6) -> 28074.218 | AP22: ='3.1 Emission data'!AP23 -> 53500 | AQ22: ='3.1 Emission data'!AQ23 -> 110000 | AR22: ='3.1 Emission data'!AR23 -> 0 | AS22: ='3.1 Emission data'!AS23 -> 17000 | AT22: ='3.1 Emission data'!AT23 -> 52248 | AU22: ='3.1 Emission data'!AU23 -> 4385 | AV22: ='3.1 Emission data'!AV23 -> 51000 | AW22: ='3.1 Emission data'!AW23 -> 47759 | ... AY22: ='3.1 Emission data'!AY23 -> 0 | AZ22: =('3.2 Emission predictors'!AZ$31*'2.4 Carbon intensities'!$J34)/POWER(10,6) -> 14266.739 | BA22: =('3.2 Emission predictors'!BA$31*'2.4 Carbon intensities'!$J34)/POWER(10,6) -> 14420.684 | BB22: ='3.1 Emission data'!BB23 -> 32119 | BC22: ='3.1 Emission data'!BC23 -> 1498.2 | BD22: ='3.1 Emission data'!BD23 -> 60968 | BE22: =('3.2 Emission predictors'!BE$31*'2.4 Carbon intensities'!$J34)/POWER(10,6) -> 58335.47 | BF22: ='3.1 Emission data'!BF23 -> 19588 | BG22: =('3.2 Emission predictors'!BG$31*'2.4 Carbon intensities'!$J34)/POWER(10,6) -> 2947.549 | BH22: ='3.1 Emission data'!BH23 -> 17835
D23: Employee commuting | E23: ='3.1 Emission data'!E24 -> 330000 | F23: ='3.1 Emission data'!F24 -> 150467 | G23: ='3.1 Emission data'!G24 -> 122800 | H23: =('3.2 Emission predictors'!H10*'2.4 Carbon intensities'!$J$14) -> 96587.075 | I23: ='3.1 Emission data'!I24 -> 47620 | J23: ='3.1 Emission data'!J24 -> 0 | K23: ='3.1 Emission data'!K24 -> 280026 | L23: ='3.1 Emission data'!L24 -> 26000 | M23: ='3.1 Emission data'!M24 -> 10603 | N23: ='3.1 Emission data'!N24 -> 42653 | O23: ='3.1 Emission data'!O24 -> 57762 | P23: ='3.1 Emission data'!P24 -> 225687 | ... AA23: ='3.1 Emission data'!AA24 -> 183200 | AB23: =('3.2 Emission predictors'!AB10*'2.4 Carbon intensities'!$J35) -> 180017.44 | AC23: ='3.1 Emission data'!AC24 -> 81394 | AD23: ='3.1 Emission data'!AD24 -> 0 | AE23: ='3.1 Emission data'!AE24 -> 200000 | AF23: ='3.1 Emission data'!AF24 -> 0 | AG23: ='3.1 Emission data'!AG24 -> 247936 | AH23: ='3.1 Emission data'!AH24 -> 0 | AI23: ='3.1 Emission data'!AI24 -> 68000 | AJ23: ='3.1 Emission data'!AJ24 -> 34730 | ... AL23: ='3.1 Emission data'!AL24 -> 0 | AM23: =('3.2 Emission predictors'!AM10*'2.4 Carbon intensities'!$J35) -> 39636.628 | AN23: ='3.1 Emission data'!AN24 -> 118400 | AO23: ='3.1 Emission data'!AO24 -> 27668 | AP23: ='3.1 Emission data'!AP24 -> 23600 | AQ23: ='3.1 Emission data'!AQ24 -> 61000 | AR23: ='3.1 Emission data'!AR24 -> 0 | AS23: ='3.1 Emission data'!AS24 -> 25000 | AT23: =('3.2 Emission predictors'!AT10*'2.4 Carbon intensities'!$J35) -> 60919.186 | AU23: ='3.1 Emission data'!AU24 -> 0 | AV23: ='3.1 Emission data'!AV24 -> 16000 | AW23: ='3.1 Emission data'!AW24 -> 0 | AX23: ='3.1 Emission data'!AX24 -> 0 | AY23: ='3.1 Emission data'!AY24 -> 0 | AZ23: =('3.2 Emission predictors'!AZ10*'2.4 Carbon intensities'!$J35) -> 48255.814 | BA23: ='3.1 Emission data'!BA24 -> 0 | BB23: ='3.1 Emission data'!BB24 -> 0 | BC23: ='3.1 Emission data'!BC24 -> 173 | BD23: ='3.1 Emission data'!BD24 -> 0 | BE23: ='3.1 Emission data'!BE24 -> 0 | BF23: ='3.1 Emission data'!BF24 -> 13811 | BG23: ='3.1 Emission data'!BG24 -> 2243 | BH23: ='3.1 Emission data'!BH24 -> 0
D24: Upstream leased assets | E24: ='3.1 Emission data'!E25 -> 0 | F24: ='3.1 Emission data'!F25 -> 0 | G24: ='3.1 Emission data'!G25 -> 0 | H24: ='3.1 Emission data'!H25 -> 0 | I24: ='3.1 Emission data'!I25 -> 0 | J24: ='3.1 Emission data'!J25 -> 0 | K24: ='3.1 Emission data'!K25 -> 0 | L24: ='3.1 Emission data'!L25 -> 127090 | ... AA24: ='3.1 Emission data'!AA25 -> 0 | AB24: =('3.2 Emission predictors'!AB$31*'2.4 Carbon intensities'!$J36)/POWER(10,6) -> 211086.46 | AC24: ='3.1 Emission data'!AC25 -> 0 | AD24: ='3.1 Emission data'!AD25 -> 0 | AE24: ='3.1 Emission data'!AE25 -> 0 | AF24: ='3.1 Emission data'!AF25 -> 0 | AG24: ='3.1 Emission data'!AG25 -> 0 | AH24: ='3.1 Emission data'!AH25 -> 0 | AI24: ='3.1 Emission data'!AI25 -> 281000 | AJ24: ='3.1 Emission data'!AJ25 -> 0 | ... BH24: ='3.1 Emission data'!BH25 -> 0
D25: Other (upstream) | E25: ='3.1 Emission data'!E26 -> 0 | F25: ='3.1 Emission data'!F26 -> - | G25: ='3.1 Emission data'!G26 -> 0 | H25: ='3.1 Emission data'!H26 -> 0 | I25: ='3.1 Emission data'!I26 -> 56368 | J25: ='3.1 Emission data'!J26 -> 0 | K25: ='3.1 Emission data'!K26 -> 0 | L25: ='3.1 Emission data'!L26 -> 0 | ... BH25: ='3.1 Emission data'!BH26 -> 0
C26: Downstream | D26: Downstream transportation and distribution | E26: ='3.1 Emission data'!E27 -> 100000 | F26: ='3.1 Emission data'!F27 -> 237500 | G26: ='3.1 Emission data'!G27 -> 0 | H26: ='3.1 Emission data'!H27 -> 37874 | I26: ='3.1 Emission data'!I27 -> 10937 | J26: ='3.1 Emission data'!J27 -> 0 | K26: ='3.1 Emission data'!K27 -> 0 | L26: ='3.1 Emission data'!L27 -> 0 | ... AL26: ='3.1 Emission data'!AL27 -> 0 | AM26: =('3.2 Emission predictors'!AM$12*'2.4 Carbon intensities'!$J37)/POWER(10,6) -> 20605.284 | AN26: ='3.1 Emission data'!AN27 -> 0 | AO26: ='3.1 Emission data'!AO27 -> 28 | AP26: ='3.1 Emission data'!AP27 -> 0 | AQ26: ='3.1 Emission data'!AQ27 -> 0 | AR26: ='3.1 Emission data'!AR27 -> 0 | AS26: ='3.1 Emission data'!AS27 -> 8000 | AT26: ='3.1 Emission data'!AT27 -> 0 | AU26: ='3.1 Emission data'!AU27 -> 0 | ... BH26: ='3.1 Emission data'!BH27 -> 11457
D27: Processing of sold products | E27: ='3.1 Emission data'!E28 -> 0 | F27: ='3.1 Emission data'!F28 -> 0 | G27: ='3.1 Emission data'!G28 -> 0 | H27: ='3.1 Emission data'!H28 -> 0 | I27: ='3.1 Emission data'!I28 -> 0 | J27: ='3.1 Emission data'!J28 -> 0 | K27: ='3.1 Emission data'!K28 -> 0 | L27: ='3.1 Emission data'!L28 -> 0 | ... BH27: ='3.1 Emission data'!BH28 -> 0
D28: Use of sold products | E28: ='3.1 Emission data'!E29 -> 4784000 | F28: ='3.1 Emission data'!F29 -> 3290695.2 | G28: =('3.2 Emission predictors'!G12*'2.4 Carbon intensities'!$J$18)/POWER(10,6) -> 3185286 | H28: ='3.1 Emission data'!H29 -> 0 | I28: ='3.1 Emission data'!I29 -> 11721451 | J28: ='3.1 Emission data'!J29 -> 0 | K28: ='3.1 Emission data'!K29 -> 0 | L28: ='3.1 Emission data'!L29 -> 18000 | M28: ='3.1 Emission data'!M29 -> 0 | N28: ='3.1 Emission data'!N29 -> 0 | O28: ='3.1 Emission data'!O29 -> 0 | ... Y28: ='3.1 Emission data'!Y29 -> 0 | Z28: =('3.2 Emission predictors'!Z12*'2.4 Carbon intensities'!$J$18)/POWER(10,6) -> 182131.98 | AA28: ='3.1 Emission data'!AA29 -> 4700000 | AB28: ='3.1 Emission data'!AB29 -> 17000000 | AC28: ='3.1 Emission data'!AC29 -> 37865598 | AD28: ='3.1 Emission data'!AD29 -> 0 | AE28: ='3.1 Emission data'!AE29 -> 19321951 | AF28: ='3.1 Emission data'!AF29 -> 13650000 | AG28: ='3.1 Emission data'!AG29 -> 6577305 | AH28: ='3.1 Emission data'!AH29 -> 0 | ... AY28: ='3.1 Emission data'!AY29 -> 0 | AZ28: =('3.2 Emission predictors'!AZ$12*'2.4 Carbon intensities'!$J39)/POWER(10,6) -> 1698062.4 | BA28: ='3.1 Emission data'!BA29 -> 10751864 | BB28: ='3.1 Emission data'!BB29 -> 0 | BC28: ='3.1 Emission data'!BC29 -> 915824 | BD28: ='3.1 Emission data'!BD29 -> 0 | BE28: ='3.1 Emission data'!BE29 -> 0 | BF28: ='3.1 Emission data'!BF29 -> 93288.491 | BG28: ='3.1 Emission data'!BG29 -> 1336063 | BH28: ='3.1 Emission data'!BH29 -> 0
D29: End of life treatment of sold products | E29: ='3.1 Emission data'!E30 -> 90000 | F29: ='3.1 Emission data'!F30 -> 61906.892 | G29: ='3.1 Emission data'!G30 -> 0 | H29: ='3.1 Emission data'!H30 -> 0 | I29: ='3.1 Emission data'!I30 -> 0 | J29: ='3.1 Emission data'!J30 -> 0 | K29: ='3.1 Emission data'!K30 -> 0 | L29: ='3.1 Emission data'!L30 -> 0 | ... BH29: ='3.1 Emission data'!BH30 -> 0
D30: Downstream leased assets | E30: ='3.1 Emission data'!E31 -> 1690 | F30: ='3.1 Emission data'!F31 -> 0 | G30: ='3.1 Emission data'!G31 -> 0 | H30: ='3.1 Emission data'!H31 -> 11653 | I30: ='3.1 Emission data'!I31 -> 0 | J30: ='3.1 Emission data'!J31 -> 0 | K30: ='3.1 Emission data'!K31 -> 0 | L30: ='3.1 Emission data'!L31 -> 0 | ... BH30: ='3.1 Emission data'!BH31 -> 0
D31: Franchises | E31: ='3.1 Emission data'!E32 -> 0 | F31: ='3.1 Emission data'!F32 -> 0 | G31: ='3.1 Emission data'!G32 -> 0 | H31: ='3.1 Emission data'!H32 -> 0 | I31: ='3.1 Emission data'!I32 -> 0 | J31: ='3.1 Emission data'!J32 -> 0 | K31: ='3.1 Emission data'!K32 -> 0 | L31: ='3.1 Emission data'!L32 -> 0 | ... BH31: ='3.1 Emission data'!BH32 -> 0
D32: Investments | E32: ='3.1 Emission data'!E33 -> 0 | F32: ='3.1 Emission data'!F33 -> 0 | G32: ='3.1 Emission data'!G33 -> 0 | H32: ='3.1 Emission data'!H33 -> 0 | I32: ='3.1 Emission data'!I33 -> 0 | J32: ='3.1 Emission data'!J33 -> 0 | K32: ='3.1 Emission data'!K33 -> 0 | L32: ='3.1 Emission data'!L33 -> 2233 | ... BH32: ='3.1 Emission data'!BH33 -> 0
C33: Carbon footprint (adjusted for reporting inconsistency and boundary incompleteness) | E33: =E16+E12+E11 -> 18349284 | F33: =F16+F12+F11 -> 15027224 | G33: =G16+G12+G11 -> 7850323.4 | H33: =H16+H12+H11 -> 2242097.1 | I33: =I16+I12+I11 -> 13578959 | J33: =J16+J12+J11 -> 2044415.3 | K33: =K16+K12+K11 -> 1651908.3 | L33: =L16+L12+L11 -> 1088974 | ... AC33: =AC16+AC12+AC11 -> 45936640 | AD33: =SUM(AD15,AD16) -> 8400975.8 | AE33: =AE16+AE12+AE11 -> 48701798 | AF33: =AF15+AF16 -> 32596785 | AG33: =AG16+AG12+AG11 -> 10291514 | AH33: =AH16+AH12+AH11 -> 676719 | AI33: =AI16+AI12+AI11 -> 7233946.8 | AJ33: =AJ16+AJ12+AJ11 -> 6049970.9 | AK33: =AK16+AK12+AK11 -> 2408882 | AL33: =AL16+AL12+AL11 -> 1186610.9 | AM33: =AM16+AM12+AM11 -> 14462426 | AN33: =AN16+AN12+AN11 -> 45258265 | ... BH33: =BH16+BH12+BH11 -> 131055
C35: Initial carbon footprint (scope 3 from CR) | E35: ='3.1 Emission data'!E35 -> 17608572 | F35: ='3.1 Emission data'!F35 -> 15027224 | G35: ='3.1 Emission data'!G35 -> 1417346 | H35: ='3.1 Emission data'!H35 -> 379532 | I35: ='3.1 Emission data'!I35 -> 734000 | J35: ='3.1 Emission data'!J35 -> 1189794 | K35: ='3.1 Emission data'!K35 -> 437366 | L35: ='3.1 Emission data'!L35 -> 317668 | ... BH35: ='3.1 Emission data'!BH35 -> 74535.6
C36: Deviation due to boundary incompleteness | E36: =E16-'3.1 Emission data'!E16 -> 240712.49 | F36: =F16-'3.1 Emission data'!F16 -> 0 | G36: =G16-'3.1 Emission data'!G16 -> 5415684.4 | H36: =H16-'3.1 Emission data'!H16 -> 96517.075 | I36: =I16-'3.1 Emission data'!I16 -> 0 | J36: =J16-'3.1 Emission data'!J16 -> 854621.28 | K36: =K16-'3.1 Emission data'!K16 -> 505784.33 | L36: =L16-'3.1 Emission data'!L16 -> 0 | ... BH36: =BH16-'3.1 Emission data'!BH16 -> 0
D39: Specific color code: | E39: Excluded categories (Activity exclusion): | F39: Categories we deem to be relevant but not calculated according to the details given in the CDP response (see 4.3)
E40: Incomplete and recalculated categories (Boundary incompleteness): | F40: Emission figures we deem to be incomplete and recalculeted using median category-specific carbon intensities (see 2.4) and emissions predictors (see 3.2)
E41: Incomplete but unchanged | F41: Emission figures we deem to be incomplete but left unchanged since they show higher individual carbon intensities compared to the median category specific carbon intensities (see 2.4)

Sheet 2.3 Reporting inconsistency
C3: Reporting inconsistency
E5: IT software & services (ITSS) companies | AA5: Technology Hardware & Equipment (THE) companies
C7: Company | E7: ='3.1 Emission data'!E7 -> Microsoft Corporation | F7: ='3.1 Emission data'!F7 -> Alphabet, Inc. | G7: ='3.1 Emission data'!G7 -> International Business Machines (IBM) | H7: ='3.1 Emission data'!H7 -> Oracle Corporation | I7: ='3.1 Emission data'!I7 -> SAP SE | J7: ='3.1 Emission data'!J7 -> Accenture | K7: ='3.1 Emission data'!K7 -> Tata Consultancy Services | L7: ='3.1 Emission data'!L7 -> Salesforce.com, Inc. | ... BH7: ='3.1 Emission data'!BH7 -> Keysight Technologies Inc
C8: Scope 3 emissions in CR | D8: t CO2e | E8: ='3.1 Emission data'!E17 -> 17334520 | F8: ='3.1 Emission data'!F17 -> 14279467 | G8: ='3.1 Emission data'!G17 -> 329409 | H8: ='3.1 Emission data'!H17 -> 0 | I8: ='3.1 Emission data'!I17 -> 507299 | J8: ='3.1 Emission data'!J17 -> 948756 | K8: ='3.1 Emission data'!K17 -> 0 | L8: ='3.1 Emission data'!L17 -> 155000 | ... BH8: ='3.1 Emission data'!BH17 -> 0 | BK8: ITSS | BL8: THE | BM8: all | BN8: ITSS | BO8: THE | BP8: all
C9: Scope 3 emissions in CDP | D9: t CO2e | E9: ='3.1 Emission data'!E16 -> 17834520 | F9: ='3.1 Emission data'!F16 -> 14279467 | G9: ='3.1 Emission data'!G16 -> 1346702 | H9: ='3.1 Emission data'!H16 -> 1766048 | I9: ='3.1 Emission data'!I16 -> 13352258 | J9: ='3.1 Emission data'!J16 -> 948756 | K9: ='3.1 Emission data'!K16 -> 708758 | L9: ='3.1 Emission data'!L16 -> 926306 | ... BH9: ='3.1 Emission data'!BH16 -> 56519.4 | BJ9: Total sample | BK9: =COUNTA(E10:Z10) -> 22 | BL9: =COUNTA(AA10:BH10) -> 34 | BM9: =COUNTA(E10:BH10) -> 56
C10: Deviation due to reporting inconsistency | D10: t CO2e | E10: ='3.1 Emission data'!E16-'3.1 Emission data'!E17 -> 500000 | F10: ='3.1 Emission data'!F16-'3.1 Emission data'!F17 -> 0 | G10: ='3.1 Emission data'!G16-'3.1 Emission data'!G17 -> 1017293 | H10: ='3.1 Emission data'!H16-'3.1 Emission data'!H17 -> 1766048 | I10: ='3.1 Emission data'!I16-'3.1 Emission data'!I17 -> 12844959 | J10: ='3.1 Emission data'!J16-'3.1 Emission data'!J17 -> 0 | K10: ='3.1 Emission data'!K16-'3.1 Emission data'!K17 -> 708758 | L10: ='3.1 Emission data'!L16-'3.1 Emission data'!L17 -> 771306 | ... AC10: ='3.1 Emission data'!AC16-'3.1 Emission data'!AC17 -> 39520558 | AD10: =IFERROR('3.1 Emission data'!AD16-'3.1 Emission data'!AD17,0) -> 0 | AE10: ='3.1 Emission data'!AE16-'3.1 Emission data'!AE17 -> 0 | AF10: ='3.1 Emission data'!AF16-'3.1 Emission data'!AF17 -> 0 | AG10: ='3.1 Emission data'!AG16-'3.1 Emission data'!AG17 -> 0 | AH10: ='3.1 Emission data'!AH16-'3.1 Emission data'!AH17 -> 0 | AI10: ='3.1 Emission data'!AI16-'3.1 Emission data'!AI17 -> 1500 | AJ10: ='3.1 Emission data'!AJ16-'3.1 Emission data'!AJ17 -> 4437221 | AK10: ='3.1 Emission data'!AK16-'3.1 Emission data'!AK17 -> 0 | AL10: ='3.1 Emission data'!AL16-'3.1 Emission data'!AL17 -> 18131.24 | ... BH10: ='3.1 Emission data'!BH16-'3.1 Emission data'!BH17 -> 56519.4 | BJ10: Reporting inconsistency | BK10: =COUNTIF(E10:Z10,">0") -> 15 | BL10: =COUNTIF(AA10:BH10,">0") -> 13 | BM10: =COUNTIF(E10:BH10,">0") -> 28 | BN10: =BK10/$BK$9 -> 0.68181818 | BO10: =BL10/$BL$9 -> 0.38235294 | BP10: =BM10/$BM$9 -> 0.5
C11: From scope 3 | D11: t CO2e | E11: =E12+E13 -> 500000 | F11: =F12+F13 -> 0 | G11: =G12+G13 -> 1017293 | H11: =H12+H13 -> 1766048 | I11: =I12+I13 -> 12844959 | J11: =J12+J13 -> 0 | K11: =K12+K13 -> 708758 | L11: =L12+L13 -> 771306 | ... BH11: =BH12+BH13 -> 56519.4 | BJ11: thereof selected emissions in CR | BK11: =BK10-BK12 -> 8 | BL11: =BL10-BL12 -> 5 | BM11: =BM10-BM12 -> 13 | BN11: =BK11/$BK$9 -> 0.36363636 | BO11: =BL11/$BL$9 -> 0.14705882 | BP11: =BM11/$BM$9 -> 0.23214286
C12: Upstream | D12: t CO2e | E12: ='3.1 Emission data'!E19 -> 500000 | G12: =SUM('3.1 Emission data'!G20:G24) -> 619907 | H12: =SUM('3.1 Emission data'!H18:H26) -> 1716521 | I12: =SUM('3.1 Emission data'!I18:I26)-'3.1 Emission data'!I17 -> 1112571 | K12: =SUM('3.1 Emission data'!K18:K25) -> 708758 | L12: =SUM('3.1 Emission data'!L18:L22)+'3.1 Emission data'!L25 -> 751073 | M12: =SUM('3.1 Emission data'!M18:M22) -> 460558.62 | O12: ='3.1 Emission data'!O22+'3.1 Emission data'!O25 -> 4132.18 | P12: ='3.1 Emission data'!P18+'3.1 Emission data'!P24 -> 405352 | Q12: =SUM('3.1 Emission data'!Q18:Q25) -> 4327916 | R12: =SUM('3.1 Emission data'!R18:R24) -> 27529 | T12: ='3.1 Emission data'!T23+'3.1 Emission data'!T24 -> 56677.96 | W12: ='3.1 Emission data'!W23 -> 26222 | X12: ='3.1 Emission data'!X23-21600 -> 71337 | Y12: ='3.1 Emission data'!Y23 -> 5961.86 | AB12: =SUM('3.1 Emission data'!AB19:AB22)+SUM('3.1 Emission data'!AB24:AB25)-98000 -> 977700 | AC12: =SUM('3.1 Emission data'!AC18:AC26) -> 1571292 | AJ12: =SUM('3.1 Emission data'!AJ18:AJ26) -> 4436871 | AL12: ='3.1 Emission data'!AL23 -> 18131.24 | AM12: =SUM('3.1 Emission data'!AM18:AM26) -> 33618 | AU12: =SUM('3.1 Emission data'!AU18:AU20)+'3.1 Emission data'!AU22 -> 805276 | AW12: =SUM('3.1 Emission data'!AW18:AW23) -> 65614 | AZ12: ='3.1 Emission data'!AZ20+'3.1 Emission data'!AZ24 -> 93765.31 | BA12: =SUM('3.1 Emission data'!BA18:BA26) -> 2659771 | BC12: =SUM('3.1 Emission data'!BC18:BC26) -> 8353589.7 | BF12: =SUM('3.1 Emission data'!BF18:BF20)+SUM('3.1 Emission data'!BF22:BF25) -> 340625 | BH12: =SUM('3.1 Emission data'!BH18:BH26) -> 45062.4 | BJ12: thereof no emissions in CR | BK12: =COUNTIFS(E10:Z10,">0",E8:Z8,"0") -> 7 | BL12: =COUNTIFS(AA10:BH10,">0",AA8:BH8,"0") -> 8 | BM12: =COUNTIFS(E10:BH10,">0",E8:BH8,"0") -> 15 | BN12: =BK12/$BK$9 -> 0.31818182 | BO12: =BL12/$BL$9 -> 0.23529412 | BP12: =BM12/$BM$9 -> 0.26785714
C13: Downstream | D13: t CO2e | G13: =SUM('3.1 Emission data'!G29) -> 397386 | H13: =SUM('3.1 Emission data'!H27:H33) -> 49527 | I13: =SUM('3.1 Emission data'!I27:I32) -> 11732388 | L13: =SUM('3.1 Emission data'!L27:L33) -> 20233 | Q13: =SUM('3.1 Emission data'!Q29) -> 900463 | R13: ='3.1 Emission data'!R27 -> 930 | AB13: =SUM('3.1 Emission data'!AB28:AB33) -> 21348300 | AC13: =SUM('3.1 Emission data'!AC27:AC33) -> 37949266 | AI13: ='3.1 Emission data'!AI27+'3.1 Emission data'!AI30 -> 1500 | AJ13: =SUM('3.1 Emission data'!AJ30) -> 350 | AM13: ='3.1 Emission data'!AM27 -> 269 | AU13: =SUM('3.1 Emission data'!AU29:AU30) -> 9070951 | BA13: =SUM('3.1 Emission data'!BA27:BA33) -> 10861452 | BC13: =SUM('3.1 Emission data'!BC27:BC33) -> 1077154 | BF13: =SUM('3.1 Emission data'!BF27:BF33) -> 99428 | BH13: =SUM('3.1 Emission data'!BH27) -> 11457

Sheet 2.4 Carbon intensities
C3: Carbon intensities
D5: Category-specific intensities for IT Software & services sample (n=22)
D6: All emission figures | I6: Complete emission figures | N6: Incomplete emission figures
C7: Scope 3 categories | D7: Mean | E7: Median | F7: Increase | G7: Number | H7: Ratio | I7: Mean | J7: Median | K7: Increase | L7: Number | M7: Ratio | N7: Mean | O7: Median | P7: Increase | Q7: Number | R7: Ratio
C8: Purchased goods and services | D8: =IFERROR(AVERAGEIFS('2.4 Carbon intensities'!$E60:$Z60,'2.4 Carbon intensities'!$E60:$Z60,">0"),"no values") -> 47.013995 | E8: {=IFERROR(MEDIAN(IF('2.4 Carbon intensities'!$E60:$Z60>0,'2.4 Carbon intensities'!$E60:$Z60)),"no values")} -> 30.320856 | F8: =E8/E8 -> 1 | G8: =IFERROR(COUNTIFS('2.4 Carbon intensities'!$E60:$Z60,">0"),"no values") -> 17 | H8: =G8/COUNTA('2.4 Carbon intensities'!$E60:$Z60) -> 0.77272727 | I8: =IFERROR(AVERAGEIFS('2.4 Carbon intensities'!$E60:$Z60,'2.4 Carbon intensities'!$E60:$Z60,">0",'3.1 Emission data'!$E42:$Z42,">0"),"0") -> 63.742982 | J8: {=MEDIAN(IF('2.4 Carbon intensities'!$E60:$Z60>0,IF('3.1 Emission data'!$E42:$Z42>0,'2.4 Carbon intensities'!$E60:$Z60)))} -> 37.525439 | K8: =IFERROR(J8/E8,"no values") -> 1.2376115 | L8: =COUNTIFS('2.4 Carbon intensities'!$E60:$Z60,">0",'3.1 Emission data'!$E42:$Z42,">0") -> 12 | M8: =L8/COUNTA('2.4 Carbon intensities'!$E60:$Z60) -> 0.54545455 | N8: =IFERROR(AVERAGEIFS('2.4 Carbon intensities'!$E60:$Z60,'2.4 Carbon intensities'!$E60:$Z60,">0",'3.1 Emission data'!$E42:$Z42,"-0.5"),"no values") -> 6.8644266 | O8: {=IFERROR(MEDIAN(IF('2.4 Carbon intensities'!$E60:$Z60>0,IF('3.1 Emission data'!$E42:$Z42<0,'2.4 Carbon intensities'!$E60:$Z60))),"no values")} -> 5.0127655 | P8: =IFERROR(O8/E8,"no values") -> 0.16532401 | Q8: =COUNTIFS('2.4 Carbon intensities'!$E60:$Z60,">0",'3.1 Emission data'!$E42:$Z42,"<0") -> 5 | R8: =Q8/COUNTA('2.4 Carbon intensities'!$E60:$Z60) -> 0.22727273
C9: Capital goods | D9: =IFERROR(AVERAGEIFS('2.4 Carbon intensities'!$E61:$Z61,'2.4 Carbon intensities'!$E61:$Z61,">0"),"no values") -> 280.37 | E9: {=IFERROR(MEDIAN(IF('2.4 Carbon intensities'!$E61:$Z61>0,'2.4 Carbon intensities'!$E61:$Z61)),"no values")} -> 177.96645 | F9: =E9/E9 -> 1 | G9: =IFERROR(COUNTIFS('2.4 Carbon intensities'!$E61:$Z61,">0"),"no values") -> 13 | H9: =G9/COUNTA('2.4 Carbon intensities'!$E61:$Z61) -> 0.59090909 | I9: =IFERROR(AVERAGEIFS('2.4 Carbon intensities'!$E61:$Z61,'2.4 Carbon intensities'!$E61:$Z61,">0",'3.1 Emission data'!$E43:$Z43,">0"),"0") -> 280.37 | J9: {=MEDIAN(IF('2.4 Carbon intensities'!$E61:$Z61>0,IF('3.1 Emission data'!$E43:$Z43>0,'2.4 Carbon intensities'!$E61:$Z61)))} -> 177.96645 | K9: =IFERROR(J9/E9,"no values") -> 1 | L9: =COUNTIFS('2.4 Carbon intensities'!$E61:$Z61,">0",'3.1 Emission data'!$E43:$Z43,">0") -> 13 | M9: =L9/COUNTA('2.4 Carbon intensities'!$E61:$Z61) -> 0.59090909 | N9: =IFERROR(AVERAGEIFS('2.4 Carbon intensities'!$E61:$Z61,'2.4 Carbon intensities'!$E61:$Z61,">0",'3.1 Emission data'!$E43:$Z43,"-0.5"),"no values") -> no values | O9: {=IFERROR(MEDIAN(IF('2.4 Carbon intensities'!$E61:$Z61>0,IF('3.1 Emission data'!$E43:$Z43<0,'2.4 Carbon intensities'!$E61:$Z61))),"no values")} -> no values | Q9: =COUNTIFS('2.4 Carbon intensities'!$E61:$Z61,">0",'3.1 Emission data'!$E43:$Z43,"<0") -> 0 | R9: =Q9/COUNTA('2.4 Carbon intensities'!$E61:$Z61) -> 0
C10: Fuel- and energy-related activities | D10: =IFERROR(AVERAGEIFS('2.4 Carbon intensities'!$E62:$Z62,'2.4 Carbon intensities'!$E62:$Z62,">0"),"no values") -> 0.24869839 | E10: {=IFERROR(MEDIAN(IF('2.4 Carbon intensities'!$E62:$Z62>0,'2.4 Carbon intensities'!$E62:$Z62)),"no values")} -> 0.13959923 | F10: =E10/E10 -> 1 | G10: =IFERROR(COUNTIFS('2.4 Carbon intensities'!$E62:$Z62,">0"),"no values") -> 15 | H10: =G10/COUNTA('2.4 Carbon intensities'!$E62:$Z62) -> 0.68181818 | I10: =IFERROR(AVERAGEIFS('2.4 Carbon intensities'!$E62:$Z62,'2.4 Carbon intensities'!$E62:$Z62,">0",'3.1 Emission data'!$E44:$Z44,">0"),"0") -> 0.26557672 | J10: {=MEDIAN(IF('2.4 Carbon intensities'!$E62:$Z62>0,IF('3.1 Emission data'!$E44:$Z44>0,'2.4 Carbon intensities'!$E62:$Z62)))} -> 0.16854612 | K10: =IFERROR(J10/E10,"no values") -> 1.2073571 | L10: =COUNTIFS('2.4 Carbon intensities'!$E62:$Z62,">0",'3.1 Emission data'!$E44:$Z44,">0") -> 14 | M10: =L10/COUNTA('2.4 Carbon intensities'!$E62:$Z62) -> 0.63636364 | N10: =IFERROR(AVERAGEIFS('2.4 Carbon intensities'!$E62:$Z62,'2.4 Carbon intensities'!$E62:$Z62,">0",'3.1 Emission data'!$E44:$Z44,"-0.5"),"no values") -> 0.012401708 | O10: {=IFERROR(MEDIAN(IF('2.4 Carbon intensities'!$E62:$Z62>0,IF('3.1 Emission data'!$E44:$Z44<0,'2.4 Carbon intensities'!$E62:$Z62))),"no values")} -> 0.012401708 | P10: =IFERROR(O10/E10,"no values") -> 0.088837935 | Q10: =COUNTIFS('2.4 Carbon intensities'!$E62:$Z62,">0",'3.1 Emission data'!$E44:$Z44,"<0") -> 1 | R10: =Q10/COUNTA('2.4 Carbon intensities'!$E62:$Z62) -> 0.045454545
C11: Upstream transportation and distribution | D11: =IFERROR(AVERAGEIFS('2.4 Carbon intensities'!$E63:$Z63,'2.4 Carbon intensities'!$E63:$Z63,">0"),"no values") -> 1.1052281 | E11: {=IFERROR(MEDIAN(IF('2.4 Carbon intensities'!$E63:$Z63>0,'2.4 Carbon intensities'!$E63:$Z63)),"no values")} -> 0.50547861 | F11: =E11/E11 -> 1 | G11: =IFERROR(COUNTIFS('2.4 Carbon intensities'!$E63:$Z63,">0"),"no values") -> 9 | H11: =G11/COUNTA('2.4 Carbon intensities'!$E63:$Z63) -> 0.40909091 | I11: =IFERROR(AVERAGEIFS('2.4 Carbon intensities'!$E63:$Z63,'2.4 Carbon intensities'!$E63:$Z63,">0",'3.1 Emission data'!$E45:$Z45,">0"),"0") -> 1.1052281 | J11: {=MEDIAN(IF('2.4 Carbon intensities'!$E63:$Z63>0,IF('3.1 Emission data'!$E45:$Z45>0,'2.4 Carbon intensities'!$E63:$Z63)))} -> 0.50547861 | K11: =IFERROR(J11/E11,"no values") -> 1 | L11: =COUNTIFS('2.4 Carbon intensities'!$E63:$Z63,">0",'3.1 Emission data'!$E45:$Z45,">0") -> 9 | M11: =L11/COUNTA('2.4 Carbon intensities'!$E63:$Z63) -> 0.40909091 | N11: =IFERROR(AVERAGEIFS('2.4 Carbon intensities'!$E63:$Z63,'2.4 Carbon intensities'!$E63:$Z63,">0",'3.1 Emission data'!$E45:$Z45,"-0.5"),"no values") -> no values | O11: {=IFERROR(MEDIAN(IF('2.4 Carbon intensities'!$E63:$Z63>0,IF('3.1 Emission data'!$E45:$Z45<0,'2.4 Carbon intensities'!$E63:$Z63))),"no values")} -> no values | Q11: =COUNTIFS('2.4 Carbon intensities'!$E63:$Z63,">0",'3.1 Emission data'!$E45:$Z45,"<0") -> 0 | R11: =Q11/COUNTA('2.4 Carbon intensities'!$E63:$Z63) -> 0
C12: Waste generated in operations | D12: =IFERROR(AVERAGEIFS('2.4 Carbon intensities'!$E64:$Z64,'2.4 Carbon intensities'!$E64:$Z64,">0"),"no values") -> 0.094185516 | E12: {=IFERROR(MEDIAN(IF('2.4 Carbon intensities'!$E64:$Z64>0,'2.4 Carbon intensities'!$E64:$Z64)),"no values")} -> 0.039168863 | F12: =E12/E12 -> 1 | G12: =IFERROR(COUNTIFS('2.4 Carbon intensities'!$E64:$Z64,">0"),"no values") -> 14 | H12: =G12/COUNTA('2.4 Carbon intensities'!$E64:$Z64) -> 0.63636364 | I12: =IFERROR(AVERAGEIFS('2.4 Carbon intensities'!$E64:$Z64,'2.4 Carbon intensities'!$E64:$Z64,">0",'3.1 Emission data'!$E46:$Z46,">0"),"0") -> 0.094185516 | J12: {=MEDIAN(IF('2.4 Carbon intensities'!$E64:$Z64>0,IF('3.1 Emission data'!$E46:$Z46>0,'2.4 Carbon intensities'!$E64:$Z64)))} -> 0.039168863 | K12: =IFERROR(J12/E12,"no values") -> 1 | L12: =COUNTIFS('2.4 Carbon intensities'!$E64:$Z64,">0",'3.1 Emission data'!$E46:$Z46,">0") -> 14 | M12: =L12/COUNTA('2.4 Carbon intensities'!$E64:$Z64) -> 0.63636364 | N12: =IFERROR(AVERAGEIFS('2.4 Carbon intensities'!$E64:$Z64,'2.4 Carbon intensities'!$E64:$Z64,">0",'3.1 Emission data'!$E46:$Z46,"-0.5"),"no values") -> no values | O12: {=IFERROR(MEDIAN(IF('2.4 Carbon intensities'!$E64:$Z64>0,IF('3.1 Emission data'!$E46:$Z46<0,'2.4 Carbon intensities'!$E64:$Z64))),"no values")} -> no values | Q12: =COUNTIFS('2.4 Carbon intensities'!$E64:$Z64,">0",'3.1 Emission data'!$E46:$Z46,"<0") -> 0 | R12: =Q12/COUNTA('2.4 Carbon intensities'!$E64:$Z64) -> 0
C13: Business travel | D13: =IFERROR(AVERAGEIFS('2.4 Carbon intensities'!$E65:$Z65,'2.4 Carbon intensities'!$E65:$Z65,">0"),"no values") -> 9.7487973 | E13: {=IFERROR(MEDIAN(IF('2.4 Carbon intensities'!$E65:$Z65>0,'2.4 Carbon intensities'!$E65:$Z65)),"no values")} -> 7.7812047 | F13: =E13/E13 -> 1 | G13: =IFERROR(COUNTIFS('2.4 Carbon intensities'!$E65:$Z65,">0"),"no values") -> 22 | H13: =G13/COUNTA('2.4 Carbon intensities'!$E65:$Z65) -> 1 | I13: =IFERROR(AVERAGEIFS('2.4 Carbon intensities'!$E65:$Z65,'2.4 Carbon intensities'!$E65:$Z65,">0",'3.1 Emission data'!$E47:$Z47,">0"),"0") -> 10.967017 | J13: {=MEDIAN(IF('2.4 Carbon intensities'!$E65:$Z65>0,IF('3.1 Emission data'!$E47:$Z47>0,'2.4 Carbon intensities'!$E65:$Z65)))} -> 8.430225 | K13: =IFERROR(J13/E13,"no values") -> 1.0834087 | L13: =COUNTIFS('2.4 Carbon intensities'!$E65:$Z65,">0",'3.1 Emission data'!$E47:$Z47,">0") -> 16 | M13: =L13/COUNTA('2.4 Carbon intensities'!$E65:$Z65) -> 0.72727273 | N13: =IFERROR(AVERAGEIFS('2.4 Carbon intensities'!$E65:$Z65,'2.4 Carbon intensities'!$E65:$Z65,">0",'3.1 Emission data'!$E47:$Z47,"-0.5"),"no values") -> 6.5002104 | O13: {=IFERROR(MEDIAN(IF('2.4 Carbon intensities'!$E65:$Z65>0,IF('3.1 Emission data'!$E47:$Z47<0,'2.4 Carbon intensities'!$E65:$Z65))),"no values")} -> 5.4685949 | P13: =IFERROR(O13/E13,"no values") -> 0.7027954 | Q13: =COUNTIFS('2.4 Carbon intensities'!$E65:$Z65,">0",'3.1 Emission data'!$E47:$Z47,"<0") -> 6 | R13: =Q13/COUNTA('2.4 Carbon intensities'!$E65:$Z65) -> 0.27272727
C14: Employee commuting | D14: =IFERROR(AVERAGEIFS('2.4 Carbon intensities'!$E66:$Z66,'2.4 Carbon intensities'!$E66:$Z66,">0"),"no values") -> 0.89348143 | E14: {=IFERROR(MEDIAN(IF('2.4 Carbon intensities'!$E66:$Z66>0,'2.4 Carbon intensities'!$E66:$Z66)),"no values")} -> 0.65999505 | F14: =E14/E14 -> 1 | G14: =IFERROR(COUNTIFS('2.4 Carbon intensities'!$E66:$Z66,">0"),"no values") -> 19 | H14: =G14/COUNTA('2.4 Carbon intensities'!$E66:$Z66) -> 0.86363636 | I14: =IFERROR(AVERAGEIFS('2.4 Carbon intensities'!$E66:$Z66,'2.4 Carbon intensities'!$E66:$Z66,">0",'3.1 Emission data'!$E48:$Z48,">0"),"0") -> 0.94309105 | J14: {=MEDIAN(IF('2.4 Carbon intensities'!$E66:$Z66>0,IF('3.1 Emission data'!$E48:$Z48>0,'2.4 Carbon intensities'!$E66:$Z66)))} -> 0.7014261 | K14: =IFERROR(J14/E14,"no values") -> 1.0627748 | L14: =COUNTIFS('2.4 Carbon intensities'!$E66:$Z66,">0",'3.1 Emission data'!$E48:$Z48,">0") -> 18 | M14: =L14/COUNTA('2.4 Carbon intensities'!$E66:$Z66) -> 0.81818182 | N14: =IFERROR(AVERAGEIFS('2.4 Carbon intensities'!$E66:$Z66,'2.4 Carbon intensities'!$E66:$Z66,">0",'3.1 Emission data'!$E48:$Z48,"-0.5"),"no values") -> 0.0005083478 | O14: {=IFERROR(MEDIAN(IF('2.4 Carbon intensities'!$E66:$Z66>0,IF('3.1 Emission data'!$E48:$Z48<0,'2.4 Carbon intensities'!$E66:$Z66))),"no values")} -> 0.0005083478 | P14: =IFERROR(O14/E14,"no values") -> 0.00077022971 | Q14: =COUNTIFS('2.4 Carbon intensities'!$E66:$Z66,">0",'3.1 Emission data'!$E48:$Z48,"<0") -> 1 | R14: =Q14/COUNTA('2.4 Carbon intensities'!$E66:$Z66) -> 0.045454545
C15: Upstream leased assets | D15: =IFERROR(AVERAGEIFS('2.4 Carbon intensities'!$E67:$Z67,'2.4 Carbon intensities'!$E67:$Z67,">0"),"no values") -> 2.4708388 | E15: {=IFERROR(MEDIAN(IF('2.4 Carbon intensities'!$E67:$Z67>0,'2.4 Carbon intensities'!$E67:$Z67)),"no values")} -> 0.42384088 | F15: =E15/E15 -> 1 | G15: =IFERROR(COUNTIFS('2.4 Carbon intensities'!$E67:$Z67,">0"),"no values") -> 6 | H15: =G15/COUNTA('2.4 Carbon intensities'!$E67:$Z67) -> 0.27272727 | I15: =IFERROR(AVERAGEIFS('2.4 Carbon intensities'!$E67:$Z67,'2.4 Carbon intensities'!$E67:$Z67,">0",'3.1 Emission data'!$E49:$Z49,">0"),"0") -> 2.4708388 | J15: {=MEDIAN(IF('2.4 Carbon intensities'!$E67:$Z67>0,IF('3.1 Emission data'!$E49:$Z49>0,'2.4 Carbon intensities'!$E67:$Z67)))} -> 0.42384088 | K15: =IFERROR(J15/E15,"no values") -> 1 | L15: =COUNTIFS('2.4 Carbon intensities'!$E67:$Z67,">0",'3.1 Emission data'!$E49:$Z49,">0") -> 6 | M15: =L15/COUNTA('2.4 Carbon intensities'!$E67:$Z67) -> 0.27272727 | N15: =IFERROR(AVERAGEIFS('2.4 Carbon intensities'!$E67:$Z67,'2.4 Carbon intensities'!$E67:$Z67,">0",'3.1 Emission data'!$E49:$Z49,"-0.5"),"no values") -> no values | O15: {=IFERROR(MEDIAN(IF('2.4 Carbon intensities'!$E67:$Z67>0,IF('3.1 Emission data'!$E49:$Z49<0,'2.4 Carbon intensities'!$E67:$Z67))),"no values")} -> no values | Q15: =COUNTIFS('2.4 Carbon intensities'!$E67:$Z67,">0",'3.1 Emission data'!$E49:$Z49,"<0") -> 0 | R15: =Q15/COUNTA('2.4 Carbon intensities'!$E67:$Z67) -> 0
C16: Downstream transportation and distribution | D16: =IFERROR(AVERAGEIFS('2.4 Carbon intensities'!$E69:$Z69,'2.4 Carbon intensities'!$E69:$Z69,">0"),"no values") -> 0.67825812 | E16: {=IFERROR(MEDIAN(IF('2.4 Carbon intensities'!$E69:$Z69>0,'2.4 Carbon intensities'!$E69:$Z69)),"no values")} -> 0.61093281 | F16: =E16/E16 -> 1 | G16: =IFERROR(COUNTIFS('2.4 Carbon intensities'!$E69:$Z69,">0"),"no values") -> 6 | H16: =G16/COUNTA('2.4 Carbon intensities'!$E69:$Z69) -> 0.27272727 | I16: =IFERROR(AVERAGEIFS('2.4 Carbon intensities'!$E69:$Z69,'2.4 Carbon intensities'!$E69:$Z69,">0",'3.1 Emission data'!$E51:$Z51,">0"),"no values") -> 0.67825812 | J16: {=IFERROR(MEDIAN(IF('2.4 Carbon intensities'!$E69:$Z69>0,IF('3.1 Emission data'!$E51:$Z51>0,'2.4 Carbon intensities'!$E69:$Z69))),"no values")} -> 0.61093281 | K16: =IFERROR(J16/E16,"no values") -> 1 | L16: =COUNTIFS('2.4 Carbon intensities'!$E69:$Z69,">0",'3.1 Emission data'!$E51:$Z51,">0") -> 6 | M16: =L16/COUNTA('2.4 Carbon intensities'!$E69:$Z69) -> 0.27272727 | N16: =IFERROR(AVERAGEIFS('2.4 Carbon intensities'!$E69:$Z69,'2.4 Carbon intensities'!$E69:$Z69,">0",'3.1 Emission data'!$E51:$Z51,"-0.5"),"no values") -> no values | O16: {=IFERROR(MEDIAN(IF('2.4 Carbon intensities'!$E69:$Z69>0,IF('3.1 Emission data'!$E51:$Z51<0,'2.4 Carbon intensities'!$E69:$Z69))),"no values")} -> no values | Q16: =COUNTIFS('2.4 Carbon intensities'!$E69:$Z69,">0",'3.1 Emission data'!$E51:$Z51,"<0") -> 0 | R16: =Q16/COUNTA('2.4 Carbon intensities'!$E69:$Z69) -> 0
C17: Processing of sold products | D17: =IFERROR(AVERAGEIFS('2.4 Carbon intensities'!$E70:$Z70,'2.4 Carbon intensities'!$E70:$Z70,">0"),"no values") -> no values | E17: {=IFERROR(MEDIAN(IF('2.4 Carbon intensities'!$E70:$Z70>0,'2.4 Carbon intensities'!$E70:$Z70)),"no values")} -> no values | G17: =IFERROR(COUNTIFS('2.4 Carbon intensities'!$E70:$Z70,">0"),"no values") -> 0 | H17: =G17/COUNTA('2.4 Carbon intensities'!$E70:$Z70) -> 0 | I17: =IFERROR(AVERAGEIFS('2.4 Carbon intensities'!$E70:$Z70,'2.4 Carbon intensities'!$E70:$Z70,">0",'3.1 Emission data'!$E52:$Z52,">0"),"no values") -> no values | J17: {=IFERROR(MEDIAN(IF('2.4 Carbon intensities'!$E70:$Z70>0,IF('3.1 Emission data'!$E52:$Z52>0,'2.4 Carbon intensities'!$E70:$Z70))),"no values")} -> no values | L17: =COUNTIFS('2.4 Carbon intensities'!$E70:$Z70,">0",'3.1 Emission data'!$E52:$Z52,">0") -> 0 | M17: =L17/COUNTA('2.4 Carbon intensities'!$E70:$Z70) -> 0 | N17: =IFERROR(AVERAGEIFS('2.4 Carbon intensities'!$E70:$Z70,'2.4 Carbon intensities'!$E70:$Z70,">0",'3.1 Emission data'!$E52:$Z52,"-0.5"),"no values") -> no values | O17: {=IFERROR(MEDIAN(IF('2.4 Carbon intensities'!$E70:$Z70>0,IF('3.1 Emission data'!$E52:$Z52<0,'2.4 Carbon intensities'!$E70:$Z70))),"no values")} -> no values | Q17: =COUNTIFS('2.4 Carbon intensities'!$E70:$Z70,">0",'3.1 Emission data'!$E52:$Z52,"<0") -> 0 | R17: =Q17/COUNTA('2.4 Carbon intensities'!$E70:$Z70) -> 0
C18: Use of sold products | D18: =IFERROR(AVERAGEIFS('2.4 Carbon intensities'!$E71:$Z71,'2.4 Carbon intensities'!$E71:$Z71,">0"),"no values") -> 76.746612 | E18: {=IFERROR(MEDIAN(IF('2.4 Carbon intensities'!$E71:$Z71>0,'2.4 Carbon intensities'!$E71:$Z71)),"no values")} -> 24.019673 | F18: =E18/E18 -> 1 | G18: =IFERROR(COUNTIFS('2.4 Carbon intensities'!$E71:$Z71,">0"),"no values") -> 7 | H18: =G18/COUNTA('2.4 Carbon intensities'!$E71:$Z71) -> 0.31818182 | I18: =IFERROR(AVERAGEIFS('2.4 Carbon intensities'!$E71:$Z71,'2.4 Carbon intensities'!$E71:$Z71,">0",'3.1 Emission data'!$E53:$Z53,">0"),"no values") -> 106.14935 | J18: {=IFERROR(MEDIAN(IF('2.4 Carbon intensities'!$E71:$Z71>0,IF('3.1 Emission data'!$E53:$Z53>0,'2.4 Carbon intensities'!$E71:$Z71))),"no values")} -> 40.473773 | K18: =IFERROR(J18/E18,"no values") -> 1.685026 | L18: =COUNTIFS('2.4 Carbon intensities'!$E71:$Z71,">0",'3.1 Emission data'!$E53:$Z53,">0") -> 5 | M18: =L18/COUNTA('2.4 Carbon intensities'!$E71:$Z71) -> 0.22727273 | N18: =IFERROR(AVERAGEIFS('2.4 Carbon intensities'!$E71:$Z71,'2.4 Carbon intensities'!$E71:$Z71,">0",'3.1 Emission data'!$E53:$Z53,"-0.5"),"no values") -> 3.2397776 | O18: {=IFERROR(MEDIAN(IF('2.4 Carbon intensities'!$E71:$Z71>0,IF('3.1 Emission data'!$E53:$Z53<0,'2.4 Carbon intensities'!$E71:$Z71))),"no values")} -> 3.2397776 | P18: =IFERROR(O18/E18,"no values") -> 0.13488017 | Q18: =COUNTIFS('2.4 Carbon intensities'!$E71:$Z71,">0",'3.1 Emission data'!$E53:$Z53,"<0") -> 2 | R18: =Q18/COUNTA('2.4 Carbon intensities'!$E71:$Z71) -> 0.090909091
C19: End of life treatment of sold products | D19: =IFERROR(AVERAGEIFS('2.4 Carbon intensities'!$E72:$Z72,'2.4 Carbon intensities'!$E72:$Z72,">0"),"no values") -> 0.30440142 | E19: {=IFERROR(MEDIAN(IF('2.4 Carbon intensities'!$E72:$Z72>0,'2.4 Carbon intensities'!$E72:$Z72)),"no values")} -> 0.22770756 | F19: =E19/E19 -> 1 | G19: =IFERROR(COUNTIFS('2.4 Carbon intensities'!$E72:$Z72,">0"),"no values") -> 4 | H19: =G19/COUNTA('2.4 Carbon intensities'!$E72:$Z72) -> 0.18181818 | I19: =IFERROR(AVERAGEIFS('2.4 Carbon intensities'!$E72:$Z72,'2.4 Carbon intensities'!$E72:$Z72,">0",'3.1 Emission data'!$E54:$Z54,">0"),"no values") -> 0.30440142 | J19: {=IFERROR(MEDIAN(IF('2.4 Carbon intensities'!$E72:$Z72>0,IF('3.1 Emission data'!$E54:$Z54>0,'2.4 Carbon intensities'!$E72:$Z72))),"no values")} -> 0.22770756 | K19: =IFERROR(J19/E19,"no values") -> 1 | L19: =COUNTIFS('2.4 Carbon intensities'!$E72:$Z72,">0",'3.1 Emission data'!$E54:$Z54,">0") -> 4 | M19: =L19/COUNTA('2.4 Carbon intensities'!$E72:$Z72) -> 0.18181818 | N19: =IFERROR(AVERAGEIFS('2.4 Carbon intensities'!$E72:$Z72,'2.4 Carbon intensities'!$E72:$Z72,">0",'3.1 Emission data'!$E54:$Z54,"-0.5"),"no values") -> no values | O19: {=IFERROR(MEDIAN(IF('2.4 Carbon intensities'!$E72:$Z72>0,IF('3.1 Emission data'!$E54:$Z54<0,'2.4 Carbon intensities'!$E72:$Z72))),"no values")} -> no values | Q19: =COUNTIFS('2.4 Carbon intensities'!$E72:$Z72,">0",'3.1 Emission data'!$E54:$Z54,"<0") -> 0 | R19: =Q19/COUNTA('2.4 Carbon intensities'!$E72:$Z72) -> 0
C20: Downstream leased assets | D20: =IFERROR(AVERAGEIFS('2.4 Carbon intensities'!$E73:$Z73,'2.4 Carbon intensities'!$E73:$Z73,">0"),"no values") -> 0.15428274 | E20: {=IFERROR(MEDIAN(IF('2.4 Carbon intensities'!$E73:$Z73>0,'2.4 Carbon intensities'!$E73:$Z73)),"no values")} -> 0.15428274 | F20: =E20/E20 -> 1 | G20: =IFERROR(COUNTIFS('2.4 Carbon intensities'!$E73:$Z73,">0"),"no values") -> 2 | H20: =G20/COUNTA('2.4 Carbon intensities'!$E73:$Z73) -> 0.090909091 | I20: =IFERROR(AVERAGEIFS('2.4 Carbon intensities'!$E73:$Z73,'2.4 Carbon intensities'!$E73:$Z73,">0",'3.1 Emission data'!$E55:$Z55,">0"),"no values") -> 0.15428274 | J20: {=IFERROR(MEDIAN(IF('2.4 Carbon intensities'!$E73:$Z73>0,IF('3.1 Emission data'!$E55:$Z55>0,'2.4 Carbon intensities'!$E73:$Z73))),"no values")} -> 0.15428274 | K20: =IFERROR(J20/E20,"no values") -> 1 | L20: =COUNTIFS('2.4 Carbon intensities'!$E73:$Z73,">0",'3.1 Emission data'!$E55:$Z55,">0") -> 2 | M20: =L20/COUNTA('2.4 Carbon intensities'!$E73:$Z73) -> 0.090909091 | N20: =IFERROR(AVERAGEIFS('2.4 Carbon intensities'!$E73:$Z73,'2.4 Carbon intensities'!$E73:$Z73,">0",'3.1 Emission data'!$E55:$Z55,"-0.5"),"no values") -> no values | O20: {=IFERROR(MEDIAN(IF('2.4 Carbon intensities'!$E73:$Z73>0,IF('3.1 Emission data'!$E55:$Z55<0,'2.4 Carbon intensities'!$E73:$Z73))),"no values")} -> no values | Q20: =COUNTIFS('2.4 Carbon intensities'!$E73:$Z73,">0",'3.1 Emission data'!$E55:$Z55,"<0") -> 0 | R20: =Q20/COUNTA('2.4 Carbon intensities'!$E73:$Z73) -> 0
C21: Franchises | D21: =IFERROR(AVERAGEIFS('2.4 Carbon intensities'!$E74:$Z74,'2.4 Carbon intensities'!$E74:$Z74,">0"),"no values") -> no values | E21: {=IFERROR(MEDIAN(IF('2.4 Carbon intensities'!$E74:$Z74>0,'2.4 Carbon intensities'!$E74:$Z74)),"no values")} -> no values | G21: =IFERROR(COUNTIFS('2.4 Carbon intensities'!$E74:$Z74,">0"),"no values") -> 0 | H21: =G21/COUNTA('2.4 Carbon intensities'!$E74:$Z74) -> 0 | I21: =IFERROR(AVERAGEIFS('2.4 Carbon intensities'!$E74:$Z74,'2.4 Carbon intensities'!$E74:$Z74,">0",'3.1 Emission data'!$E56:$Z56,">0"),"no values") -> no values | J21: {=IFERROR(MEDIAN(IF('2.4 Carbon intensities'!$E74:$Z74>0,IF('3.1 Emission data'!$E56:$Z56>0,'2.4 Carbon intensities'!$E74:$Z74))),"no values")} -> no values | L21: =COUNTIFS('2.4 Carbon intensities'!$E74:$Z74,">0",'3.1 Emission data'!$E56:$Z56,">0") -> 0 | M21: =L21/COUNTA('2.4 Carbon intensities'!$E74:$Z74) -> 0 | N21: =IFERROR(AVERAGEIFS('2.4 Carbon intensities'!$E74:$Z74,'2.4 Carbon intensities'!$E74:$Z74,">0",'3.1 Emission data'!$E56:$Z56,"-0.5"),"no values") -> no values | O21: {=IFERROR(MEDIAN(IF('2.4 Carbon intensities'!$E74:$Z74>0,IF('3.1 Emission data'!$E56:$Z56<0,'2.4 Carbon intensities'!$E74:$Z74))),"no values")} -> no values | Q21: =COUNTIFS('2.4 Carbon intensities'!$E74:$Z74,">0",'3.1 Emission data'!$E56:$Z56,"<0") -> 0 | R21: =Q21/COUNTA('2.4 Carbon intensities'!$E74:$Z74) -> 0
C22: Investments | D22: =IFERROR(AVERAGEIFS('2.4 Carbon intensities'!$E75:$Z75,'2.4 Carbon intensities'!$E75:$Z75,">0"),"no values") -> 0.16789474 | E22: {=IFERROR(MEDIAN(IF('2.4 Carbon intensities'!$E75:$Z75>0,'2.4 Carbon intensities'!$E75:$Z75)),"no values")} -> 0.16789474 | F22: =E22/E22 -> 1 | G22: =IFERROR(COUNTIFS('2.4 Carbon intensities'!$E75:$Z75,">0"),"no values") -> 1 | H22: =G22/COUNTA('2.4 Carbon intensities'!$E75:$Z75) -> 0.045454545 | I22: =IFERROR(AVERAGEIFS('2.4 Carbon intensities'!$E75:$Z75,'2.4 Carbon intensities'!$E75:$Z75,">0",'3.1 Emission data'!$E57:$Z57,">0"),"no values") -> 0.16789474 | J22: {=IFERROR(MEDIAN(IF('2.4 Carbon intensities'!$E75:$Z75>0,IF('3.1 Emission data'!$E57:$Z57>0,'2.4 Carbon intensities'!$E75:$Z75))),"no values")} -> 0.16789474 | K22: =IFERROR(J22/E22,"no values") -> 1 | L22: =COUNTIFS('2.4 Carbon intensities'!$E75:$Z75,">0",'3.1 Emission data'!$E57:$Z57,">0") -> 1 | M22: =L22/COUNTA('2.4 Carbon intensities'!$E75:$Z75) -> 0.045454545 | N22: =IFERROR(AVERAGEIFS('2.4 Carbon intensities'!$E75:$Z75,'2.4 Carbon intensities'!$E75:$Z75,">0",'3.1 Emission data'!$E57:$Z57,"-0.5"),"no values") -> no values | O22: {=IFERROR(MEDIAN(IF('2.4 Carbon intensities'!$E75:$Z75>0,IF('3.1 Emission data'!$E57:$Z57<0,'2.4 Carbon intensities'!$E75:$Z75))),"no values")} -> no values | Q22: =COUNTIFS('2.4 Carbon intensities'!$E75:$Z75,">0",'3.1 Emission data'!$E57:$Z57,"<0") -> 0 | R22: =Q22/COUNTA('2.4 Carbon intensities'!$E75:$Z75) -> 0
D26: Category-specific intensities for Technology Hardware & Equipment sample (n=34)
D27: All emission figures | I27: Complete emission figures | N27: Incomplete emission figures
C28: Scope 3 categories | D28: Mean | E28: Median | F28: Increase | G28: Number | H28: Ratio | I28: Mean | J28: Median | K28: Increase | L28: Number | M28: Ratio | N28: Mean | O28: Median | P28: Increase | Q28: Number | R28: Ratio
C29: Purchased goods and services | D29: =AVERAGEIFS('2.4 Carbon intensities'!$AA60:$BH60,'2.4 Carbon intensities'!$AA60:$BH60,">0") -> 143.38987 | E29: {=MEDIAN(IF('2.4 Carbon intensities'!$AA60:$BH60>0,'2.4 Carbon intensities'!$AA60:$BH60))} -> 64.539108 | F29: =E29/E29 -> 1 | G29: =COUNTIFS('3.1 Emission data'!$AA42:$BH42,"1")+COUNTIF('3.1 Emission data'!$AA42:$BH42,"-0.5") -> 22 | H29: =G29/COUNTA('2.4 Carbon intensities'!$AA60:$BH60) -> 0.64705882 | I29: =AVERAGEIFS('2.4 Carbon intensities'!$AA60:$BH60,'2.4 Carbon intensities'!$AA60:$BH60,">0",'3.1 Emission data'!$AA42:$BH42,">0") -> 230.71495 | J29: {=MEDIAN(IF('2.4 Carbon intensities'!$AA60:$BH60>0,IF('3.1 Emission data'!$AA42:$BH42>0,'2.4 Carbon intensities'!$AA60:$BH60)))} -> 206.14288 | K29: =J29/E29 -> 3.1940769 | L29: =COUNTIFS('3.1 Emission data'!$AA42:$BH42,">0",'3.1 Emission data'!$AA42:$BH42,">0") -> 12 | M29: =L29/COUNTA('2.4 Carbon intensities'!$AA60:$BH60) -> 0.35294118 | N29: =AVERAGEIFS('2.4 Carbon intensities'!$AA60:$BH60,'2.4 Carbon intensities'!$AA60:$BH60,">0",'3.1 Emission data'!$AA42:$BH42,"<0") -> 38.599763 | O29: {=MEDIAN(IF('2.4 Carbon intensities'!$AA60:$BH60>0,IF('3.1 Emission data'!$AA42:$BH42<0,'2.4 Carbon intensities'!$AA60:$BH60)))} -> 25.001544 | P29: =O29/E29 -> 0.38738596 | Q29: =COUNTIFS('2.4 Carbon intensities'!$AA60:$BH60,">0",'3.1 Emission data'!$AA42:$BH42,"<0") -> 10 | R29: =Q29/COUNTA('2.4 Carbon intensities'!$AA60:$BH60) -> 0.29411765
C30: Capital goods | D30: =AVERAGEIFS('2.4 Carbon intensities'!$AA61:$BH61,'2.4 Carbon intensities'!$AA61:$BH61,">0") -> 223.30752 | E30: {=MEDIAN(IF('2.4 Carbon intensities'!$AA61:$BH61>0,'2.4 Carbon intensities'!$AA61:$BH61))} -> 216.50239 | F30: =E30/E30 -> 1 | G30: =COUNTIFS('3.1 Emission data'!$AA43:$BH43,"1")+COUNTIF('3.1 Emission data'!$AA43:$BH43,"-0.5") -> 17 | H30: =G30/COUNTA('2.4 Carbon intensities'!$AA61:$BH61) -> 0.5 | I30: =AVERAGEIFS('2.4 Carbon intensities'!$AA61:$BH61,'2.4 Carbon intensities'!$AA61:$BH61,">0",'3.1 Emission data'!$AA43:$BH43,">0") -> 238.17971 | J30: {=MEDIAN(IF('2.4 Carbon intensities'!$AA61:$BH61>0,IF('3.1 Emission data'!$AA43:$BH43>0,'2.4 Carbon intensities'!$AA61:$BH61)))} -> 235.84906 | K30: =J30/E30 -> 1.0893601 | L30: =COUNTIFS('3.1 Emission data'!$AA43:$BH43,">0",'3.1 Emission data'!$AA43:$BH43,">0") -> 16 | M30: =L30/COUNTA('2.4 Carbon intensities'!$AA61:$BH61) -> 0.47058824 | N30: =AVERAGEIFS('2.4 Carbon intensities'!$AA61:$BH61,'2.4 Carbon intensities'!$AA61:$BH61,">0",'3.1 Emission data'!$AA43:$BH43,"<0") -> 0.2247191 | O30: {=MEDIAN(IF('2.4 Carbon intensities'!$AA61:$BH61>0,IF('3.1 Emission data'!$AA43:$BH43<0,'2.4 Carbon intensities'!$AA61:$BH61)))} -> 0.2247191 | P30: =O30/E30 -> 0.0010379521 | Q30: =COUNTIFS('2.4 Carbon intensities'!$AA61:$BH61,">0",'3.1 Emission data'!$AA43:$BH43,"<0") -> 1 | R30: =Q30/COUNTA('2.4 Carbon intensities'!$AA61:$BH61) -> 0.029411765
C31: Fuel- and energy-related activities | D31: =AVERAGEIFS('2.4 Carbon intensities'!$AA62:$BH62,'2.4 Carbon intensities'!$AA62:$BH62,">0") -> 0.14499452 | E31: {=MEDIAN(IF('2.4 Carbon intensities'!$AA62:$BH62>0,'2.4 Carbon intensities'!$AA62:$BH62))} -> 0.1149007 | F31: =E31/E31 -> 1 | G31: =COUNTIFS('3.1 Emission data'!$AA44:$BH44,"1")+COUNTIF('3.1 Emission data'!$AA44:$BH44,"-0.5") -> 19 | H31: =G31/COUNTA('2.4 Carbon intensities'!$AA62:$BH62) -> 0.55882353 | I31: =AVERAGEIFS('2.4 Carbon intensities'!$AA62:$BH62,'2.4 Carbon intensities'!$AA62:$BH62,">0",'3.1 Emission data'!$AA44:$BH44,">0") -> 0.15102828 | J31: {=MEDIAN(IF('2.4 Carbon intensities'!$AA62:$BH62>0,IF('3.1 Emission data'!$AA44:$BH44>0,'2.4 Carbon intensities'!$AA62:$BH62)))} -> 0.1149007 | K31: =J31/E31 -> 1 | L31: =COUNTIFS('3.1 Emission data'!$AA44:$BH44,">0",'3.1 Emission data'!$AA44:$BH44,">0") -> 17 | M31: =L31/COUNTA('2.4 Carbon intensities'!$AA62:$BH62) -> 0.5 | N31: =AVERAGEIFS('2.4 Carbon intensities'!$AA62:$BH62,'2.4 Carbon intensities'!$AA62:$BH62,">0",'3.1 Emission data'!$AA44:$BH44,"<0") -> 0.096724437 | O31: {=MEDIAN(IF('2.4 Carbon intensities'!$AA62:$BH62>0,IF('3.1 Emission data'!$AA44:$BH44<0,'2.4 Carbon intensities'!$AA62:$BH62)))} -> 0.096724437 | P31: =O31/E31 -> 0.84180893 | Q31: =COUNTIFS('2.4 Carbon intensities'!$AA62:$BH62,">0",'3.1 Emission data'!$AA44:$BH44,"<0") -> 2 | R31: =Q31/COUNTA('2.4 Carbon intensities'!$AA62:$BH62) -> 0.058823529
C32: Upstream transportation and distribution | D32: =AVERAGEIFS('2.4 Carbon intensities'!$AA63:$BH63,'2.4 Carbon intensities'!$AA63:$BH63,">0") -> 9.049621 | E32: {=MEDIAN(IF('2.4 Carbon intensities'!$AA63:$BH63>0,'2.4 Carbon intensities'!$AA63:$BH63))} -> 3.3574349 | F32: =E32/E32 -> 1 | G32: =COUNTIFS('3.1 Emission data'!$AA45:$BH45,"1")+COUNTIF('3.1 Emission data'!$AA45:$BH45,"-0.5") -> 21 | H32: =G32/COUNTA('2.4 Carbon intensities'!$AA63:$BH63) -> 0.61764706 | I32: =AVERAGEIFS('2.4 Carbon intensities'!$AA63:$BH63,'2.4 Carbon intensities'!$AA63:$BH63,">0",'3.1 Emission data'!$AA45:$BH45,">0") -> 10.799018 | J32: {=MEDIAN(IF('2.4 Carbon intensities'!$AA63:$BH63>0,IF('3.1 Emission data'!$AA45:$BH45>0,'2.4 Carbon intensities'!$AA63:$BH63)))} -> 8.2782919 | K32: =J32/E32 -> 2.4656597 | L32: =COUNTIFS('3.1 Emission data'!$AA45:$BH45,">0",'3.1 Emission data'!$AA45:$BH45,">0") -> 17 | M32: =L32/COUNTA('2.4 Carbon intensities'!$AA63:$BH63) -> 0.5 | N32: =AVERAGEIFS('2.4 Carbon intensities'!$AA63:$BH63,'2.4 Carbon intensities'!$AA63:$BH63,">0",'3.1 Emission data'!$AA45:$BH45,"<0") -> 1.6146854 | O32: {=MEDIAN(IF('2.4 Carbon intensities'!$AA63:$BH63>0,IF('3.1 Emission data'!$AA45:$BH45<0,'2.4 Carbon intensities'!$AA63:$BH63)))} -> 1.5404219 | P32: =O32/E32 -> 0.45880917 | Q32: =COUNTIFS('2.4 Carbon intensities'!$AA63:$BH63,">0",'3.1 Emission data'!$AA45:$BH45,"<0") -> 4 | R32: =Q32/COUNTA('2.4 Carbon intensities'!$AA63:$BH63) -> 0.11764706
C33: Waste generated in operations | D33: =AVERAGEIFS('2.4 Carbon intensities'!$AA64:$BH64,'2.4 Carbon intensities'!$AA64:$BH64,">0") -> 0.89740176 | E33: {=MEDIAN(IF('2.4 Carbon intensities'!$AA64:$BH64>0,'2.4 Carbon intensities'!$AA64:$BH64))} -> 0.74548774 | F33: =E33/E33 -> 1 | G33: =COUNTIFS('3.1 Emission data'!$AA46:$BH46,"1")+COUNTIF('3.1 Emission data'!$AA46:$BH46,"-0.5") -> 18 | H33: =G33/COUNTA('2.4 Carbon intensities'!$AA64:$BH64) -> 0.52941176 | I33: =AVERAGEIFS('2.4 Carbon intensities'!$AA64:$BH64,'2.4 Carbon intensities'!$AA64:$BH64,">0",'3.1 Emission data'!$AA46:$BH46,">0") -> 0.94779569 | J33: {=MEDIAN(IF('2.4 Carbon intensities'!$AA64:$BH64>0,IF('3.1 Emission data'!$AA46:$BH46>0,'2.4 Carbon intensities'!$AA64:$BH64)))} -> 0.79855565 | K33: =J33/E33 -> 1.0711855 | L33: =COUNTIFS('3.1 Emission data'!$AA46:$BH46,">0",'3.1 Emission data'!$AA46:$BH46,">0") -> 17 | M33: =L33/COUNTA('2.4 Carbon intensities'!$AA64:$BH64) -> 0.5 | N33: =AVERAGEIFS('2.4 Carbon intensities'!$AA64:$BH64,'2.4 Carbon intensities'!$AA64:$BH64,">0",'3.1 Emission data'!$AA46:$BH46,"<0") -> 0.040704979 | O33: {=MEDIAN(IF('2.4 Carbon intensities'!$AA64:$BH64>0,IF('3.1 Emission data'!$AA46:$BH46<0,'2.4 Carbon intensities'!$AA64:$BH64)))} -> 0.040704979 | P33: =O33/E33 -> 0.054601808 | Q33: =COUNTIFS('2.4 Carbon intensities'!$AA64:$BH64,">0",'3.1 Emission data'!$AA46:$BH46,"<0") -> 1 | R33: =Q33/COUNTA('2.4 Carbon intensities'!$AA64:$BH64) -> 0.029411765
C34: Business travel | D34: =AVERAGEIFS('2.4 Carbon intensities'!$AA65:$BH65,'2.4 Carbon intensities'!$AA65:$BH65,">0") -> 2.3781857 | E34: {=MEDIAN(IF('2.4 Carbon intensities'!$AA65:$BH65>0,'2.4 Carbon intensities'!$AA65:$BH65))} -> 1.8731739 | F34: =E34/E34 -> 1 | G34: =COUNTIFS('3.1 Emission data'!$AA47:$BH47,"1")+COUNTIF('3.1 Emission data'!$AA47:$BH47,"-0.5") -> 29 | H34: =G34/COUNTA('2.4 Carbon intensities'!$AA65:$BH65) -> 0.85294118 | I34: =AVERAGEIFS('2.4 Carbon intensities'!$AA65:$BH65,'2.4 Carbon intensities'!$AA65:$BH65,">0",'3.1 Emission data'!$AA47:$BH47,">0") -> 2.2627874 | J34: {=MEDIAN(IF('2.4 Carbon intensities'!$AA65:$BH65>0,IF('3.1 Emission data'!$AA47:$BH47>0,'2.4 Carbon intensities'!$AA65:$BH65)))} -> 2.05233 | K34: =J34/E34 -> 1.0956431 | L34: =COUNTIFS('3.1 Emission data'!$AA47:$BH47,">0",'3.1 Emission data'!$AA47:$BH47,">0") -> 13 | M34: =L34/COUNTA('2.4 Carbon intensities'!$AA65:$BH65) -> 0.38235294 | N34: =AVERAGEIFS('2.4 Carbon intensities'!$AA65:$BH65,'2.4 Carbon intensities'!$AA65:$BH65,">0",'3.1 Emission data'!$AA47:$BH47,"<0") -> 2.4719467 | O34: {=MEDIAN(IF('2.4 Carbon intensities'!$AA65:$BH65>0,IF('3.1 Emission data'!$AA47:$BH47<0,'2.4 Carbon intensities'!$AA65:$BH65)))} -> 1.7749852 | P34: =O34/E34 -> 0.94758162 | Q34: =COUNTIFS('2.4 Carbon intensities'!$AA65:$BH65,">0",'3.1 Emission data'!$AA47:$BH47,"<0") -> 16 | R34: =Q34/COUNTA('2.4 Carbon intensities'!$AA65:$BH65) -> 0.47058824
C35: Employee commuting | D35: =AVERAGEIFS('2.4 Carbon intensities'!$AA66:$BH66,'2.4 Carbon intensities'!$AA66:$BH66,">0") -> 0.84224538 | E35: {=MEDIAN(IF('2.4 Carbon intensities'!$AA66:$BH66>0,'2.4 Carbon intensities'!$AA66:$BH66))} -> 0.44771886 | F35: =E35/E35 -> 1 | G35: =COUNTIFS('3.1 Emission data'!$AA48:$BH48,"1")+COUNTIF('3.1 Emission data'!$AA48:$BH48,"-0.5") -> 19 | H35: =G35/COUNTA('2.4 Carbon intensities'!$AA66:$BH66) -> 0.55882353 | I35: =AVERAGEIFS('2.4 Carbon intensities'!$AA66:$BH66,'2.4 Carbon intensities'!$AA66:$BH66,">0",'3.1 Emission data'!$AA48:$BH48,">0") -> 1.0587629 | J35: {=MEDIAN(IF('2.4 Carbon intensities'!$AA66:$BH66>0,IF('3.1 Emission data'!$AA48:$BH48>0,'2.4 Carbon intensities'!$AA66:$BH66)))} -> 0.58139535 | K35: =J35/E35 -> 1.2985724 | L35: =COUNTIFS('3.1 Emission data'!$AA48:$BH48,">0",'3.1 Emission data'!$AA48:$BH48,">0") -> 15 | M35: =L35/COUNTA('2.4 Carbon intensities'!$AA66:$BH66) -> 0.44117647 | N35: =AVERAGEIFS('2.4 Carbon intensities'!$AA66:$BH66,'2.4 Carbon intensities'!$AA66:$BH66,">0",'3.1 Emission data'!$AA48:$BH48,"<0") -> 0.030304617 | O35: {=MEDIAN(IF('2.4 Carbon intensities'!$AA66:$BH66>0,IF('3.1 Emission data'!$AA48:$BH48<0,'2.4 Carbon intensities'!$AA66:$BH66)))} -> 0.018882176 | P35: =O35/E35 -> 0.042174181 | Q35: =COUNTIFS('2.4 Carbon intensities'!$AA66:$BH66,">0",'3.1 Emission data'!$AA48:$BH48,"<0") -> 4 | R35: =Q35/COUNTA('2.4 Carbon intensities'!$AA66:$BH66) -> 0.11764706
C36: Upstream leased assets | D36: =AVERAGEIFS('2.4 Carbon intensities'!$AA67:$BH67,'2.4 Carbon intensities'!$AA67:$BH67,">0") -> 2.0309475 | E36: {=IFERROR(MEDIAN(IF('2.4 Carbon intensities'!$AA67:$BH67>0,'2.4 Carbon intensities'!$AA67:$BH67)),"no values")} -> 0.3502458 | F36: =E36/E36 -> 1 | G36: =COUNTIFS('3.1 Emission data'!$AA49:$BH49,"1")+COUNTIF('3.1 Emission data'!$AA49:$BH49,"-0.5") -> 16 | H36: =G36/COUNTA('2.4 Carbon intensities'!$AA67:$BH67) -> 0.47058824 | I36: =AVERAGEIFS('2.4 Carbon intensities'!$AA67:$BH67,'2.4 Carbon intensities'!$AA67:$BH67,">0",'3.1 Emission data'!$AA49:$BH49,">0") -> 2.3592665 | J36: {=MEDIAN(IF('2.4 Carbon intensities'!$AA67:$BH67>0,IF('3.1 Emission data'!$AA49:$BH49>0,'2.4 Carbon intensities'!$AA67:$BH67)))} -> 1.2883375 | K36: =J36/E36 -> 3.6783812 | L36: =COUNTIFS('3.1 Emission data'!$AA49:$BH49,">0",'3.1 Emission data'!$AA49:$BH49,">0") -> 15 | M36: =L36/COUNTA('2.4 Carbon intensities'!$AA67:$BH67) -> 0.44117647 | N36: =AVERAGEIFS('2.4 Carbon intensities'!$AA67:$BH67,'2.4 Carbon intensities'!$AA67:$BH67,">0",'3.1 Emission data'!$AA49:$BH49,"<0") -> 0.061033643 | O36: {=MEDIAN(IF('2.4 Carbon intensities'!$AA67:$BH67>0,IF('3.1 Emission data'!$AA49:$BH49<0,'2.4 Carbon intensities'!$AA67:$BH67)))} -> 0.061033643 | P36: =O36/E36 -> 0.17425946 | Q36: =COUNTIFS('2.4 Carbon intensities'!$AA67:$BH67,">0",'3.1 Emission data'!$AA49:$BH49,"<0") -> 1 | R36: =Q36/COUNTA('2.4 Carbon intensities'!$AA67:$BH67) -> 0.029411765
C37: Downstream transportation and distribution | D37: =IFERROR(AVERAGEIFS('2.4 Carbon intensities'!$AA69:$BH69,'2.4 Carbon intensities'!$AA69:$BH69,">0"),"no values") -> 5.049203 | E37: {=IFERROR(MEDIAN(IF('2.4 Carbon intensities'!$AA69:$BH69>0,'2.4 Carbon intensities'!$AA69:$BH69)),"no values")} -> 1.421054 | F37: =E37/E37 -> 1 | G37: =COUNTIFS('3.1 Emission data'!$AA51:$BH51,"1")+COUNTIF('3.1 Emission data'!$AA51:$BH51,"-0.5") -> 16 | H37: =G37/COUNTA('2.4 Carbon intensities'!$AA69:$BH69) -> 0.47058824 | I37: =IFERROR(AVERAGEIFS('2.4 Carbon intensities'!$AA69:$BH69,'2.4 Carbon intensities'!$AA69:$BH69,">0",'3.1 Emission data'!$AA51:$BH51,">0"),"no values") -> 5.4205307 | J37: {=IFERROR(MEDIAN(IF('2.4 Carbon intensities'!$AA69:$BH69>0,IF('3.1 Emission data'!$AA51:$BH51>0,'2.4 Carbon intensities'!$AA69:$BH69))),"no values")} -> 1.421054 | K37: =J37/E37 -> 1 | L37: =COUNTIFS('3.1 Emission data'!$AA51:$BH51,">0",'3.1 Emission data'!$AA51:$BH51,">0") -> 14 | M37: =L37/COUNTA('2.4 Carbon intensities'!$AA69:$BH69) -> 0.41176471 | N37: =IFERROR(AVERAGEIFS('2.4 Carbon intensities'!$AA69:$BH69,'2.4 Carbon intensities'!$AA69:$BH69,">0",'3.1 Emission data'!$AA51:$BH51,"<0"),"no values") -> 2.4499088 | O37: {=IFERROR(MEDIAN(IF('2.4 Carbon intensities'!$AA69:$BH69>0,IF('3.1 Emission data'!$AA51:$BH51<0,'2.4 Carbon intensities'!$AA69:$BH69))),"no values")} -> 2.4499088 | P37: =O37/E37 -> 1.7240082 | Q37: =COUNTIFS('2.4 Carbon intensities'!$AA69:$BH69,">0",'3.1 Emission data'!$AA51:$BH51,"<0") -> 2 | R37: =Q37/COUNTA('2.4 Carbon intensities'!$AA69:$BH69) -> 0.058823529
C38: Processing of sold products | D38: =IFERROR(AVERAGEIFS('2.4 Carbon intensities'!$AA70:$BH70,'2.4 Carbon intensities'!$AA70:$BH70,">0"),"no values") -> 14.193554 | E38: {=IFERROR(MEDIAN(IF('2.4 Carbon intensities'!$AA70:$BH70>0,'2.4 Carbon intensities'!$AA70:$BH70)),"no values")} -> 0.54669644 | F38: =E38/E38 -> 1 | G38: =COUNTIFS('3.1 Emission data'!$AA52:$BH52,"1")+COUNTIF('3.1 Emission data'!$AA52:$BH52,"-0.5") -> 6 | H38: =G38/COUNTA('2.4 Carbon intensities'!$AA70:$BH70) -> 0.17647059 | I38: =IFERROR(AVERAGEIFS('2.4 Carbon intensities'!$AA70:$BH70,'2.4 Carbon intensities'!$AA70:$BH70,">0",'3.1 Emission data'!$AA52:$BH52,">0"),"no values") -> 14.193554 | J38: {=IFERROR(MEDIAN(IF('2.4 Carbon intensities'!$AA70:$BH70>0,IF('3.1 Emission data'!$AA52:$BH52>0,'2.4 Carbon intensities'!$AA70:$BH70))),"no values")} -> 0.54669644 | K38: =J38/E38 -> 1 | L38: =COUNTIFS('3.1 Emission data'!$AA52:$BH52,">0",'3.1 Emission data'!$AA52:$BH52,">0") -> 6 | M38: =L38/COUNTA('2.4 Carbon intensities'!$AA70:$BH70) -> 0.17647059 | N38: =IFERROR(AVERAGEIFS('2.4 Carbon intensities'!$AA70:$BH70,'2.4 Carbon intensities'!$AA70:$BH70,">0",'3.1 Emission data'!$AA52:$BH52,"<0"),"no values") -> no values | O38: {=IFERROR(MEDIAN(IF('2.4 Carbon intensities'!$AA70:$BH70>0,IF('3.1 Emission data'!$AA52:$BH52<0,'2.4 Carbon intensities'!$AA70:$BH70))),"no values")} -> no values | Q38: =COUNTIFS('2.4 Carbon intensities'!$AA70:$BH70,">0",'3.1 Emission data'!$AA52:$BH52,"<0") -> 0 | R38: =Q38/COUNTA('2.4 Carbon intensities'!$AA70:$BH70) -> 0
C39: Use of sold products | D39: =IFERROR(AVERAGEIFS('2.4 Carbon intensities'!$AA71:$BH71,'2.4 Carbon intensities'!$AA71:$BH71,">0"),"no values") -> 466.76215 | E39: {=IFERROR(MEDIAN(IF('2.4 Carbon intensities'!$AA71:$BH71>0,'2.4 Carbon intensities'!$AA71:$BH71)),"no values")} -> 186.99702 | F39: =E39/E39 -> 1 | G39: =COUNTIFS('3.1 Emission data'!$AA53:$BH53,"1")+COUNTIF('3.1 Emission data'!$AA53:$BH53,"-0.5") -> 20 | H39: =G39/COUNTA('2.4 Carbon intensities'!$AA71:$BH71) -> 0.58823529 | I39: =IFERROR(AVERAGEIFS('2.4 Carbon intensities'!$AA71:$BH71,'2.4 Carbon intensities'!$AA71:$BH71,">0",'3.1 Emission data'!$AA53:$BH53,">0"),"no values") -> 488.35338 | J39: {=IFERROR(MEDIAN(IF('2.4 Carbon intensities'!$AA71:$BH71>0,IF('3.1 Emission data'!$AA53:$BH53>0,'2.4 Carbon intensities'!$AA71:$BH71))),"no values")} -> 214.94461 | K39: =J39/E39 -> 1.1494547 | L39: =COUNTIFS('3.1 Emission data'!$AA53:$BH53,">0",'3.1 Emission data'!$AA53:$BH53,">0") -> 19 | M39: =L39/COUNTA('2.4 Carbon intensities'!$AA71:$BH71) -> 0.55882353 | N39: =IFERROR(AVERAGEIFS('2.4 Carbon intensities'!$AA71:$BH71,'2.4 Carbon intensities'!$AA71:$BH71,">0",'3.1 Emission data'!$AA53:$BH53,"<0"),"no values") -> 56.528766 | O39: {=IFERROR(MEDIAN(IF('2.4 Carbon intensities'!$AA71:$BH71>0,IF('3.1 Emission data'!$AA53:$BH53<0,'2.4 Carbon intensities'!$AA71:$BH71))),"no values")} -> 56.528766 | P39: =O39/E39 -> 0.30229768 | Q39: =COUNTIFS('2.4 Carbon intensities'!$AA71:$BH71,">0",'3.1 Emission data'!$AA53:$BH53,"<0") -> 1 | R39: =Q39/COUNTA('2.4 Carbon intensities'!$AA71:$BH71) -> 0.029411765
C40: End of life treatment of sold products | D40: =IFERROR(AVERAGEIFS('2.4 Carbon intensities'!$AA72:$BH72,'2.4 Carbon intensities'!$AA72:$BH72,">0"),"no values") -> 66.465107 | E40: {=IFERROR(MEDIAN(IF('2.4 Carbon intensities'!$AA72:$BH72>0,'2.4 Carbon intensities'!$AA72:$BH72)),"no values")} -> 2.1291821 | F40: =E40/E40 -> 1 | G40: =COUNTIFS('3.1 Emission data'!$AA54:$BH54,"1")+COUNTIF('3.1 Emission data'!$AA54:$BH54,"-0.5") -> 16 | H40: =G40/COUNTA('2.4 Carbon intensities'!$AA72:$BH72) -> 0.47058824 | I40: =IFERROR(AVERAGEIFS('2.4 Carbon intensities'!$AA72:$BH72,'2.4 Carbon intensities'!$AA72:$BH72,">0",'3.1 Emission data'!$AA54:$BH54,">0"),"no values") -> 66.465107 | J40: {=IFERROR(MEDIAN(IF('2.4 Carbon intensities'!$AA72:$BH72>0,IF('3.1 Emission data'!$AA54:$BH54>0,'2.4 Carbon intensities'!$AA72:$BH72))),"no values")} -> 2.1291821 | K40: =J40/E40 -> 1 | L40: =COUNTIFS('3.1 Emission data'!$AA54:$BH54,">0",'3.1 Emission data'!$AA54:$BH54,">0") -> 16 | M40: =L40/COUNTA('2.4 Carbon intensities'!$AA72:$BH72) -> 0.47058824 | N40: =IFERROR(AVERAGEIFS('2.4 Carbon intensities'!$AA72:$BH72,'2.4 Carbon intensities'!$AA72:$BH72,">0",'3.1 Emission data'!$AA54:$BH54,"<0"),"no values") -> no values | O40: {=IFERROR(MEDIAN(IF('2.4 Carbon intensities'!$AA72:$BH72>0,IF('3.1 Emission data'!$AA54:$BH54<0,'2.4 Carbon intensities'!$AA72:$BH72))),"no values")} -> no values | Q40: =COUNTIFS('2.4 Carbon intensities'!$AA72:$BH72,">0",'3.1 Emission data'!$AA54:$BH54,"<0") -> 0 | R40: =Q40/COUNTA('2.4 Carbon intensities'!$AA72:$BH72) -> 0
C41: Downstream leased assets | D41: =IFERROR(AVERAGEIFS('2.4 Carbon intensities'!$AA73:$BH73,'2.4 Carbon intensities'!$AA73:$BH73,">0"),"no values") -> 0.2630073 | E41: {=IFERROR(MEDIAN(IF('2.4 Carbon intensities'!$AA73:$BH73>0,'2.4 Carbon intensities'!$AA73:$BH73)),"no values")} -> 0.10702092 | F41: =E41/E41 -> 1 | G41: =COUNTIFS('3.1 Emission data'!$AA55:$BH55,"1")+COUNTIF('3.1 Emission data'!$AA55:$BH55,"-0.5") -> 7 | H41: =G41/COUNTA('2.4 Carbon intensities'!$AA73:$BH73) -> 0.20588235 | I41: =IFERROR(AVERAGEIFS('2.4 Carbon intensities'!$AA73:$BH73,'2.4 Carbon intensities'!$AA73:$BH73,">0",'3.1 Emission data'!$AA55:$BH55,">0"),"no values") -> 0.2630073 | J41: {=IFERROR(MEDIAN(IF('2.4 Carbon intensities'!$AA73:$BH73>0,IF('3.1 Emission data'!$AA55:$BH55>0,'2.4 Carbon intensities'!$AA73:$BH73))),"no values")} -> 0.10702092 | K41: =J41/E41 -> 1 | L41: =COUNTIFS('3.1 Emission data'!$AA55:$BH55,">0",'3.1 Emission data'!$AA55:$BH55,">0") -> 7 | M41: =L41/COUNTA('2.4 Carbon intensities'!$AA73:$BH73) -> 0.20588235 | N41: =IFERROR(AVERAGEIFS('2.4 Carbon intensities'!$AA73:$BH73,'2.4 Carbon intensities'!$AA73:$BH73,">0",'3.1 Emission data'!$AA55:$BH55,"<0"),"no values") -> no values | O41: {=IFERROR(MEDIAN(IF('2.4 Carbon intensities'!$AA73:$BH73>0,IF('3.1 Emission data'!$AA55:$BH55<0,'2.4 Carbon intensities'!$AA73:$BH73))),"no values")} -> no values | Q41: =COUNTIFS('2.4 Carbon intensities'!$AA73:$BH73,">0",'3.1 Emission data'!$AA55:$BH55,"<0") -> 0 | R41: =Q41/COUNTA('2.4 Carbon intensities'!$AA73:$BH73) -> 0
C42: Franchises | D42: =IFERROR(AVERAGEIFS('2.4 Carbon intensities'!$AA74:$BH74,'2.4 Carbon intensities'!$AA74:$BH74,">0"),"no values") -> no values | E42: {=IFERROR(MEDIAN(IF('2.4 Carbon intensities'!$AA74:$BH74>0,'2.4 Carbon intensities'!$AA74:$BH74)),"no values")} -> no values | G42: =COUNTIFS('3.1 Emission data'!$AA56:$BH56,"1")+COUNTIF('3.1 Emission data'!$AA56:$BH56,"-0.5") -> 0 | H42: =G42/COUNTA('2.4 Carbon intensities'!$AA74:$BH74) -> 0 | I42: =IFERROR(AVERAGEIFS('2.4 Carbon intensities'!$AA74:$BH74,'2.4 Carbon intensities'!$AA74:$BH74,">0",'3.1 Emission data'!$AA56:$BH56,">0"),"no values") -> no values | J42: {=IFERROR(MEDIAN(IF('2.4 Carbon intensities'!$AA74:$BH74>0,IF('3.1 Emission data'!$AA56:$BH56>0,'2.4 Carbon intensities'!$AA74:$BH74))),"no values")} -> no values | L42: =COUNTIFS('3.1 Emission data'!$AA56:$BH56,">0",'3.1 Emission data'!$AA56:$BH56,">0") -> 0 | M42: =L42/COUNTA('2.4 Carbon intensities'!$AA74:$BH74) -> 0 | N42: =IFERROR(AVERAGEIFS('2.4 Carbon intensities'!$AA74:$BH74,'2.4 Carbon intensities'!$AA74:$BH74,">0",'3.1 Emission data'!$AA56:$BH56,"<0"),"no values") -> no values | O42: {=IFERROR(MEDIAN(IF('2.4 Carbon intensities'!$AA74:$BH74>0,IF('3.1 Emission data'!$AA56:$BH56<0,'2.4 Carbon intensities'!$AA74:$BH74))),"no values")} -> no values | Q42: =COUNTIFS('2.4 Carbon intensities'!$AA74:$BH74,">0",'3.1 Emission data'!$AA56:$BH56,"<0") -> 0 | R42: =Q42/COUNTA('2.4 Carbon intensities'!$AA74:$BH74) -> 0
C43: Investments | D43: =IFERROR(AVERAGEIFS('2.4 Carbon intensities'!$AA75:$BH75,'2.4 Carbon intensities'!$AA75:$BH75,">0"),"no values") -> 0.24425965 | E43: {=IFERROR(MEDIAN(IF('2.4 Carbon intensities'!$AA75:$BH75>0,'2.4 Carbon intensities'!$AA75:$BH75)),"no values")} -> 0.1921225 | F43: =E43/E43 -> 1 | G43: =COUNTIFS('3.1 Emission data'!$AA57:$BH57,"1")+COUNTIF('3.1 Emission data'!$AA57:$BH57,"-0.5") -> 4 | H43: =G43/COUNTA('2.4 Carbon intensities'!$AA75:$BH75) -> 0.11764706 | I43: =IFERROR(AVERAGEIFS('2.4 Carbon intensities'!$AA75:$BH75,'2.4 Carbon intensities'!$AA75:$BH75,">0",'3.1 Emission data'!$AA57:$BH57,">0"),"no values") -> 0.24425965 | J43: {=IFERROR(MEDIAN(IF('2.4 Carbon intensities'!$AA75:$BH75>0,IF('3.1 Emission data'!$AA57:$BH57>0,'2.4 Carbon intensities'!$AA75:$BH75))),"no values")} -> 0.1921225 | K43: =J43/E43 -> 1 | L43: =COUNTIFS('3.1 Emission data'!$AA57:$BH57,">0",'3.1 Emission data'!$AA57:$BH57,">0") -> 4 | M43: =L43/COUNTA('2.4 Carbon intensities'!$AA75:$BH75) -> 0.11764706 | N43: =IFERROR(AVERAGEIFS('2.4 Carbon intensities'!$AA75:$BH75,'2.4 Carbon intensities'!$AA75:$BH75,">0",'3.1 Emission data'!$AA57:$BH57,"<0"),"no values") -> no values | O43: {=IFERROR(MEDIAN(IF('2.4 Carbon intensities'!$AA75:$BH75>0,IF('3.1 Emission data'!$AA57:$BH57<0,'2.4 Carbon intensities'!$AA75:$BH75))),"no values")} -> no values | Q43: =COUNTIFS('2.4 Carbon intensities'!$AA75:$BH75,">0",'3.1 Emission data'!$AA57:$BH57,"<0") -> 0 | R43: =Q43/COUNTA('2.4 Carbon intensities'!$AA75:$BH75) -> 0
E51: Microsoft Corporation | F51: Alphabet, Inc. | G51: International Business Machines (IBM) | H51: Oracle Corporation | I51: SAP SE | J51: Accenture | K51: Tata Consultancy Services | L51: Salesforce.com, Inc. | M51: Adobe, Inc. | N51: VMware, Inc | O51: Infosys Limited | P51: Capgemini SE | Q51: Atos SE | R51: Intuit Inc. | S51: Wipro | T51: HCL Technologies | U51: Synopsys, Inc. | V51: Tech Mahindra | W51: ServiceNow Inc | X51: Autodesk, Inc. | Y51: Shopify Inc | Z51: Nomura Research Institute, Ltd. | AA51: Apple Inc. | AB51: Samsung Electronics | AC51: Cisco Systems, Inc. | AD51: Hon Hai Precision Industry | AE51: HP Inc | AF51: Dell Technologies | AG51: Hewlett Packard Enterprise Company | AH51: TE Connectivity | AI51: Fujitsu Limited | AJ51: Murata Mfg. Co. | AK51: Corning Incorporated | AL51: Western Digital Corp | AM51: BOE Technology Group Co.,Ltd. | AN51: Nokia Group | AO51: Kyocera Corporation | AP51: Lenovo Group | AQ51: Ericsson | AR51: Amphenol Corporation | AS51: Seagate Technology PLC | AT51: TDK Corporation | AU51: Samsung SDI | AV51: NEC Corporation | AW51: NetApp Inc. | AX51: Hoya Corporation | AY51: Pegatron Corporation | AZ51: Delta Electronics, Inc. | BA51: OMRON Corporation | BB51: Flex Ltd. | BC51: Compal Electronics | BD51: Jabil Inc. | BE51: Wistron Corp | BF51: Olympus Corporation | BG51: Arista Networks | BH51: Keysight Technologies Inc
C52: Carbon intensities | E52: g CO2 e | F52: g CO2 e | G52: g CO2 e | H52: g CO2 e | I52: g CO2 e | J52: g CO2 e | K52: g CO2 e | L52: g CO2 e | M52: g CO2 e | N52: g CO2 e | O52: g CO2 e | P52: g CO2 e | Q52: g CO2 e | R52: g CO2 e | S52: g CO2 e | T52: g CO2 e | U52: g CO2 e | V52: g CO2 e | W52: g CO2 e | X52: g CO2 e | Y52: g CO2 e | Z52: g CO2 e | AA52: g CO2 e | AB52: g CO2 e | AC52: g CO2 e | AD52: g CO2 e | AE52: g CO2 e | AF52: g CO2 e | AG52: g CO2 e | AH52: g CO2 e | AI52: g CO2 e | AJ52: g CO2 e | AK52: g CO2 e | AL52: g CO2 e | AM52: g CO2 e | AN52: g CO2 e | AO52: g CO2 e | AP52: g CO2 e | AQ52: g CO2 e | AR52: g CO2 e | AS52: g CO2 e | AT52: g CO2 e | AU52: g CO2 e | AV52: g CO2 e | AW52: g CO2 e | AX52: g CO2 e | AY52: g CO2 e | AZ52: g CO2 e | BA52: g CO2 e | BB52: g CO2 e | BC52: g CO2 e | BD52: g CO2 e | BE52: g CO2 e | BF52: g CO2 e | BG52: g CO2 e | BH52: g CO2 e
C53: Scope 1 emissions | E53: =IFERROR('3.1 Emission data'!E11/'3.2 Emission predictors'!E$12*POWER(10,6),"") -> 0.76753807 | F53: =IFERROR('3.1 Emission data'!F11/'3.2 Emission predictors'!F$12*POWER(10,6),"") -> 0.46365693 | G53: =IFERROR('3.1 Emission data'!G11/'3.2 Emission predictors'!G$12*POWER(10,6),"") -> 1.5836468 | H53: =IFERROR('3.1 Emission data'!H11/'3.2 Emission predictors'!H$12*POWER(10,6),"") -> 0.43141414 | I53: =IFERROR('3.1 Emission data'!I11/'3.2 Emission predictors'!I$12*POWER(10,6),"") -> 4.954055 | J53: =IFERROR('3.1 Emission data'!J11/'3.2 Emission predictors'!J$12*POWER(10,6),"") -> 0.52195294 | K53: =IFERROR('3.1 Emission data'!K11/'3.2 Emission predictors'!K$12*POWER(10,6),"") -> 1.3098086 | L53: =IFERROR('3.1 Emission data'!L11/'3.2 Emission predictors'!L$12*POWER(10,6),"") -> 0.35345865 | ... BH53: =IFERROR('3.1 Emission data'!BH11/'3.2 Emission predictors'!BH$12*POWER(10,6),"") -> 1.9201392
C54: Scope 2 emissions | E54: =IFERROR('3.1 Emission data'!E12/'3.2 Emission predictors'!E$12*POWER(10,6),"") -> 1.5510068 | F54: =IFERROR('3.1 Emission data'!F12/'3.2 Emission predictors'!F$12*POWER(10,6),"") -> 4.9944234 | G54: =IFERROR('3.1 Emission data'!G12/'3.2 Emission predictors'!G$12*POWER(10,6),"") -> 12.240203 | H54: =IFERROR('3.1 Emission data'!H12/'3.2 Emission predictors'!H$12*POWER(10,6),"") -> 9.1527273 | I54: =IFERROR('3.1 Emission data'!I12/'3.2 Emission predictors'!I$12*POWER(10,6),"") -> 2.8363574 | J54: =IFERROR('3.1 Emission data'!J12/'3.2 Emission predictors'!J$12*POWER(10,6),"") -> 5.1495294 | K54: =IFERROR('3.1 Emission data'!K12/'3.2 Emission predictors'!K$12*POWER(10,6),"") -> 19.616794 | L54: =IFERROR('3.1 Emission data'!L12/'3.2 Emission predictors'!L$12*POWER(10,6),"") -> 11.877218 | ... BH54: =IFERROR('3.1 Emission data'!BH12/'3.2 Emission predictors'!BH$12*POWER(10,6),"") -> 17.299974
D55: market-based | E55: =IFERROR('3.1 Emission data'!E13/'3.2 Emission predictors'!E$12*POWER(10,6),"") -> 1.5510068 | F55: =IFERROR('3.1 Emission data'!F13/'3.2 Emission predictors'!F$12*POWER(10,6),"") -> 4.9944234 | G55: =IFERROR('3.1 Emission data'!G13/'3.2 Emission predictors'!G$12*POWER(10,6),"") -> 12.240203 | H55: =IFERROR('3.1 Emission data'!H13/'3.2 Emission predictors'!H$12*POWER(10,6),"") -> 9.1527273 | I55: =IFERROR('3.1 Emission data'!I13/'3.2 Emission predictors'!I$12*POWER(10,6),"") -> 2.8363574 | J55: =IFERROR('3.1 Emission data'!J13/'3.2 Emission predictors'!J$12*POWER(10,6),"") -> 5.1495294 | K55: =IFERROR('3.1 Emission data'!K13/'3.2 Emission predictors'!K$12*POWER(10,6),"") -> 19.616794 | L55: =IFERROR('3.1 Emission data'!L13/'3.2 Emission predictors'!L$12*POWER(10,6),"") -> 11.877218 | ... BH55: =IFERROR('3.1 Emission data'!BH13/'3.2 Emission predictors'!BH$12*POWER(10,6),"") -> 0
D56: location-based | E56: =IFERROR('3.1 Emission data'!E14/'3.2 Emission predictors'!E$12*POWER(10,6),"") -> 25.385135 | F56: =IFERROR('3.1 Emission data'!F14/'3.2 Emission predictors'!F$12*POWER(10,6),"") -> 31.713036 | G56: =IFERROR('3.1 Emission data'!G14/'3.2 Emission predictors'!G$12*POWER(10,6),"") -> 14.396823 | H56: =IFERROR('3.1 Emission data'!H14/'3.2 Emission predictors'!H$12*POWER(10,6),"") -> 12.371641 | I56: =IFERROR('3.1 Emission data'!I14/'3.2 Emission predictors'!I$12*POWER(10,6),"") -> 5.3981443 | J56: =IFERROR('3.1 Emission data'!J14/'3.2 Emission predictors'!J$12*POWER(10,6),"") -> 6.6359059 | K56: =IFERROR('3.1 Emission data'!K14/'3.2 Emission predictors'!K$12*POWER(10,6),"") -> 21.693349 | L56: =IFERROR('3.1 Emission data'!L14/'3.2 Emission predictors'!L$12*POWER(10,6),"") -> 21.124887 | ... BH56: =IFERROR('3.1 Emission data'!BH14/'3.2 Emission predictors'!BH$12*POWER(10,6),"") -> 17.299974
C57: Total Scope 1+2 emissions | E57: =IFERROR('3.1 Emission data'!E15/'3.2 Emission predictors'!E$12*POWER(10,6),"") -> 2.3185448 | F57: =IFERROR('3.1 Emission data'!F15/'3.2 Emission predictors'!F$12*POWER(10,6),"") -> 5.4580803 | G57: =IFERROR('3.1 Emission data'!G15/'3.2 Emission predictors'!G$12*POWER(10,6),"") -> 13.82385 | H57: =IFERROR('3.1 Emission data'!H15/'3.2 Emission predictors'!H$12*POWER(10,6),"") -> 9.5841414 | I57: =IFERROR('3.1 Emission data'!I15/'3.2 Emission predictors'!I$12*POWER(10,6),"") -> 7.7904124 | J57: =IFERROR('3.1 Emission data'!J15/'3.2 Emission predictors'!J$12*POWER(10,6),"") -> 5.6714824 | K57: =IFERROR('3.1 Emission data'!K15/'3.2 Emission predictors'!K$12*POWER(10,6),"") -> 20.926603 | L57: =IFERROR('3.1 Emission data'!L15/'3.2 Emission predictors'!L$12*POWER(10,6),"") -> 12.230677 | ... BH57: =IFERROR('3.1 Emission data'!BH15/'3.2 Emission predictors'!BH$12*POWER(10,6),"") -> 19.220113
C58: Scope 3 emissions | D58: CDP | E58: =IFERROR('3.1 Emission data'!E16/'3.2 Emission predictors'!E$12*POWER(10,6),"") -> 150.88426 | F58: =IFERROR('3.1 Emission data'!F16/'3.2 Emission predictors'!F$12*POWER(10,6),"") -> 104.22969 | G58: =IFERROR('3.1 Emission data'!G16/'3.2 Emission predictors'!G$12*POWER(10,6),"") -> 17.111842 | H58: =IFERROR('3.1 Emission data'!H16/'3.2 Emission predictors'!H$12*POWER(10,6),"") -> 44.597172 | I58: =IFERROR('3.1 Emission data'!I16/'3.2 Emission predictors'!I$12*POWER(10,6),"") -> 458.84048 | J58: =IFERROR('3.1 Emission data'!J16/'3.2 Emission predictors'!J$12*POWER(10,6),"") -> 22.323671 | K58: =IFERROR('3.1 Emission data'!K16/'3.2 Emission predictors'!K$12*POWER(10,6),"") -> 33.911866 | L58: =IFERROR('3.1 Emission data'!L16/'3.2 Emission predictors'!L$12*POWER(10,6),"") -> 69.647068 | ... BH58: =IFERROR('3.1 Emission data'!BH16/'3.2 Emission predictors'!BH$12*POWER(10,6),"") -> 14.574368
C59: Scope 3 emissions | D59: CR | E59: =IFERROR('3.1 Emission data'!E17/'3.2 Emission predictors'!E$12*POWER(10,6),"") -> 146.65415 | F59: =IFERROR('3.1 Emission data'!F17/'3.2 Emission predictors'!F$12*POWER(10,6),"") -> 104.22969 | G59: =IFERROR('3.1 Emission data'!G17/'3.2 Emission predictors'!G$12*POWER(10,6),"") -> 4.185629 | H59: =IFERROR('3.1 Emission data'!H17/'3.2 Emission predictors'!H$12*POWER(10,6),"") -> 0 | I59: =IFERROR('3.1 Emission data'!I17/'3.2 Emission predictors'!I$12*POWER(10,6),"") -> 17.432955 | J59: =IFERROR('3.1 Emission data'!J17/'3.2 Emission predictors'!J$12*POWER(10,6),"") -> 22.323671 | K59: =IFERROR('3.1 Emission data'!K17/'3.2 Emission predictors'!K$12*POWER(10,6),"") -> 0 | L59: =IFERROR('3.1 Emission data'!L17/'3.2 Emission predictors'!L$12*POWER(10,6),"") -> 11.654135 | ... BH59: =IFERROR('3.1 Emission data'!BH17/'3.2 Emission predictors'!BH$12*POWER(10,6),"") -> 0
C60: Upstream | D60: Purchased goods and services | E60: =IFERROR('3.1 Emission data'!E18/'3.2 Emission predictors'!E$31*POWER(10,6),"") -> 149.82406 | F60: =IFERROR('3.1 Emission data'!F18/'3.2 Emission predictors'!F$31*POWER(10,6),"") -> 73.609304 | G60: =IFERROR('3.1 Emission data'!G18/'3.2 Emission predictors'!G$31*POWER(10,6),"") -> 5.0127655 | H60: =IFERROR('3.1 Emission data'!H18/'3.2 Emission predictors'!H$31*POWER(10,6),"") -> 58.414513 | I60: =IFERROR('3.1 Emission data'!I18/'3.2 Emission predictors'!I$31*POWER(10,6),"") -> 32.677614 | J60: =IFERROR('3.1 Emission data'!J18/'3.2 Emission predictors'!J$31*POWER(10,6),"") -> 13.01548 | K60: =IFERROR('3.1 Emission data'!K18/'3.2 Emission predictors'!K$31*POWER(10,6),"") -> 2.729038 | L60: =IFERROR('3.1 Emission data'!L18/'3.2 Emission predictors'!L$31*POWER(10,6),"") -> 32.713902 | ... BH60: =IFERROR('3.1 Emission data'!BH18/'3.2 Emission predictors'!BH$31*POWER(10,6),"") -> 0
D61: Capital goods | E61: =IFERROR('3.1 Emission data'!E19/'3.2 Emission predictors'!E$14*POWER(10,6),"") -> 29.024206 | F61: =IFERROR('3.1 Emission data'!F19/'3.2 Emission predictors'!F$14*POWER(10,6),"") -> 96.494024 | G61: =IFERROR('3.1 Emission data'!G19/'3.2 Emission predictors'!G$14*POWER(10,6),"") -> 0 | H61: =IFERROR('3.1 Emission data'!H19/'3.2 Emission predictors'!H$14*POWER(10,6),"") -> 78.574309 | I61: =IFERROR('3.1 Emission data'!I19/'3.2 Emission predictors'!I$14*POWER(10,6),"") -> 276.56447 | J61: =IFERROR('3.1 Emission data'!J19/'3.2 Emission predictors'!J$14*POWER(10,6),"") -> 0 | K61: =IFERROR('3.1 Emission data'!K19/'3.2 Emission predictors'!K$14*POWER(10,6),"") -> 223.18797 | L61: =IFERROR('3.1 Emission data'!L19/'3.2 Emission predictors'!L$14*POWER(10,6),"") -> 243.99664 | ... BH61: =IFERROR('3.1 Emission data'!BH19/'3.2 Emission predictors'!BH$14*POWER(10,6),"") -> 0
D62: Fuel- and energy-related activities | E62: =IFERROR('3.1 Emission data'!E20/'3.2 Emission predictors'!E34,"") -> 0.80880569 | F62: =IFERROR('3.1 Emission data'!F20/'3.2 Emission predictors'!F34,"") -> 0 | G62: =IFERROR('3.1 Emission data'!G20/'3.2 Emission predictors'!G34,"") -> 0.012401708 | H62: =IFERROR('3.1 Emission data'!H20/'3.2 Emission predictors'!H34,"") -> 0.022919951 | I62: =IFERROR('3.1 Emission data'!I20/'3.2 Emission predictors'!I34,"") -> 0.13959923 | J62: =IFERROR('3.1 Emission data'!J20/'3.2 Emission predictors'!J34,"") -> 0 | K62: =IFERROR('3.1 Emission data'!K20/'3.2 Emission predictors'!K34,"") -> 0.30509834 | L62: =IFERROR('3.1 Emission data'!L20/'3.2 Emission predictors'!L34,"") -> 0.19749301 | ... BH62: =IFERROR('3.1 Emission data'!BH20/'3.2 Emission predictors'!BH34,"") -> 0
D63: Upstream transportation and distribution | E63: =IFERROR('3.1 Emission data'!E21/'3.2 Emission predictors'!E$31*POWER(10,6),"") -> 1.3620369 | F63: =IFERROR('3.1 Emission data'!F21/'3.2 Emission predictors'!F$31*POWER(10,6),"") -> 2.3105063 | G63: =IFERROR('3.1 Emission data'!G21/'3.2 Emission predictors'!G$31*POWER(10,6),"") -> 0 | H63: =IFERROR('3.1 Emission data'!H21/'3.2 Emission predictors'!H$31*POWER(10,6),"") -> 0.40810125 | I63: =IFERROR('3.1 Emission data'!I21/'3.2 Emission predictors'!I$31*POWER(10,6),"") -> 0 | J63: =IFERROR('3.1 Emission data'!J21/'3.2 Emission predictors'!J$31*POWER(10,6),"") -> 0 | K63: =IFERROR('3.1 Emission data'!K21/'3.2 Emission predictors'!K$31*POWER(10,6),"") -> 0.22470327 | L63: =IFERROR('3.1 Emission data'!L21/'3.2 Emission predictors'!L$31*POWER(10,6),"") -> 0.32442023 | ... BH63: =IFERROR('3.1 Emission data'!BH21/'3.2 Emission predictors'!BH$31*POWER(10,6),"") -> 6.0298355
D64: Waste generated in operations | E64: =IFERROR('3.1 Emission data'!E22/'3.2 Emission predictors'!E$31*POWER(10,6),"") -> 0.0081722214 | F64: =IFERROR('3.1 Emission data'!F22/'3.2 Emission predictors'!F$31*POWER(10,6),"") -> 0 | G64: =IFERROR('3.1 Emission data'!G22/'3.2 Emission predictors'!G$31*POWER(10,6),"") -> 0 | H64: =IFERROR('3.1 Emission data'!H22/'3.2 Emission predictors'!H$31*POWER(10,6),"") -> 0.032844651 | I64: =IFERROR('3.1 Emission data'!I22/'3.2 Emission predictors'!I$31*POWER(10,6),"") -> 0.087385783 | J64: =IFERROR('3.1 Emission data'!J22/'3.2 Emission predictors'!J$31*POWER(10,6),"") -> 0 | K64: =IFERROR('3.1 Emission data'!K22/'3.2 Emission predictors'!K$31*POWER(10,6),"") -> 0.21095277 | L64: =IFERROR('3.1 Emission data'!L22/'3.2 Emission predictors'!L$31*POWER(10,6),"") -> 0.024460255 | ... BH64: =IFERROR('3.1 Emission data'!BH22/'3.2 Emission predictors'!BH$31*POWER(10,6),"") -> 1.9148412
D65: Business travel | E65: =IFERROR('3.1 Emission data'!E23/'3.2 Emission predictors'!E$31*POWER(10,6),"") -> 5.1516322 | F65: =IFERROR('3.1 Emission data'!F23/'3.2 Emission predictors'!F$31*POWER(10,6),"") -> 3.045004 | G65: =IFERROR('3.1 Emission data'!G23/'3.2 Emission predictors'!G$31*POWER(10,6),"") -> 6.9709624 | H65: =IFERROR('3.1 Emission data'!H23/'3.2 Emission predictors'!H$31*POWER(10,6),"") -> 8.3122397 | I65: =IFERROR('3.1 Emission data'!I23/'3.2 Emission predictors'!I$31*POWER(10,6),"") -> 14.518491 | J65: =IFERROR('3.1 Emission data'!J23/'3.2 Emission predictors'!J$31*POWER(10,6),"") -> 14.1942 | K65: =IFERROR('3.1 Emission data'!K23/'3.2 Emission predictors'!K$31*POWER(10,6),"") -> 9.3008372 | L65: =IFERROR('3.1 Emission data'!L23/'3.2 Emission predictors'!L$31*POWER(10,6),"") -> 10.379516 | ... BH65: =IFERROR('3.1 Emission data'!BH23/'3.2 Emission predictors'!BH$31*POWER(10,6),"") -> 5.2040705
D66: Employee commuting | E66: =IFERROR('3.1 Emission data'!E24/'3.2 Emission predictors'!E$10,"") -> 2.519084 | F66: =IFERROR('3.1 Emission data'!F24/'3.2 Emission predictors'!F$10,"") -> 1.6821353 | G66: =IFERROR('3.1 Emission data'!G24/'3.2 Emission predictors'!G$10,"") -> 0.3502567 | H66: =IFERROR('3.1 Emission data'!H24/'3.2 Emission predictors'!H$10,"") -> 0.0005083478 | I66: =IFERROR('3.1 Emission data'!I24/'3.2 Emission predictors'!I$10,"") -> 0.49348173 | J66: =IFERROR('3.1 Emission data'!J24/'3.2 Emission predictors'!J$10,"") -> 0 | K66: =IFERROR('3.1 Emission data'!K24/'3.2 Emission predictors'!K$10,"") -> 0.65999505 | L66: =IFERROR('3.1 Emission data'!L24/'3.2 Emission predictors'!L$10,"") -> 0.74285714 | ... BH66: =IFERROR('3.1 Emission data'!BH24/'3.2 Emission predictors'!BH$10,"") -> 0
D67: Upstream leased assets | E67: =IFERROR('3.1 Emission data'!E25/'3.2 Emission predictors'!E$31*POWER(10,6),"") -> 0 | F67: =IFERROR('3.1 Emission data'!F25/'3.2 Emission predictors'!F$31*POWER(10,6),"") -> 0 | G67: =IFERROR('3.1 Emission data'!G25/'3.2 Emission predictors'!G$31*POWER(10,6),"") -> 0 | H67: =IFERROR('3.1 Emission data'!H25/'3.2 Emission predictors'!H$31*POWER(10,6),"") -> 0 | I67: =IFERROR('3.1 Emission data'!I25/'3.2 Emission predictors'!I$31*POWER(10,6),"") -> 0 | J67: =IFERROR('3.1 Emission data'!J25/'3.2 Emission predictors'!J$31*POWER(10,6),"") -> 0 | K67: =IFERROR('3.1 Emission data'!K25/'3.2 Emission predictors'!K$31*POWER(10,6),"") -> 0 | L67: =IFERROR('3.1 Emission data'!L25/'3.2 Emission predictors'!L$31*POWER(10,6),"") -> 10.225835 | ... BH67: =IFERROR('3.1 Emission data'!BH25/'3.2 Emission predictors'!BH$31*POWER(10,6),"") -> 0
D68: Other (upstream) | E68: =IFERROR('3.1 Emission data'!E26/'3.2 Emission predictors'!E$31*POWER(10,6),"") -> 0 | F68: =IFERROR('3.1 Emission data'!F26/'3.2 Emission predictors'!F$31*POWER(10,6),"") | G68: =IFERROR('3.1 Emission data'!G26/'3.2 Emission predictors'!G$31*POWER(10,6),"") -> 0 | H68: =IFERROR('3.1 Emission data'!H26/'3.2 Emission predictors'!H$31*POWER(10,6),"") -> 0 | I68: =IFERROR('3.1 Emission data'!I26/'3.2 Emission predictors'!I$31*POWER(10,6),"") -> 2.5802838 | J68: =IFERROR('3.1 Emission data'!J26/'3.2 Emission predictors'!J$31*POWER(10,6),"") -> 0 | K68: =IFERROR('3.1 Emission data'!K26/'3.2 Emission predictors'!K$31*POWER(10,6),"") -> 0 | L68: =IFERROR('3.1 Emission data'!L26/'3.2 Emission predictors'!L$31*POWER(10,6),"") -> 0 | ... BH68: =IFERROR('3.1 Emission data'!BH26/'3.2 Emission predictors'!BH$31*POWER(10,6),"") -> 0
C69: Downstream | D69: Downstream transportation and distribution | E69: =IFERROR('3.1 Emission data'!E27/'3.2 Emission predictors'!E$12*POWER(10,6),"") -> 0.84602369 | F69: =IFERROR('3.1 Emission data'!F27/'3.2 Emission predictors'!F$12*POWER(10,6),"") -> 1.7335766 | G69: =IFERROR('3.1 Emission data'!G27/'3.2 Emission predictors'!G$12*POWER(10,6),"") -> 0 | H69: =IFERROR('3.1 Emission data'!H27/'3.2 Emission predictors'!H$12*POWER(10,6),"") -> 0.95641414 | I69: =IFERROR('3.1 Emission data'!I27/'3.2 Emission predictors'!I$12*POWER(10,6),"") -> 0.37584192 | J69: =IFERROR('3.1 Emission data'!J27/'3.2 Emission predictors'!J$12*POWER(10,6),"") -> 0 | K69: =IFERROR('3.1 Emission data'!K27/'3.2 Emission predictors'!K$12*POWER(10,6),"") -> 0 | L69: =IFERROR('3.1 Emission data'!L27/'3.2 Emission predictors'!L$12*POWER(10,6),"") -> 0 | ... BH69: =IFERROR('3.1 Emission data'!BH27/'3.2 Emission predictors'!BH$12*POWER(10,6),"") -> 2.9543579
D70: Processing of sold products | E70: =IFERROR('3.1 Emission data'!E28/'3.2 Emission predictors'!E$12*POWER(10,6),"") -> 0 | F70: =IFERROR('3.1 Emission data'!F28/'3.2 Emission predictors'!F$12*POWER(10,6),"") -> 0 | G70: =IFERROR('3.1 Emission data'!G28/'3.2 Emission predictors'!G$12*POWER(10,6),"") -> 0 | H70: =IFERROR('3.1 Emission data'!H28/'3.2 Emission predictors'!H$12*POWER(10,6),"") -> 0 | I70: =IFERROR('3.1 Emission data'!I28/'3.2 Emission predictors'!I$12*POWER(10,6),"") -> 0 | J70: =IFERROR('3.1 Emission data'!J28/'3.2 Emission predictors'!J$12*POWER(10,6),"") -> 0 | K70: =IFERROR('3.1 Emission data'!K28/'3.2 Emission predictors'!K$12*POWER(10,6),"") -> 0 | L70: =IFERROR('3.1 Emission data'!L28/'3.2 Emission predictors'!L$12*POWER(10,6),"") -> 0 | ... BH70: =IFERROR('3.1 Emission data'!BH28/'3.2 Emission predictors'!BH$12*POWER(10,6),"") -> 0
